Workbook
Name Compromisso: #N/A
Name fer: [1]Feriados!$B$2:$B$944
Name TaxRateIn: #N/A

Sheet MASTERPLAN

Sheet MANAGEMENT
B2: GRUPO SIRENA — CONSOLIDATED MANAGEMENT VIEW OF THE GRAMADO MASTERPLAN
B3: Annual cash flow of each project, pulled from the tabs by the year header (dates always aligned). Consolidates automatically by stage and by segment according to columns D, E and F. IRR shown = the higher of with and without perpetuity. Values in R$ thousand.
B5: MANAGEMENT ASSUMPTIONS
C6: NPV discount rate (% p.a.) | H6: 0.09
C7: Stages: 1 = 2027–28 (Club Med opening) · 2 = 2029–30 · 3 = 2031–33. Change the segment, stage or inclusion (Y/N) of any project and the consolidated figures adjust.
C8: Land — parcel price (R$ thousand, paid in 2026) | H8: 85000
C9: Land — commission and acquisition costs (R$ thousand, 2026) | H9: 15000
B10: Project | C10: IRR % | D10: Multiple (MOIC) | E10: Peak exposure (R$ thousand) | F10: Segment | G10: Stage | H10: Include (Y/N) | I10: 1st year | J10: 2026 | K10: =J10+1 -> 2027 | L10: =K10+1 -> 2028 | M10: =L10+1 -> 2029 | N10: =M10+1 -> 2030 | O10: =N10+1 -> 2031 | P10: =O10+1 -> 2032 | Q10: =P10+1 -> 2033 | R10: =Q10+1 -> 2034 | ... AC10: =AB10+1 -> 2045 | AD10: Perp. | AE10: Scenario / structure
B11: CASH FLOW BY PROJECT
B12: Land | C12: ="-" -> - | D12: - | E12: =-MIN(0,J12) -> 100000 | F12: Land | G12: 1 | H12: Y | I12: {=IFERROR(INDEX($J$10:$AC$10,MATCH(TRUE,INDEX(J12:AC12<>0,0),0)),"-")} -> 2026 | J12: =-($H$8+$H$9) -> -100000 | K12: 0 | L12: 0 | M12: 0 | N12: 0 | O12: 0 | P12: 0 | Q12: 0 | R12: 0 | S12: 0 | T12: 0 | U12: 0 | V12: 0 | W12: 0 | X12: 0 | Y12: 0 | Z12: 0 | AA12: 0 | AB12: 0 | AC12: 0 | AD12: 0 | AE12: ="R$ "&TEXT($H$8/1000,"0")&" MM land + R$ "&TEXT($H$9/1000,"0")&" MM commission and costs" -> R$ 85 MM terreno + R$ 15 MM comissão e custos
B13: Club Med Gramado | C13: =IF(AND(ISERROR(IRR($J13:$AC13)),ISERROR(IRR($J13:$AD13))),"n/a",MAX(IFERROR(IRR($J13:$AC13),-99),IFERROR(IRR($J13:$AD13),-99))) -> 0.083607277 | D13: =K70 -> 1.6284578 | E13: =H70 -> 222379.02 | F13: Hospitality | G13: 1 | H13: Y | I13: {=IFERROR(INDEX($J$10:$AC$10,MATCH(TRUE,INDEX(J13:AC13<>0,0),0)),"-")} -> 2026 | J13: {=SUMPRODUCT(('CLUB MED'!$G$6:$Z$6=J$10)*'CLUB MED'!$G$112:$Z$112)} -> -84496.68 | K13: {=SUMPRODUCT(('CLUB MED'!$G$6:$Z$6=K$10)*'CLUB MED'!$G$112:$Z$112)} -> -137882.34 | L13: {=SUMPRODUCT(('CLUB MED'!$G$6:$Z$6=L$10)*'CLUB MED'!$G$112:$Z$112)} -> 15400.898 | M13: {=SUMPRODUCT(('CLUB MED'!$G$6:$Z$6=M$10)*'CLUB MED'!$G$112:$Z$112)} -> 5095.6302 | N13: {=SUMPRODUCT(('CLUB MED'!$G$6:$Z$6=N$10)*'CLUB MED'!$G$112:$Z$112)} -> 1340.3614 | O13: {=SUMPRODUCT(('CLUB MED'!$G$6:$Z$6=O$10)*'CLUB MED'!$G$112:$Z$112)} -> 11237.429 | P13: {=SUMPRODUCT(('CLUB MED'!$G$6:$Z$6=P$10)*'CLUB MED'!$G$112:$Z$112)} -> 11952.796 | Q13: {=SUMPRODUCT(('CLUB MED'!$G$6:$Z$6=Q$10)*'CLUB MED'!$G$112:$Z$112)} -> 13920.213 | ... AC13: {=SUMPRODUCT(('CLUB MED'!$G$6:$Z$6=AC$10)*'CLUB MED'!$G$112:$Z$112)} -> 37143.15 | AD13: ='CLUB MED'!AA112 -> 371431.5 | AE13: Levered · with perpetuity
B14: Club Med Villas (26 houses) | C14: =IF(AND(ISERROR(IRR($J14:$AC14)),ISERROR(IRR($J14:$AD14))),"n/a",MAX(IFERROR(IRR($J14:$AC14),-99),IFERROR(IRR($J14:$AD14),-99))) -> 0.9146015 | D14: =K71 -> 3.1606871 | E14: =H71 -> 17488.541 | F14: Real Estate | G14: 1 | H14: Y | I14: {=IFERROR(INDEX($J$10:$AC$10,MATCH(TRUE,INDEX(J14:AC14<>0,0),0)),"-")} -> 2026 | J14: {=SUMPRODUCT((VILLAS!$I$111:$AB$111=J$10)*VILLAS!$I$115:$AB$115)} -> -1200 | K14: {=SUMPRODUCT((VILLAS!$I$111:$AB$111=K$10)*VILLAS!$I$115:$AB$115)} -> -16288.541 | L14: {=SUMPRODUCT((VILLAS!$I$111:$AB$111=L$10)*VILLAS!$I$115:$AB$115)} -> 14055.415 | M14: {=SUMPRODUCT((VILLAS!$I$111:$AB$111=M$10)*VILLAS!$I$115:$AB$115)} -> 41220.39 | N14: {=SUMPRODUCT((VILLAS!$I$111:$AB$111=N$10)*VILLAS!$I$115:$AB$115)} -> 0 | O14: {=SUMPRODUCT((VILLAS!$I$111:$AB$111=O$10)*VILLAS!$I$115:$AB$115)} -> 0 | P14: {=SUMPRODUCT((VILLAS!$I$111:$AB$111=P$10)*VILLAS!$I$115:$AB$115)} -> 0 | Q14: {=SUMPRODUCT((VILLAS!$I$111:$AB$111=Q$10)*VILLAS!$I$115:$AB$115)} -> 0 | ... AC14: {=SUMPRODUCT((VILLAS!$I$111:$AB$111=AC$10)*VILLAS!$I$115:$AB$115)} -> 0 | AD14: =VILLAS!AC115 -> 0 | AE14: =VILLAS!$D$62 -> Sem alavancagem
B15: Mini Mall | C15: =IF(AND(ISERROR(IRR($J15:$AC15)),ISERROR(IRR($J15:$AD15))),"n/a",MAX(IFERROR(IRR($J15:$AC15),-99),IFERROR(IRR($J15:$AD15),-99))) -> 0.18020843 | D15: =K72 -> 1.5862508 | E15: =H72 -> 21767.2 | F15: Income | G15: 1 | H15: Y | I15: {=IFERROR(INDEX($J$10:$AC$10,MATCH(TRUE,INDEX(J15:AC15<>0,0),0)),"-")} -> 2027 | J15: {=SUMPRODUCT(('MINI MALL'!$G$6:$Z$6=J$10)*'MINI MALL'!$G$132:$Z$132)} -> 0 | K15: {=SUMPRODUCT(('MINI MALL'!$G$6:$Z$6=K$10)*'MINI MALL'!$G$132:$Z$132)} -> -21767.2 | L15: {=SUMPRODUCT(('MINI MALL'!$G$6:$Z$6=L$10)*'MINI MALL'!$G$132:$Z$132)} -> 2226.3059 | M15: {=SUMPRODUCT(('MINI MALL'!$G$6:$Z$6=M$10)*'MINI MALL'!$G$132:$Z$132)} -> 2109.9153 | N15: {=SUMPRODUCT(('MINI MALL'!$G$6:$Z$6=N$10)*'MINI MALL'!$G$132:$Z$132)} -> 30192.018 | O15: {=SUMPRODUCT(('MINI MALL'!$G$6:$Z$6=O$10)*'MINI MALL'!$G$132:$Z$132)} -> 0 | P15: {=SUMPRODUCT(('MINI MALL'!$G$6:$Z$6=P$10)*'MINI MALL'!$G$132:$Z$132)} -> 0 | Q15: {=SUMPRODUCT(('MINI MALL'!$G$6:$Z$6=Q$10)*'MINI MALL'!$G$132:$Z$132)} -> 0 | ... AC15: {=SUMPRODUCT(('MINI MALL'!$G$6:$Z$6=AC$10)*'MINI MALL'!$G$132:$Z$132)} -> 0 | AD15: ='MINI MALL'!AA132 -> 0 | AE15: Sale to an investor in 2030 (3 years of operation) · without perpetuity
B16: WDC Weddings | C16: =IF(AND(ISERROR(IRR($J16:$AC16)),ISERROR(IRR($J16:$AD16))),"n/a",MAX(IFERROR(IRR($J16:$AC16),-99),IFERROR(IRR($J16:$AD16),-99))) -> 0.32136766 | D16: =K73 -> 7.5832588 | E16: =H73 -> 16640 | F16: Events | G16: 1 | H16: Y | I16: {=IFERROR(INDEX($J$10:$AC$10,MATCH(TRUE,INDEX(J16:AC16<>0,0),0)),"-")} -> 2027 | J16: {=SUMPRODUCT(('WDC WEDDINGS'!$G$6:$Z$6=J$10)*'WDC WEDDINGS'!$G$36:$Z$36)} -> 0 | K16: {=SUMPRODUCT(('WDC WEDDINGS'!$G$6:$Z$6=K$10)*'WDC WEDDINGS'!$G$36:$Z$36)} -> -16640 | L16: {=SUMPRODUCT(('WDC WEDDINGS'!$G$6:$Z$6=L$10)*'WDC WEDDINGS'!$G$36:$Z$36)} -> 2659.9525 | M16: {=SUMPRODUCT(('WDC WEDDINGS'!$G$6:$Z$6=M$10)*'WDC WEDDINGS'!$G$36:$Z$36)} -> 3978.2646 | N16: {=SUMPRODUCT(('WDC WEDDINGS'!$G$6:$Z$6=N$10)*'WDC WEDDINGS'!$G$36:$Z$36)} -> 4995.8037 | O16: {=SUMPRODUCT(('WDC WEDDINGS'!$G$6:$Z$6=O$10)*'WDC WEDDINGS'!$G$36:$Z$36)} -> 6282.9377 | P16: {=SUMPRODUCT(('WDC WEDDINGS'!$G$6:$Z$6=P$10)*'WDC WEDDINGS'!$G$36:$Z$36)} -> 7733.462 | Q16: {=SUMPRODUCT(('WDC WEDDINGS'!$G$6:$Z$6=Q$10)*'WDC WEDDINGS'!$G$36:$Z$36)} -> 7733.462 | ... AC16: {=SUMPRODUCT(('WDC WEDDINGS'!$G$6:$Z$6=AC$10)*'WDC WEDDINGS'!$G$36:$Z$36)} -> 7733.462 | AD16: ='WDC WEDDINGS'!AA36 -> 77334.62 | AE16: Unlevered · with perpetuity
B17: Ski Gramado — all-season complex | C17: =IF(AND(ISERROR(IRR($J17:$AC17)),ISERROR(IRR($J17:$AD17))),"n/a",MAX(IFERROR(IRR($J17:$AC17),-99),IFERROR(IRR($J17:$AD17),-99))) -> 0.18005339 | D17: =K74 -> 3.2977282 | E17: =H74 -> 133277.71 | F17: Entertainment | G17: 1 | H17: Y | I17: {=IFERROR(INDEX($J$10:$AC$10,MATCH(TRUE,INDEX(J17:AC17<>0,0),0)),"-")} -> 2028 | J17: {=SUMPRODUCT(('SKI GRAMADO'!$G$6:$Z$6=J$10)*'SKI GRAMADO'!$G$132:$Z$132)} -> 0 | K17: {=SUMPRODUCT(('SKI GRAMADO'!$G$6:$Z$6=K$10)*'SKI GRAMADO'!$G$132:$Z$132)} -> 0 | L17: {=SUMPRODUCT(('SKI GRAMADO'!$G$6:$Z$6=L$10)*'SKI GRAMADO'!$G$132:$Z$132)} -> -54400 | M17: {=SUMPRODUCT(('SKI GRAMADO'!$G$6:$Z$6=M$10)*'SKI GRAMADO'!$G$132:$Z$132)} -> -78877.708 | N17: {=SUMPRODUCT(('SKI GRAMADO'!$G$6:$Z$6=N$10)*'SKI GRAMADO'!$G$132:$Z$132)} -> 18012.613 | O17: {=SUMPRODUCT(('SKI GRAMADO'!$G$6:$Z$6=O$10)*'SKI GRAMADO'!$G$132:$Z$132)} -> 19057.609 | P17: {=SUMPRODUCT(('SKI GRAMADO'!$G$6:$Z$6=P$10)*'SKI GRAMADO'!$G$132:$Z$132)} -> 20143.598 | Q17: {=SUMPRODUCT(('SKI GRAMADO'!$G$6:$Z$6=Q$10)*'SKI GRAMADO'!$G$132:$Z$132)} -> 21272.07 | ... AC17: {=SUMPRODUCT(('SKI GRAMADO'!$G$6:$Z$6=AC$10)*'SKI GRAMADO'!$G$132:$Z$132)} -> 38747.34 | AD17: ='SKI GRAMADO'!AA132 -> 387473.4 | AE17: Levered (equity) · with perpetuity
B18: REAL ESTATE — MASTERPLAN PHASES
B19: Phase 01 — Land Lots | C19: =IF(AND(ISERROR(IRR($J19:$AC19)),ISERROR(IRR($J19:$AD19))),"n/a",MAX(IFERROR(IRR($J19:$AC19),-99),IFERROR(IRR($J19:$AD19),-99))) -> 0.50684125 | D19: =K75 -> 2.6486602 | E19: =H75 -> 34671.133 | F19: Real Estate | G19: 1 | H19: Y | I19: {=IFERROR(INDEX($J$10:$AC$10,MATCH(TRUE,INDEX(J19:AC19<>0,0),0)),"-")} -> 2027 | J19: {=SUMPRODUCT(('LAND LOTS'!$I$223:$AB$223=J$10)*'LAND LOTS'!$I$224:$AB$224)} -> 0 | K19: {=SUMPRODUCT(('LAND LOTS'!$I$223:$AB$223=K$10)*'LAND LOTS'!$I$224:$AB$224)} -> -1462.05 | L19: {=SUMPRODUCT(('LAND LOTS'!$I$223:$AB$223=L$10)*'LAND LOTS'!$I$224:$AB$224)} -> -7783.9706 | M19: {=SUMPRODUCT(('LAND LOTS'!$I$223:$AB$223=M$10)*'LAND LOTS'!$I$224:$AB$224)} -> -25425.113 | N19: {=SUMPRODUCT(('LAND LOTS'!$I$223:$AB$223=N$10)*'LAND LOTS'!$I$224:$AB$224)} -> 132.26937 | O19: {=SUMPRODUCT(('LAND LOTS'!$I$223:$AB$223=O$10)*'LAND LOTS'!$I$224:$AB$224)} -> 91699.782 | P19: {=SUMPRODUCT(('LAND LOTS'!$I$223:$AB$223=P$10)*'LAND LOTS'!$I$224:$AB$224)} -> 0 | Q19: {=SUMPRODUCT(('LAND LOTS'!$I$223:$AB$223=Q$10)*'LAND LOTS'!$I$224:$AB$224)} -> 0 | ... AC19: {=SUMPRODUCT(('LAND LOTS'!$I$223:$AB$223=AC$10)*'LAND LOTS'!$I$224:$AB$224)} -> 0 | AD19: ='LAND LOTS'!AC224 -> 0 | AE19: ='LAND LOTS'!$D$14 -> Com alavancagem
B20: Phase 01 — Surf Village | C20: =IF(AND(ISERROR(IRR($J20:$AC20)),ISERROR(IRR($J20:$AD20))),"n/a",MAX(IFERROR(IRR($J20:$AC20),-99),IFERROR(IRR($J20:$AD20),-99))) -> 0.42088158 | D20: =K76 -> 2.3823814 | E20: =H76 -> 43858.156 | F20: Real Estate | G20: 1 | H20: Y | I20: {=IFERROR(INDEX($J$10:$AC$10,MATCH(TRUE,INDEX(J20:AC20<>0,0),0)),"-")} -> 2027 | J20: {=SUMPRODUCT(('VERTICAL APTS'!$I$223:$AB$223=J$10)*'VERTICAL APTS'!$I$224:$AB$224)} -> 0 | K20: {=SUMPRODUCT(('VERTICAL APTS'!$I$223:$AB$223=K$10)*'VERTICAL APTS'!$I$224:$AB$224)} -> -3018.0267 | L20: {=SUMPRODUCT(('VERTICAL APTS'!$I$223:$AB$223=L$10)*'VERTICAL APTS'!$I$224:$AB$224)} -> -4854.9729 | M20: {=SUMPRODUCT(('VERTICAL APTS'!$I$223:$AB$223=M$10)*'VERTICAL APTS'!$I$224:$AB$224)} -> -35985.156 | N20: {=SUMPRODUCT(('VERTICAL APTS'!$I$223:$AB$223=N$10)*'VERTICAL APTS'!$I$224:$AB$224)} -> 17557.637 | O20: {=SUMPRODUCT(('VERTICAL APTS'!$I$223:$AB$223=O$10)*'VERTICAL APTS'!$I$224:$AB$224)} -> 43050.271 | P20: {=SUMPRODUCT(('VERTICAL APTS'!$I$223:$AB$223=P$10)*'VERTICAL APTS'!$I$224:$AB$224)} -> 43878.945 | Q20: {=SUMPRODUCT(('VERTICAL APTS'!$I$223:$AB$223=Q$10)*'VERTICAL APTS'!$I$224:$AB$224)} -> 0 | ... AC20: {=SUMPRODUCT(('VERTICAL APTS'!$I$223:$AB$223=AC$10)*'VERTICAL APTS'!$I$224:$AB$224)} -> 0 | AD20: ='VERTICAL APTS'!AC224 -> 0 | AE20: ='VERTICAL APTS'!$D$14 -> Com alavancagem
B21: Phase 02 — Land Lots | C21: =IF(AND(ISERROR(IRR($J21:$AC21)),ISERROR(IRR($J21:$AD21))),"n/a",MAX(IFERROR(IRR($J21:$AC21),-99),IFERROR(IRR($J21:$AD21),-99))) -> 0.72349056 | D21: =K77 -> 3.6483859 | E21: =H77 -> 69529.344 | F21: Real Estate | G21: 2 | H21: Y | I21: {=IFERROR(INDEX($J$10:$AC$10,MATCH(TRUE,INDEX(J21:AC21<>0,0),0)),"-")} -> 2029 | J21: {=SUMPRODUCT(('LAND LOTS'!$I$223:$AB$223=J$10)*'LAND LOTS'!$I$225:$AB$225)} -> 0 | K21: {=SUMPRODUCT(('LAND LOTS'!$I$223:$AB$223=K$10)*'LAND LOTS'!$I$225:$AB$225)} -> 0 | L21: {=SUMPRODUCT(('LAND LOTS'!$I$223:$AB$223=L$10)*'LAND LOTS'!$I$225:$AB$225)} -> 0 | M21: {=SUMPRODUCT(('LAND LOTS'!$I$223:$AB$223=M$10)*'LAND LOTS'!$I$225:$AB$225)} -> -3667.59 | N21: {=SUMPRODUCT(('LAND LOTS'!$I$223:$AB$223=N$10)*'LAND LOTS'!$I$225:$AB$225)} -> -14525.062 | O21: {=SUMPRODUCT(('LAND LOTS'!$I$223:$AB$223=O$10)*'LAND LOTS'!$I$225:$AB$225)} -> -51336.692 | P21: {=SUMPRODUCT(('LAND LOTS'!$I$223:$AB$223=P$10)*'LAND LOTS'!$I$225:$AB$225)} -> 7661.6685 | Q21: {=SUMPRODUCT(('LAND LOTS'!$I$223:$AB$223=Q$10)*'LAND LOTS'!$I$225:$AB$225)} -> 246008.21 | ... AC21: {=SUMPRODUCT(('LAND LOTS'!$I$223:$AB$223=AC$10)*'LAND LOTS'!$I$225:$AB$225)} -> 0 | AD21: ='LAND LOTS'!AC225 -> 0 | AE21: ='LAND LOTS'!$D$14 -> Com alavancagem
B22: Phase 02 — Surf Village | C22: =IF(AND(ISERROR(IRR($J22:$AC22)),ISERROR(IRR($J22:$AD22))),"n/a",MAX(IFERROR(IRR($J22:$AC22),-99),IFERROR(IRR($J22:$AD22),-99))) -> 0.48222734 | D22: =K78 -> 2.6641291 | E22: =H78 -> 47164.827 | F22: Real Estate | G22: 2 | H22: Y | I22: {=IFERROR(INDEX($J$10:$AC$10,MATCH(TRUE,INDEX(J22:AC22<>0,0),0)),"-")} -> 2029 | J22: {=SUMPRODUCT(('VERTICAL APTS'!$I$223:$AB$223=J$10)*'VERTICAL APTS'!$I$225:$AB$225)} -> 0 | K22: {=SUMPRODUCT(('VERTICAL APTS'!$I$223:$AB$223=K$10)*'VERTICAL APTS'!$I$225:$AB$225)} -> 0 | L22: {=SUMPRODUCT(('VERTICAL APTS'!$I$223:$AB$223=L$10)*'VERTICAL APTS'!$I$225:$AB$225)} -> 0 | M22: {=SUMPRODUCT(('VERTICAL APTS'!$I$223:$AB$223=M$10)*'VERTICAL APTS'!$I$225:$AB$225)} -> -3365.9827 | N22: {=SUMPRODUCT(('VERTICAL APTS'!$I$223:$AB$223=N$10)*'VERTICAL APTS'!$I$225:$AB$225)} -> -4968.2661 | O22: {=SUMPRODUCT(('VERTICAL APTS'!$I$223:$AB$223=O$10)*'VERTICAL APTS'!$I$225:$AB$225)} -> -38830.579 | P22: {=SUMPRODUCT(('VERTICAL APTS'!$I$223:$AB$223=P$10)*'VERTICAL APTS'!$I$225:$AB$225)} -> 20668.403 | Q22: {=SUMPRODUCT(('VERTICAL APTS'!$I$223:$AB$223=Q$10)*'VERTICAL APTS'!$I$225:$AB$225)} -> 50016.019 | ... AC22: {=SUMPRODUCT(('VERTICAL APTS'!$I$223:$AB$223=AC$10)*'VERTICAL APTS'!$I$225:$AB$225)} -> 0 | AD22: ='VERTICAL APTS'!AC225 -> 0 | AE22: ='VERTICAL APTS'!$D$14 -> Com alavancagem
B23: Phase 03 — Land Lots | C23: =IF(AND(ISERROR(IRR($J23:$AC23)),ISERROR(IRR($J23:$AD23))),"n/a",MAX(IFERROR(IRR($J23:$AC23),-99),IFERROR(IRR($J23:$AD23),-99))) -> 0.39985938 | D23: =K79 -> 2.1492051 | E23: =H79 -> 96763.666 | F23: Real Estate | G23: 3 | H23: Y | I23: {=IFERROR(INDEX($J$10:$AC$10,MATCH(TRUE,INDEX(J23:AC23<>0,0),0)),"-")} -> 2031 | J23: {=SUMPRODUCT(('LAND LOTS'!$I$223:$AB$223=J$10)*'LAND LOTS'!$I$226:$AB$226)} -> 0 | K23: {=SUMPRODUCT(('LAND LOTS'!$I$223:$AB$223=K$10)*'LAND LOTS'!$I$226:$AB$226)} -> 0 | L23: {=SUMPRODUCT(('LAND LOTS'!$I$223:$AB$223=L$10)*'LAND LOTS'!$I$226:$AB$226)} -> 0 | M23: {=SUMPRODUCT(('LAND LOTS'!$I$223:$AB$223=M$10)*'LAND LOTS'!$I$226:$AB$226)} -> 0 | N23: {=SUMPRODUCT(('LAND LOTS'!$I$223:$AB$223=N$10)*'LAND LOTS'!$I$226:$AB$226)} -> 0 | O23: {=SUMPRODUCT(('LAND LOTS'!$I$223:$AB$223=O$10)*'LAND LOTS'!$I$226:$AB$226)} -> -3480.891 | P23: {=SUMPRODUCT(('LAND LOTS'!$I$223:$AB$223=P$10)*'LAND LOTS'!$I$226:$AB$226)} -> -18662.038 | Q23: {=SUMPRODUCT(('LAND LOTS'!$I$223:$AB$223=Q$10)*'LAND LOTS'!$I$226:$AB$226)} -> -69578.586 | ... AC23: {=SUMPRODUCT(('LAND LOTS'!$I$223:$AB$223=AC$10)*'LAND LOTS'!$I$226:$AB$226)} -> 0 | AD23: ='LAND LOTS'!AC226 -> 0 | AE23: ='LAND LOTS'!$D$14 -> Com alavancagem
B24: Phase 03 — Surf Village | C24: =IF(AND(ISERROR(IRR($J24:$AC24)),ISERROR(IRR($J24:$AD24))),"n/a",MAX(IFERROR(IRR($J24:$AC24),-99),IFERROR(IRR($J24:$AD24),-99))) -> 0.54377921 | D24: =K80 -> 2.9700166 | E24: =H80 -> 50086.628 | F24: Real Estate | G24: 3 | H24: Y | I24: {=IFERROR(INDEX($J$10:$AC$10,MATCH(TRUE,INDEX(J24:AC24<>0,0),0)),"-")} -> 2031 | J24: {=SUMPRODUCT(('VERTICAL APTS'!$I$223:$AB$223=J$10)*'VERTICAL APTS'!$I$226:$AB$226)} -> 0 | K24: {=SUMPRODUCT(('VERTICAL APTS'!$I$223:$AB$223=K$10)*'VERTICAL APTS'!$I$226:$AB$226)} -> 0 | L24: {=SUMPRODUCT(('VERTICAL APTS'!$I$223:$AB$223=L$10)*'VERTICAL APTS'!$I$226:$AB$226)} -> 0 | M24: {=SUMPRODUCT(('VERTICAL APTS'!$I$223:$AB$223=M$10)*'VERTICAL APTS'!$I$226:$AB$226)} -> 0 | N24: {=SUMPRODUCT(('VERTICAL APTS'!$I$223:$AB$223=N$10)*'VERTICAL APTS'!$I$226:$AB$226)} -> 0 | O24: {=SUMPRODUCT(('VERTICAL APTS'!$I$223:$AB$223=O$10)*'VERTICAL APTS'!$I$226:$AB$226)} -> -3711.9868 | P24: {=SUMPRODUCT(('VERTICAL APTS'!$I$223:$AB$223=P$10)*'VERTICAL APTS'!$I$226:$AB$226)} -> -4983.2 | Q24: {=SUMPRODUCT(('VERTICAL APTS'!$I$223:$AB$223=Q$10)*'VERTICAL APTS'!$I$226:$AB$226)} -> -41391.442 | ... AC24: {=SUMPRODUCT(('VERTICAL APTS'!$I$223:$AB$223=AC$10)*'VERTICAL APTS'!$I$226:$AB$226)} -> 0 | AD24: ='VERTICAL APTS'!AC226 -> 0 | AE24: ='VERTICAL APTS'!$D$14 -> Com alavancagem
B25: INCOME AND EVENTS — STAGE 2
B26: Senior Living | C26: =IF(AND(ISERROR(IRR($J26:$AC26)),ISERROR(IRR($J26:$AD26))),"n/a",MAX(IFERROR(IRR($J26:$AC26),-99),IFERROR(IRR($J26:$AD26),-99))) -> 0.18080179 | D26: =K81 -> 1.2661982 | E26: =H81 -> 30218.01 | F26: Income | G26: 2 | H26: Y | I26: {=IFERROR(INDEX($J$10:$AC$10,MATCH(TRUE,INDEX(J26:AC26<>0,0),0)),"-")} -> 2029 | J26: {=SUMPRODUCT(('SENIOR LIVING'!$G$6:$Z$6=J$10)*'SENIOR LIVING'!$G$89:$Z$89)} -> 0 | K26: {=SUMPRODUCT(('SENIOR LIVING'!$G$6:$Z$6=K$10)*'SENIOR LIVING'!$G$89:$Z$89)} -> 0 | L26: {=SUMPRODUCT(('SENIOR LIVING'!$G$6:$Z$6=L$10)*'SENIOR LIVING'!$G$89:$Z$89)} -> 0 | M26: {=SUMPRODUCT(('SENIOR LIVING'!$G$6:$Z$6=M$10)*'SENIOR LIVING'!$G$89:$Z$89)} -> -12087.204 | N26: {=SUMPRODUCT(('SENIOR LIVING'!$G$6:$Z$6=N$10)*'SENIOR LIVING'!$G$89:$Z$89)} -> -18130.806 | O26: {=SUMPRODUCT(('SENIOR LIVING'!$G$6:$Z$6=O$10)*'SENIOR LIVING'!$G$89:$Z$89)} -> 38261.99 | P26: {=SUMPRODUCT(('SENIOR LIVING'!$G$6:$Z$6=P$10)*'SENIOR LIVING'!$G$89:$Z$89)} -> 0 | Q26: {=SUMPRODUCT(('SENIOR LIVING'!$G$6:$Z$6=Q$10)*'SENIOR LIVING'!$G$89:$Z$89)} -> 0 | ... AC26: {=SUMPRODUCT(('SENIOR LIVING'!$G$6:$Z$6=AC$10)*'SENIOR LIVING'!$G$89:$Z$89)} -> 0 | AD26: ='SENIOR LIVING'!AA89 -> 0 | AE26: ="Structure "&'SENIOR LIVING'!$E$4&" (Senior Living tab)" -> Estrutura 5 (aba Senior Living)
B27: Convention Center | C27: =IF(AND(ISERROR(IRR($J27:$AC27)),ISERROR(IRR($J27:$AD27))),"n/a",MAX(IFERROR(IRR($J27:$AC27),-99),IFERROR(IRR($J27:$AD27),-99))) -> 0.18084388 | D27: =K82 -> 1.2662632 | E27: =H82 -> 24787.5 | F27: Events | G27: 2 | H27: Y | I27: {=IFERROR(INDEX($J$10:$AC$10,MATCH(TRUE,INDEX(J27:AC27<>0,0),0)),"-")} -> 2029 | J27: {=SUMPRODUCT(('CONVENTION CENTER'!$G$6:$Z$6=J$10)*'CONVENTION CENTER'!$G$110:$Z$110)} -> 0 | K27: {=SUMPRODUCT(('CONVENTION CENTER'!$G$6:$Z$6=K$10)*'CONVENTION CENTER'!$G$110:$Z$110)} -> 0 | L27: {=SUMPRODUCT(('CONVENTION CENTER'!$G$6:$Z$6=L$10)*'CONVENTION CENTER'!$G$110:$Z$110)} -> 0 | M27: {=SUMPRODUCT(('CONVENTION CENTER'!$G$6:$Z$6=M$10)*'CONVENTION CENTER'!$G$110:$Z$110)} -> -9915 | N27: {=SUMPRODUCT(('CONVENTION CENTER'!$G$6:$Z$6=N$10)*'CONVENTION CENTER'!$G$110:$Z$110)} -> -14872.5 | O27: {=SUMPRODUCT(('CONVENTION CENTER'!$G$6:$Z$6=O$10)*'CONVENTION CENTER'!$G$110:$Z$110)} -> 31387.5 | P27: {=SUMPRODUCT(('CONVENTION CENTER'!$G$6:$Z$6=P$10)*'CONVENTION CENTER'!$G$110:$Z$110)} -> 0 | Q27: {=SUMPRODUCT(('CONVENTION CENTER'!$G$6:$Z$6=Q$10)*'CONVENTION CENTER'!$G$110:$Z$110)} -> 0 | ... AC27: {=SUMPRODUCT(('CONVENTION CENTER'!$G$6:$Z$6=AC$10)*'CONVENTION CENTER'!$G$110:$Z$110)} -> 0 | AD27: ='CONVENTION CENTER'!AA110 -> 0 | AE27: Grupo Sirena cash flow
B29: CONSOLIDATED BY STAGE
B30: Stage 1 — 2027–28 (Club Med opening) | C30: =IF(AND(ISERROR(IRR($J30:$AC30)),ISERROR(IRR($J30:$AD30))),"n/a",MAX(IFERROR(IRR($J30:$AC30),-99),IFERROR(IRR($J30:$AD30),-99))) -> 0.12084351 | D30: =K83 -> 2.2394829 | E30: =H83 -> 503334.98 | G30: 1 | I30: {=IFERROR(INDEX($J$10:$AC$10,MATCH(TRUE,INDEX(J30:AC30<>0,0),0)),"-")} -> 2026 | J30: =SUMIFS(J$12:J$27,$G$12:$G$27,$G30,$H$12:$H$27,"Y") -> -185696.68 | K30: =SUMIFS(K$12:K$27,$G$12:$G$27,$G30,$H$12:$H$27,"Y") -> -197058.15 | L30: =SUMIFS(L$12:L$27,$G$12:$G$27,$G30,$H$12:$H$27,"Y") -> -32696.371 | M30: =SUMIFS(M$12:M$27,$G$12:$G$27,$G30,$H$12:$H$27,"Y") -> -87883.777 | N30: =SUMIFS(N$12:N$27,$G$12:$G$27,$G30,$H$12:$H$27,"Y") -> 72230.703 | O30: =SUMIFS(O$12:O$27,$G$12:$G$27,$G30,$H$12:$H$27,"Y") -> 171328.03 | P30: =SUMIFS(P$12:P$27,$G$12:$G$27,$G30,$H$12:$H$27,"Y") -> 83708.801 | Q30: =SUMIFS(Q$12:Q$27,$G$12:$G$27,$G30,$H$12:$H$27,"Y") -> 42925.745 | ... AD30: =SUMIFS(AD$12:AD$27,$G$12:$G$27,$G30,$H$12:$H$27,"Y") -> 836239.52
B31: Stage 2 — 2029–30 | C31: =IF(AND(ISERROR(IRR($J31:$AC31)),ISERROR(IRR($J31:$AD31))),"n/a",MAX(IFERROR(IRR($J31:$AC31),-99),IFERROR(IRR($J31:$AD31),-99))) -> 0.50597987 | D31: =K84 -> 3.7170246 | E31: =H84 -> 102050.19 | G31: 2 | I31: {=IFERROR(INDEX($J$10:$AC$10,MATCH(TRUE,INDEX(J31:AC31<>0,0),0)),"-")} -> 2029 | J31: =SUMIFS(J$12:J$27,$G$12:$G$27,$G31,$H$12:$H$27,"Y") -> 0 | K31: =SUMIFS(K$12:K$27,$G$12:$G$27,$G31,$H$12:$H$27,"Y") -> 0 | L31: =SUMIFS(L$12:L$27,$G$12:$G$27,$G31,$H$12:$H$27,"Y") -> 0 | M31: =SUMIFS(M$12:M$27,$G$12:$G$27,$G31,$H$12:$H$27,"Y") -> -29035.777 | N31: =SUMIFS(N$12:N$27,$G$12:$G$27,$G31,$H$12:$H$27,"Y") -> -52496.634 | O31: =SUMIFS(O$12:O$27,$G$12:$G$27,$G31,$H$12:$H$27,"Y") -> -20517.78 | P31: =SUMIFS(P$12:P$27,$G$12:$G$27,$G31,$H$12:$H$27,"Y") -> 28330.071 | Q31: =SUMIFS(Q$12:Q$27,$G$12:$G$27,$G31,$H$12:$H$27,"Y") -> 296024.23 | ... AD31: =SUMIFS(AD$12:AD$27,$G$12:$G$27,$G31,$H$12:$H$27,"Y") -> 0
B32: Stage 3 — 2031–33 | C32: =IF(AND(ISERROR(IRR($J32:$AC32)),ISERROR(IRR($J32:$AD32))),"n/a",MAX(IFERROR(IRR($J32:$AC32),-99),IFERROR(IRR($J32:$AD32),-99))) -> 0.45365916 | D32: =K85 -> 2.4799769 | E32: =H85 -> 141808.14 | G32: 3 | I32: {=IFERROR(INDEX($J$10:$AC$10,MATCH(TRUE,INDEX(J32:AC32<>0,0),0)),"-")} -> 2031 | J32: =SUMIFS(J$12:J$27,$G$12:$G$27,$G32,$H$12:$H$27,"Y") -> 0 | K32: =SUMIFS(K$12:K$27,$G$12:$G$27,$G32,$H$12:$H$27,"Y") -> 0 | L32: =SUMIFS(L$12:L$27,$G$12:$G$27,$G32,$H$12:$H$27,"Y") -> 0 | M32: =SUMIFS(M$12:M$27,$G$12:$G$27,$G32,$H$12:$H$27,"Y") -> 0 | N32: =SUMIFS(N$12:N$27,$G$12:$G$27,$G32,$H$12:$H$27,"Y") -> 0 | O32: =SUMIFS(O$12:O$27,$G$12:$G$27,$G32,$H$12:$H$27,"Y") -> -7192.8778 | P32: =SUMIFS(P$12:P$27,$G$12:$G$27,$G32,$H$12:$H$27,"Y") -> -23645.238 | Q32: =SUMIFS(Q$12:Q$27,$G$12:$G$27,$G32,$H$12:$H$27,"Y") -> -110970.03 | ... AD32: =SUMIFS(AD$12:AD$27,$G$12:$G$27,$G32,$H$12:$H$27,"Y") -> 0
B33: TOTAL GRUPO SIRENA — MASTERPLAN | C33: =IF(AND(ISERROR(IRR($J33:$AC33)),ISERROR(IRR($J33:$AD33))),"n/a",MAX(IFERROR(IRR($J33:$AC33),-99),IFERROR(IRR($J33:$AD33),-99))) -> 0.15869764 | D33: =K86 -> 3.0869305 | E33: =H86 -> 532370.76 | I33: {=IFERROR(INDEX($J$10:$AC$10,MATCH(TRUE,INDEX(J33:AC33<>0,0),0)),"-")} -> 2026 | J33: =SUMIFS(J$12:J$27,$H$12:$H$27,"Y") -> -185696.68 | K33: =SUMIFS(K$12:K$27,$H$12:$H$27,"Y") -> -197058.15 | L33: =SUMIFS(L$12:L$27,$H$12:$H$27,"Y") -> -32696.371 | M33: =SUMIFS(M$12:M$27,$H$12:$H$27,"Y") -> -116919.55 | N33: =SUMIFS(N$12:N$27,$H$12:$H$27,"Y") -> 19734.069 | O33: =SUMIFS(O$12:O$27,$H$12:$H$27,"Y") -> 143617.37 | P33: =SUMIFS(P$12:P$27,$H$12:$H$27,"Y") -> 88393.634 | Q33: =SUMIFS(Q$12:Q$27,$H$12:$H$27,"Y") -> 227979.95 | ... AD33: =SUMIFS(AD$12:AD$27,$H$12:$H$27,"Y") -> 836239.52
B34: Check: sum of stages = total | I34: =IF(ABS(SUM(J30:AD32)-SUM(J33:AD33))<1,"OK","ERROR") -> OK
B36: CONSOLIDATED BY SEGMENT
B37: Hospitality | C37: =IF(AND(ISERROR(IRR($J37:$AC37)),ISERROR(IRR($J37:$AD37))),"n/a",MAX(IFERROR(IRR($J37:$AC37),-99),IFERROR(IRR($J37:$AD37),-99))) -> 0.083607277 | D37: =K87 -> 1.6284578 | E37: =H87 -> 222379.02 | F37: Hospitality | I37: {=IFERROR(INDEX($J$10:$AC$10,MATCH(TRUE,INDEX(J37:AC37<>0,0),0)),"-")} -> 2026 | J37: =SUMIFS(J$12:J$27,$F$12:$F$27,$F37,$H$12:$H$27,"Y") -> -84496.68 | K37: =SUMIFS(K$12:K$27,$F$12:$F$27,$F37,$H$12:$H$27,"Y") -> -137882.34 | L37: =SUMIFS(L$12:L$27,$F$12:$F$27,$F37,$H$12:$H$27,"Y") -> 15400.898 | M37: =SUMIFS(M$12:M$27,$F$12:$F$27,$F37,$H$12:$H$27,"Y") -> 5095.6302 | N37: =SUMIFS(N$12:N$27,$F$12:$F$27,$F37,$H$12:$H$27,"Y") -> 1340.3614 | O37: =SUMIFS(O$12:O$27,$F$12:$F$27,$F37,$H$12:$H$27,"Y") -> 11237.429 | P37: =SUMIFS(P$12:P$27,$F$12:$F$27,$F37,$H$12:$H$27,"Y") -> 11952.796 | Q37: =SUMIFS(Q$12:Q$27,$F$12:$F$27,$F37,$H$12:$H$27,"Y") -> 13920.213 | ... AD37: =SUMIFS(AD$12:AD$27,$F$12:$F$27,$F37,$H$12:$H$27,"Y") -> 371431.5
B38: Entertainment | C38: =IF(AND(ISERROR(IRR($J38:$AC38)),ISERROR(IRR($J38:$AD38))),"n/a",MAX(IFERROR(IRR($J38:$AC38),-99),IFERROR(IRR($J38:$AD38),-99))) -> 0.18005339 | D38: =K88 -> 3.2977282 | E38: =H88 -> 133277.71 | F38: Entertainment | I38: {=IFERROR(INDEX($J$10:$AC$10,MATCH(TRUE,INDEX(J38:AC38<>0,0),0)),"-")} -> 2028 | J38: =SUMIFS(J$12:J$27,$F$12:$F$27,$F38,$H$12:$H$27,"Y") -> 0 | K38: =SUMIFS(K$12:K$27,$F$12:$F$27,$F38,$H$12:$H$27,"Y") -> 0 | L38: =SUMIFS(L$12:L$27,$F$12:$F$27,$F38,$H$12:$H$27,"Y") -> -54400 | M38: =SUMIFS(M$12:M$27,$F$12:$F$27,$F38,$H$12:$H$27,"Y") -> -78877.708 | N38: =SUMIFS(N$12:N$27,$F$12:$F$27,$F38,$H$12:$H$27,"Y") -> 18012.613 | O38: =SUMIFS(O$12:O$27,$F$12:$F$27,$F38,$H$12:$H$27,"Y") -> 19057.609 | P38: =SUMIFS(P$12:P$27,$F$12:$F$27,$F38,$H$12:$H$27,"Y") -> 20143.598 | Q38: =SUMIFS(Q$12:Q$27,$F$12:$F$27,$F38,$H$12:$H$27,"Y") -> 21272.07 | ... AD38: =SUMIFS(AD$12:AD$27,$F$12:$F$27,$F38,$H$12:$H$27,"Y") -> 387473.4
B39: Events | C39: =IF(AND(ISERROR(IRR($J39:$AC39)),ISERROR(IRR($J39:$AD39))),"n/a",MAX(IFERROR(IRR($J39:$AC39),-99),IFERROR(IRR($J39:$AD39),-99))) -> 0.29901095 | D39: =K89 -> 4.5788334 | E39: =H89 -> 29793.479 | F39: Events | I39: {=IFERROR(INDEX($J$10:$AC$10,MATCH(TRUE,INDEX(J39:AC39<>0,0),0)),"-")} -> 2027 | J39: =SUMIFS(J$12:J$27,$F$12:$F$27,$F39,$H$12:$H$27,"Y") -> 0 | K39: =SUMIFS(K$12:K$27,$F$12:$F$27,$F39,$H$12:$H$27,"Y") -> -16640 | L39: =SUMIFS(L$12:L$27,$F$12:$F$27,$F39,$H$12:$H$27,"Y") -> 2659.9525 | M39: =SUMIFS(M$12:M$27,$F$12:$F$27,$F39,$H$12:$H$27,"Y") -> -5936.7354 | N39: =SUMIFS(N$12:N$27,$F$12:$F$27,$F39,$H$12:$H$27,"Y") -> -9876.6963 | O39: =SUMIFS(O$12:O$27,$F$12:$F$27,$F39,$H$12:$H$27,"Y") -> 37670.438 | P39: =SUMIFS(P$12:P$27,$F$12:$F$27,$F39,$H$12:$H$27,"Y") -> 7733.462 | Q39: =SUMIFS(Q$12:Q$27,$F$12:$F$27,$F39,$H$12:$H$27,"Y") -> 7733.462 | ... AD39: =SUMIFS(AD$12:AD$27,$F$12:$F$27,$F39,$H$12:$H$27,"Y") -> 77334.62
B40: Income | C40: =IF(AND(ISERROR(IRR($J40:$AC40)),ISERROR(IRR($J40:$AD40))),"n/a",MAX(IFERROR(IRR($J40:$AC40),-99),IFERROR(IRR($J40:$AD40),-99))) -> 0.18039894 | D40: =K90 -> 1.65539 | E40: =H90 -> 29518.183 | F40: Income | I40: {=IFERROR(INDEX($J$10:$AC$10,MATCH(TRUE,INDEX(J40:AC40<>0,0),0)),"-")} -> 2027 | J40: =SUMIFS(J$12:J$27,$F$12:$F$27,$F40,$H$12:$H$27,"Y") -> 0 | K40: =SUMIFS(K$12:K$27,$F$12:$F$27,$F40,$H$12:$H$27,"Y") -> -21767.2 | L40: =SUMIFS(L$12:L$27,$F$12:$F$27,$F40,$H$12:$H$27,"Y") -> 2226.3059 | M40: =SUMIFS(M$12:M$27,$F$12:$F$27,$F40,$H$12:$H$27,"Y") -> -9977.2886 | N40: =SUMIFS(N$12:N$27,$F$12:$F$27,$F40,$H$12:$H$27,"Y") -> 12061.212 | O40: =SUMIFS(O$12:O$27,$F$12:$F$27,$F40,$H$12:$H$27,"Y") -> 38261.99 | P40: =SUMIFS(P$12:P$27,$F$12:$F$27,$F40,$H$12:$H$27,"Y") -> 0 | Q40: =SUMIFS(Q$12:Q$27,$F$12:$F$27,$F40,$H$12:$H$27,"Y") -> 0 | ... AD40: =SUMIFS(AD$12:AD$27,$F$12:$F$27,$F40,$H$12:$H$27,"Y") -> 0
B41: Real Estate | C41: =IF(AND(ISERROR(IRR($J41:$AC41)),ISERROR(IRR($J41:$AD41))),"n/a",MAX(IFERROR(IRR($J41:$AC41),-99),IFERROR(IRR($J41:$AD41),-99))) -> 0.58547617 | D41: =K91 -> 13.316355 | E41: =H91 -> 49579.019 | F41: Real Estate | I41: {=IFERROR(INDEX($J$10:$AC$10,MATCH(TRUE,INDEX(J41:AC41<>0,0),0)),"-")} -> 2026 | J41: =SUMIFS(J$12:J$27,$F$12:$F$27,$F41,$H$12:$H$27,"Y") -> -1200 | K41: =SUMIFS(K$12:K$27,$F$12:$F$27,$F41,$H$12:$H$27,"Y") -> -20768.617 | L41: =SUMIFS(L$12:L$27,$F$12:$F$27,$F41,$H$12:$H$27,"Y") -> 1416.4717 | M41: =SUMIFS(M$12:M$27,$F$12:$F$27,$F41,$H$12:$H$27,"Y") -> -27223.452 | N41: =SUMIFS(N$12:N$27,$F$12:$F$27,$F41,$H$12:$H$27,"Y") -> -1803.4217 | O41: =SUMIFS(O$12:O$27,$F$12:$F$27,$F41,$H$12:$H$27,"Y") -> 37389.905 | P41: =SUMIFS(P$12:P$27,$F$12:$F$27,$F41,$H$12:$H$27,"Y") -> 48563.778 | Q41: =SUMIFS(Q$12:Q$27,$F$12:$F$27,$F41,$H$12:$H$27,"Y") -> 185054.2 | ... AD41: =SUMIFS(AD$12:AD$27,$F$12:$F$27,$F41,$H$12:$H$27,"Y") -> 0
B42: Check: sum of segments + land = total | I42: =IF(ABS(SUM(J37:AD41)+IF($H$12="Y",SUM(J12:AD12),0)-SUM(J33:AD33))<1,"OK","ERROR") -> OK
B44: CUMULATIVE CASH FLOW (without perpetuity) — basis for cash exposure
B45: =B13 -> Club Med Gramado | J45: =J13 -> -84496.68 | K45: =J45+K13 -> -222379.02 | L45: =K45+L13 -> -206978.12 | M45: =L45+M13 -> -201882.49 | N45: =M45+N13 -> -200542.13 | O45: =N45+O13 -> -189304.7 | P45: =O45+P13 -> -177351.9 | Q45: =P45+Q13 -> -163431.69 | R45: =Q45+R13 -> -148796.11 | ... AC45: =AB45+AC13 -> 139755.83
B46: =B14 -> Villas Club Med (26 casas) | J46: =J14 -> -1200 | K46: =J46+K14 -> -17488.541 | L46: =K46+L14 -> -3433.1254 | M46: =L46+M14 -> 37787.264 | N46: =M46+N14 -> 37787.264 | O46: =N46+O14 -> 37787.264 | P46: =O46+P14 -> 37787.264 | Q46: =P46+Q14 -> 37787.264 | R46: =Q46+R14 -> 37787.264 | ... AC46: =AB46+AC14 -> 37787.264
B47: =B15 -> Mini Mall | J47: =J15 -> 0 | K47: =J47+K15 -> -21767.2 | L47: =K47+L15 -> -19540.894 | M47: =L47+M15 -> -17430.979 | N47: =M47+N15 -> 12761.039 | O47: =N47+O15 -> 12761.039 | P47: =O47+P15 -> 12761.039 | Q47: =P47+Q15 -> 12761.039 | R47: =Q47+R15 -> 12761.039 | ... AC47: =AB47+AC15 -> 12761.039
B48: =B16 -> WDC Casamentos | J48: =J16 -> 0 | K48: =J48+K16 -> -16640 | L48: =K48+L16 -> -13980.047 | M48: =L48+M16 -> -10001.783 | N48: =M48+N16 -> -5005.9792 | O48: =N48+O16 -> 1276.9585 | P48: =O48+P16 -> 9010.4205 | Q48: =P48+Q16 -> 16743.883 | R48: =Q48+R16 -> 24477.345 | ... AC48: =AB48+AC16 -> 109545.43
B49: =B17 -> Ski Gramado — complexo all season | J49: =J17 -> 0 | K49: =J49+K17 -> 0 | L49: =K49+L17 -> -54400 | M49: =L49+M17 -> -133277.71 | N49: =M49+N17 -> -115265.1 | O49: =N49+O17 -> -96207.486 | P49: =O49+P17 -> -76063.888 | Q49: =P49+Q17 -> -54791.818 | R49: =Q49+R17 -> -32347.253 | ... AC49: =AB49+AC17 -> 306235.95
B50: =B19 -> Fase 01 — Loteamentos | J50: =J19 -> 0 | K50: =J50+K19 -> -1462.05 | L50: =K50+L19 -> -9246.0206 | M50: =L50+M19 -> -34671.133 | N50: =M50+N19 -> -34538.864 | O50: =N50+O19 -> 57160.918 | P50: =O50+P19 -> 57160.918 | Q50: =P50+Q19 -> 57160.918 | R50: =Q50+R19 -> 57160.918 | ... AC50: =AB50+AC19 -> 57160.918
B51: =B20 -> Fase 01 — Surf Village | J51: =J20 -> 0 | K51: =J51+K20 -> -3018.0267 | L51: =K51+L20 -> -7872.9996 | M51: =L51+M20 -> -43858.156 | N51: =M51+N20 -> -26300.519 | O51: =N51+O20 -> 16749.752 | P51: =O51+P20 -> 60628.698 | Q51: =P51+Q20 -> 60628.698 | R51: =Q51+R20 -> 60628.698 | ... AC51: =AB51+AC20 -> 60628.698
B52: =B21 -> Fase 02 — Loteamentos | J52: =J21 -> 0 | K52: =J52+K21 -> 0 | L52: =K52+L21 -> 0 | M52: =L52+M21 -> -3667.59 | N52: =M52+N21 -> -18192.652 | O52: =N52+O21 -> -69529.344 | P52: =O52+P21 -> -61867.675 | Q52: =P52+Q21 -> 184140.54 | R52: =Q52+R21 -> 184140.54 | ... AC52: =AB52+AC21 -> 184140.54
B53: =B22 -> Fase 02 — Surf Village | J53: =J22 -> 0 | K53: =J53+K22 -> 0 | L53: =K53+L22 -> 0 | M53: =L53+M22 -> -3365.9827 | N53: =M53+N22 -> -8334.2488 | O53: =N53+O22 -> -47164.827 | P53: =O53+P22 -> -26496.425 | Q53: =P53+Q22 -> 23519.594 | R53: =Q53+R22 -> 78488.359 | ... AC53: =AB53+AC22 -> 78488.359
B54: =B23 -> Fase 03 — Loteamentos | J54: =J23 -> 0 | K54: =J54+K23 -> 0 | L54: =K54+L23 -> 0 | M54: =L54+M23 -> 0 | N54: =M54+N23 -> 0 | O54: =N54+O23 -> -3480.891 | P54: =O54+P23 -> -22142.929 | Q54: =P54+Q23 -> -91721.515 | R54: =Q54+R23 -> -96763.666 | ... AC54: =AB54+AC23 -> 111201.29
B55: =B24 -> Fase 03 — Surf Village | J55: =J24 -> 0 | K55: =J55+K24 -> 0 | L55: =K55+L24 -> 0 | M55: =L55+M24 -> 0 | N55: =M55+N24 -> 0 | O55: =N55+O24 -> -3711.9868 | P55: =O55+P24 -> -8695.1868 | Q55: =P55+Q24 -> -50086.628 | R55: =Q55+R24 -> -26106.078 | ... AC55: =AB55+AC24 -> 98671.489
B56: =B26 -> Senior Living | J56: =J26 -> 0 | K56: =J56+K26 -> 0 | L56: =K56+L26 -> 0 | M56: =L56+M26 -> -12087.204 | N56: =M56+N26 -> -30218.01 | O56: =N56+O26 -> 8043.9805 | P56: =O56+P26 -> 8043.9805 | Q56: =P56+Q26 -> 8043.9805 | R56: =Q56+R26 -> 8043.9805 | ... AC56: =AB56+AC26 -> 8043.9805
B57: =B27 -> Centro de Convenções | J57: =J27 -> 0 | K57: =J57+K27 -> 0 | L57: =K57+L27 -> 0 | M57: =L57+M27 -> -9915 | N57: =M57+N27 -> -24787.5 | O57: =N57+O27 -> 6600 | P57: =O57+P27 -> 6600 | Q57: =P57+Q27 -> 6600 | R57: =Q57+R27 -> 6600 | ... AC57: =AB57+AC27 -> 6600
B58: =B30 -> Etapa 1 — 2027–28 (abertura do Club Med) | J58: =J30 -> -185696.68 | K58: =J58+K30 -> -382754.83 | L58: =K58+L30 -> -415451.2 | M58: =L58+M30 -> -503334.98 | N58: =M58+N30 -> -431104.28 | O58: =N58+O30 -> -259776.25 | P58: =O58+P30 -> -176067.45 | Q58: =P58+Q30 -> -133141.7 | R58: =Q58+R30 -> -88328.097 | ... AC58: =AB58+AC30 -> 623875.12
B59: =B31 -> Etapa 2 — 2029–30 | J59: =J31 -> 0 | K59: =J59+K31 -> 0 | L59: =K59+L31 -> 0 | M59: =L59+M31 -> -29035.777 | N59: =M59+N31 -> -81532.411 | O59: =N59+O31 -> -102050.19 | P59: =O59+P31 -> -73720.12 | Q59: =P59+Q31 -> 222304.11 | R59: =Q59+R31 -> 277272.88 | ... AC59: =AB59+AC31 -> 277272.88
B60: =B32 -> Etapa 3 — 2031–33 | J60: =J32 -> 0 | K60: =J60+K32 -> 0 | L60: =K60+L32 -> 0 | M60: =L60+M32 -> 0 | N60: =M60+N32 -> 0 | O60: =N60+O32 -> -7192.8778 | P60: =O60+P32 -> -30838.116 | Q60: =P60+Q32 -> -141808.14 | R60: =Q60+R32 -> -122869.74 | ... AC60: =AB60+AC32 -> 209872.78
B61: =B33 -> TOTAL GRUPO SIRENA — MASTERPLAN | J61: =J33 -> -185696.68 | K61: =J61+K33 -> -382754.83 | L61: =K61+L33 -> -415451.2 | M61: =L61+M33 -> -532370.76 | N61: =M61+N33 -> -512636.69 | O61: =N61+O33 -> -369019.32 | P61: =O61+P33 -> -280625.68 | Q61: =P61+Q33 -> -52645.737 | R61: =Q61+R33 -> 66075.035 | ... AC61: =AB61+AC33 -> 1111020.8
B62: =B37 -> Hotelaria | J62: =J37 -> -84496.68 | K62: =J62+K37 -> -222379.02 | L62: =K62+L37 -> -206978.12 | M62: =L62+M37 -> -201882.49 | N62: =M62+N37 -> -200542.13 | O62: =N62+O37 -> -189304.7 | P62: =O62+P37 -> -177351.9 | Q62: =P62+Q37 -> -163431.69 | R62: =Q62+R37 -> -148796.11 | ... AC62: =AB62+AC37 -> 139755.83
B63: =B38 -> Entretenimento | J63: =J38 -> 0 | K63: =J63+K38 -> 0 | L63: =K63+L38 -> -54400 | M63: =L63+M38 -> -133277.71 | N63: =M63+N38 -> -115265.1 | O63: =N63+O38 -> -96207.486 | P63: =O63+P38 -> -76063.888 | Q63: =P63+Q38 -> -54791.818 | R63: =Q63+R38 -> -32347.253 | ... AC63: =AB63+AC38 -> 306235.95
B64: =B39 -> Eventos | J64: =J39 -> 0 | K64: =J64+K39 -> -16640 | L64: =K64+L39 -> -13980.047 | M64: =L64+M39 -> -19916.783 | N64: =M64+N39 -> -29793.479 | O64: =N64+O39 -> 7876.9585 | P64: =O64+P39 -> 15610.421 | Q64: =P64+Q39 -> 23343.883 | R64: =Q64+R39 -> 31077.345 | ... AC64: =AB64+AC39 -> 116145.43
B65: =B40 -> Renda | J65: =J40 -> 0 | K65: =J65+K40 -> -21767.2 | L65: =K65+L40 -> -19540.894 | M65: =L65+M40 -> -29518.183 | N65: =M65+N40 -> -17456.971 | O65: =N65+O40 -> 20805.02 | P65: =O65+P40 -> 20805.02 | Q65: =P65+Q40 -> 20805.02 | R65: =Q65+R40 -> 20805.02 | ... AC65: =AB65+AC40 -> 20805.02
B66: =B41 -> Imobiliário | J66: =J41 -> -1200 | K66: =J66+K41 -> -21968.617 | L66: =K66+L41 -> -20552.146 | M66: =L66+M41 -> -47775.597 | N66: =M66+N41 -> -49579.019 | O66: =N66+O41 -> -12189.114 | P66: =O66+P41 -> 36374.664 | Q66: =P66+Q41 -> 221428.87 | R66: =Q66+R41 -> 295336.03 | ... AC66: =AB66+AC41 -> 628078.56
B68: INVESTOR INDICATORS
B69: Project / consolidated | C69: IRR % | D69: Segment | E69: Stage | F69: 1st year | G69: Capital contributed (R$ thousand) | H69: Peak exposure (R$ thousand) | I69: Year of peak exposure | J69: Cash result through 2045 (R$ thousand) | K69: Multiple (MOIC) through 2045 | L69: IRR without perpetuity | M69: IRR with perpetuity | N69: NPV with perpetuity (R$ thousand) | O69: PV of the perpetuity (R$ thousand)
B70: =B13 -> Club Med Gramado | C70: =C13 -> 0.083607277 | D70: =F13 -> Hotelaria | E70: =G13 -> 1 | F70: =I13 -> 2026 | G70: =-SUMIF($J13:$AC13,"<0") -> 222379.02 | H70: =-MIN(0,MIN($J45:$AC45)) -> 222379.02 | I70: =IF(H70=0,"-",INDEX($J$10:$AC$10,MATCH(MIN($J45:$AC45),$J45:$AC45,0))) -> 2027 | J70: =SUM($J13:$AC13) -> 139755.83 | K70: =IFERROR(SUMIF($J13:$AC13,">0")/G70,"-") -> 1.6284578 | L70: =IFERROR(IRR($J13:$AC13),"n/a") -> 0.041496533 | M70: =IFERROR(IRR($J13:$AD13),"n/a") -> 0.083607277 | N70: =NPV($H$6,$J13:$AD13)*(1+$H$6) -> -16065.165 | O70: =$AD13/(1+$H$6)^20 -> 66274.853
B71: =B14 -> Villas Club Med (26 casas) | C71: =C14 -> 0.9146015 | D71: =F14 -> Imobiliário | E71: =G14 -> 1 | F71: =I14 -> 2026 | G71: =-SUMIF($J14:$AC14,"<0") -> 17488.541 | H71: =-MIN(0,MIN($J46:$AC46)) -> 17488.541 | I71: =IF(H71=0,"-",INDEX($J$10:$AC$10,MATCH(MIN($J46:$AC46),$J46:$AC46,0))) -> 2027 | J71: =SUM($J14:$AC14) -> 37787.264 | K71: =IFERROR(SUMIF($J14:$AC14,">0")/G71,"-") -> 3.1606871 | L71: =IFERROR(IRR($J14:$AC14),"n/a") -> 0.9146015 | M71: =IFERROR(IRR($J14:$AD14),"n/a") -> 0.9146015 | N71: =NPV($H$6,$J14:$AD14)*(1+$H$6) -> 27516.251 | O71: =$AD14/(1+$H$6)^20 -> 0
B72: =B15 -> Mini Mall | C72: =C15 -> 0.18020843 | D72: =F15 -> Renda | E72: =G15 -> 1 | F72: =I15 -> 2027 | G72: =-SUMIF($J15:$AC15,"<0") -> 21767.2 | H72: =-MIN(0,MIN($J47:$AC47)) -> 21767.2 | I72: =IF(H72=0,"-",INDEX($J$10:$AC$10,MATCH(MIN($J47:$AC47),$J47:$AC47,0))) -> 2027 | J72: =SUM($J15:$AC15) -> 12761.039 | K72: =IFERROR(SUMIF($J15:$AC15,">0")/G72,"-") -> 1.5862508 | L72: =IFERROR(IRR($J15:$AC15),"n/a") -> 0.18020843 | M72: =IFERROR(IRR($J15:$AD15),"n/a") -> 0.18020843 | N72: =NPV($H$6,$J15:$AD15)*(1+$H$6) -> 4921.9573 | O72: =$AD15/(1+$H$6)^20 -> 0
B73: =B16 -> WDC Casamentos | C73: =C16 -> 0.32136766 | D73: =F16 -> Eventos | E73: =G16 -> 1 | F73: =I16 -> 2027 | G73: =-SUMIF($J16:$AC16,"<0") -> 16640 | H73: =-MIN(0,MIN($J48:$AC48)) -> 16640 | I73: =IF(H73=0,"-",INDEX($J$10:$AC$10,MATCH(MIN($J48:$AC48),$J48:$AC48,0))) -> 2027 | J73: =SUM($J16:$AC16) -> 109545.43 | K73: =IFERROR(SUMIF($J16:$AC16,">0")/G73,"-") -> 7.5832588 | L73: =IFERROR(IRR($J16:$AC16),"n/a") -> 0.3152216 | M73: =IFERROR(IRR($J16:$AD16),"n/a") -> 0.32136766 | N73: =NPV($H$6,$J16:$AD16)*(1+$H$6) -> 50601.143 | O73: =$AD16/(1+$H$6)^20 -> 13798.885
B74: =B17 -> Ski Gramado — complexo all season | C74: =C17 -> 0.18005339 | D74: =F17 -> Entretenimento | E74: =G17 -> 1 | F74: =I17 -> 2028 | G74: =-SUMIF($J17:$AC17,"<0") -> 133277.71 | H74: =-MIN(0,MIN($J49:$AC49)) -> 133277.71 | I74: =IF(H74=0,"-",INDEX($J$10:$AC$10,MATCH(MIN($J49:$AC49),$J49:$AC49,0))) -> 2029 | J74: =SUM($J17:$AC17) -> 306235.95 | K74: =IFERROR(SUMIF($J17:$AC17,">0")/G74,"-") -> 3.2977282 | L74: =IFERROR(IRR($J17:$AC17),"n/a") -> 0.15008702 | M74: =IFERROR(IRR($J17:$AD17),"n/a") -> 0.18005339 | N74: =NPV($H$6,$J17:$AD17)*(1+$H$6) -> 123284.19 | O74: =$AD17/(1+$H$6)^20 -> 69137.223
B75: =B19 -> Fase 01 — Loteamentos | C75: =C19 -> 0.50684125 | D75: =F19 -> Imobiliário | E75: =G19 -> 1 | F75: =I19 -> 2027 | G75: =-SUMIF($J19:$AC19,"<0") -> 34671.133 | H75: =-MIN(0,MIN($J50:$AC50)) -> 34671.133 | I75: =IF(H75=0,"-",INDEX($J$10:$AC$10,MATCH(MIN($J50:$AC50),$J50:$AC50,0))) -> 2029 | J75: =SUM($J19:$AC19) -> 57160.918 | K75: =IFERROR(SUMIF($J19:$AC19,">0")/G75,"-") -> 2.6486602 | L75: =IFERROR(IRR($J19:$AC19),"n/a") -> 0.50684125 | M75: =IFERROR(IRR($J19:$AD19),"n/a") -> 0.50684125 | N75: =NPV($H$6,$J19:$AD19)*(1+$H$6) -> 32166.475 | O75: =$AD19/(1+$H$6)^20 -> 0
B76: =B20 -> Fase 01 — Surf Village | C76: =C20 -> 0.42088158 | D76: =F20 -> Imobiliário | E76: =G20 -> 1 | F76: =I20 -> 2027 | G76: =-SUMIF($J20:$AC20,"<0") -> 43858.156 | H76: =-MIN(0,MIN($J51:$AC51)) -> 43858.156 | I76: =IF(H76=0,"-",INDEX($J$10:$AC$10,MATCH(MIN($J51:$AC51),$J51:$AC51,0))) -> 2029 | J76: =SUM($J20:$AC20) -> 60628.698 | K76: =IFERROR(SUMIF($J20:$AC20,">0")/G76,"-") -> 2.3823814 | L76: =IFERROR(IRR($J20:$AC20),"n/a") -> 0.42088158 | M76: =IFERROR(IRR($J20:$AD20),"n/a") -> 0.42088158 | N76: =NPV($H$6,$J20:$AD20)*(1+$H$6) -> 31939.268 | O76: =$AD20/(1+$H$6)^20 -> 0
B77: =B21 -> Fase 02 — Loteamentos | C77: =C21 -> 0.72349056 | D77: =F21 -> Imobiliário | E77: =G21 -> 2 | F77: =I21 -> 2029 | G77: =-SUMIF($J21:$AC21,"<0") -> 69529.344 | H77: =-MIN(0,MIN($J52:$AC52)) -> 69529.344 | I77: =IF(H77=0,"-",INDEX($J$10:$AC$10,MATCH(MIN($J52:$AC52),$J52:$AC52,0))) -> 2031 | J77: =SUM($J21:$AC21) -> 184140.54 | K77: =IFERROR(SUMIF($J21:$AC21,">0")/G77,"-") -> 3.6483859 | L77: =IFERROR(IRR($J21:$AC21),"n/a") -> 0.72349056 | M77: =IFERROR(IRR($J21:$AD21),"n/a") -> 0.72349056 | N77: =NPV($H$6,$J21:$AD21)*(1+$H$6) -> 92656.019 | O77: =$AD21/(1+$H$6)^20 -> 0
B78: =B22 -> Fase 02 — Surf Village | C78: =C22 -> 0.48222734 | D78: =F22 -> Imobiliário | E78: =G22 -> 2 | F78: =I22 -> 2029 | G78: =-SUMIF($J22:$AC22,"<0") -> 47164.827 | H78: =-MIN(0,MIN($J53:$AC53)) -> 47164.827 | I78: =IF(H78=0,"-",INDEX($J$10:$AC$10,MATCH(MIN($J53:$AC53),$J53:$AC53,0))) -> 2031 | J78: =SUM($J22:$AC22) -> 78488.359 | K78: =IFERROR(SUMIF($J22:$AC22,">0")/G78,"-") -> 2.6641291 | L78: =IFERROR(IRR($J22:$AC22),"n/a") -> 0.48222734 | M78: =IFERROR(IRR($J22:$AD22),"n/a") -> 0.48222734 | N78: =NPV($H$6,$J22:$AD22)*(1+$H$6) -> 35915.325 | O78: =$AD22/(1+$H$6)^20 -> 0
B79: =B23 -> Fase 03 — Loteamentos | C79: =C23 -> 0.39985938 | D79: =F23 -> Imobiliário | E79: =G23 -> 3 | F79: =I23 -> 2031 | G79: =-SUMIF($J23:$AC23,"<0") -> 96763.666 | H79: =-MIN(0,MIN($J54:$AC54)) -> 96763.666 | I79: =IF(H79=0,"-",INDEX($J$10:$AC$10,MATCH(MIN($J54:$AC54),$J54:$AC54,0))) -> 2034 | J79: =SUM($J23:$AC23) -> 111201.29 | K79: =IFERROR(SUMIF($J23:$AC23,">0")/G79,"-") -> 2.1492051 | L79: =IFERROR(IRR($J23:$AC23),"n/a") -> 0.39985938 | M79: =IFERROR(IRR($J23:$AD23),"n/a") -> 0.39985938 | N79: =NPV($H$6,$J23:$AD23)*(1+$H$6) -> 41770.586 | O79: =$AD23/(1+$H$6)^20 -> 0
B80: =B24 -> Fase 03 — Surf Village | C80: =C24 -> 0.54377921 | D80: =F24 -> Imobiliário | E80: =G24 -> 3 | F80: =I24 -> 2031 | G80: =-SUMIF($J24:$AC24,"<0") -> 50086.628 | H80: =-MIN(0,MIN($J55:$AC55)) -> 50086.628 | I80: =IF(H80=0,"-",INDEX($J$10:$AC$10,MATCH(MIN($J55:$AC55),$J55:$AC55,0))) -> 2033 | J80: =SUM($J24:$AC24) -> 98671.489 | K80: =IFERROR(SUMIF($J24:$AC24,">0")/G80,"-") -> 2.9700166 | L80: =IFERROR(IRR($J24:$AC24),"n/a") -> 0.54377921 | M80: =IFERROR(IRR($J24:$AD24),"n/a") -> 0.54377921 | N80: =NPV($H$6,$J24:$AD24)*(1+$H$6) -> 38898.106 | O80: =$AD24/(1+$H$6)^20 -> 0
B81: =B26 -> Senior Living | C81: =C26 -> 0.18080179 | D81: =F26 -> Renda | E81: =G26 -> 2 | F81: =I26 -> 2029 | G81: =-SUMIF($J26:$AC26,"<0") -> 30218.01 | H81: =-MIN(0,MIN($J56:$AC56)) -> 30218.01 | I81: =IF(H81=0,"-",INDEX($J$10:$AC$10,MATCH(MIN($J56:$AC56),$J56:$AC56,0))) -> 2030 | J81: =SUM($J26:$AC26) -> 8043.9805 | K81: =IFERROR(SUMIF($J26:$AC26,">0")/G81,"-") -> 1.2661982 | L81: =IFERROR(IRR($J26:$AC26),"n/a") -> 0.18080179 | M81: =IFERROR(IRR($J26:$AD26),"n/a") -> 0.18080179 | N81: =NPV($H$6,$J26:$AD26)*(1+$H$6) -> 2689.8092 | O81: =$AD26/(1+$H$6)^20 -> 0
B82: =B27 -> Centro de Convenções | C82: =C27 -> 0.18084388 | D82: =F27 -> Eventos | E82: =G27 -> 2 | F82: =I27 -> 2029 | G82: =-SUMIF($J27:$AC27,"<0") -> 24787.5 | H82: =-MIN(0,MIN($J57:$AC57)) -> 24787.5 | I82: =IF(H82=0,"-",INDEX($J$10:$AC$10,MATCH(MIN($J57:$AC57),$J57:$AC57,0))) -> 2030 | J82: =SUM($J27:$AC27) -> 6600 | K82: =IFERROR(SUMIF($J27:$AC27,">0")/G82,"-") -> 1.2662632 | L82: =IFERROR(IRR($J27:$AC27),"n/a") -> 0.18084388 | M82: =IFERROR(IRR($J27:$AD27),"n/a") -> 0.18084388 | N82: =NPV($H$6,$J27:$AD27)*(1+$H$6) -> 2207.4682 | O82: =$AD27/(1+$H$6)^20 -> 0
B83: =B30 -> Etapa 1 — 2027–28 (abertura do Club Med) | C83: =C30 -> 0.12084351 | D83: Consolidated | E83: =G30 -> 1 | F83: =I30 -> 2026 | G83: =-SUMIF($J30:$AC30,"<0") -> 503334.98 | H83: =-MIN(0,MIN($J58:$AC58)) -> 503334.98 | I83: =IF(H83=0,"-",INDEX($J$10:$AC$10,MATCH(MIN($J58:$AC58),$J58:$AC58,0))) -> 2029 | J83: =SUM($J30:$AC30) -> 623875.12 | K83: =IFERROR(SUMIF($J30:$AC30,">0")/G83,"-") -> 2.2394829 | L83: =IFERROR(IRR($J30:$AC30),"n/a") -> 0.091472956 | M83: =IFERROR(IRR($J30:$AD30),"n/a") -> 0.12084351 | N83: =NPV($H$6,$J30:$AD30)*(1+$H$6) -> 154364.12 | O83: =$AD30/(1+$H$6)^20 -> 149210.96
B84: =B31 -> Etapa 2 — 2029–30 | C84: =C31 -> 0.50597987 | D84: Consolidated | E84: =G31 -> 2 | F84: =I31 -> 2029 | G84: =-SUMIF($J31:$AC31,"<0") -> 102050.19 | H84: =-MIN(0,MIN($J59:$AC59)) -> 102050.19 | I84: =IF(H84=0,"-",INDEX($J$10:$AC$10,MATCH(MIN($J59:$AC59),$J59:$AC59,0))) -> 2031 | J84: =SUM($J31:$AC31) -> 277272.88 | K84: =IFERROR(SUMIF($J31:$AC31,">0")/G84,"-") -> 3.7170246 | L84: =IFERROR(IRR($J31:$AC31),"n/a") -> 0.50597987 | M84: =IFERROR(IRR($J31:$AD31),"n/a") -> 0.50597987 | N84: =NPV($H$6,$J31:$AD31)*(1+$H$6) -> 133468.62 | O84: =$AD31/(1+$H$6)^20 -> 0
B85: =B32 -> Etapa 3 — 2031–33 | C85: =C32 -> 0.45365916 | D85: Consolidated | E85: =G32 -> 3 | F85: =I32 -> 2031 | G85: =-SUMIF($J32:$AC32,"<0") -> 141808.14 | H85: =-MIN(0,MIN($J60:$AC60)) -> 141808.14 | I85: =IF(H85=0,"-",INDEX($J$10:$AC$10,MATCH(MIN($J60:$AC60),$J60:$AC60,0))) -> 2033 | J85: =SUM($J32:$AC32) -> 209872.78 | K85: =IFERROR(SUMIF($J32:$AC32,">0")/G85,"-") -> 2.4799769 | L85: =IFERROR(IRR($J32:$AC32),"n/a") -> 0.45365916 | M85: =IFERROR(IRR($J32:$AD32),"n/a") -> 0.45365916 | N85: =NPV($H$6,$J32:$AD32)*(1+$H$6) -> 80668.692 | O85: =$AD32/(1+$H$6)^20 -> 0
B86: =B33 -> TOTAL GRUPO SIRENA — MASTERPLAN | C86: =C33 -> 0.15869764 | D86: Consolidated | E86: All | F86: =I33 -> 2026 | G86: =-SUMIF($J33:$AC33,"<0") -> 532370.76 | H86: =-MIN(0,MIN($J61:$AC61)) -> 532370.76 | I86: =IF(H86=0,"-",INDEX($J$10:$AC$10,MATCH(MIN($J61:$AC61),$J61:$AC61,0))) -> 2029 | J86: =SUM($J33:$AC33) -> 1111020.8 | K86: =IFERROR(SUMIF($J33:$AC33,">0")/G86,"-") -> 3.0869305 | L86: =IFERROR(IRR($J33:$AC33),"n/a") -> 0.14314654 | M86: =IFERROR(IRR($J33:$AD33),"n/a") -> 0.15869764 | N86: =NPV($H$6,$J33:$AD33)*(1+$H$6) -> 368501.43 | O86: =$AD33/(1+$H$6)^20 -> 149210.96
B87: =B37 -> Hotelaria | C87: =C37 -> 0.083607277 | D87: =B37 -> Hotelaria | E87: All | F87: =I37 -> 2026 | G87: =-SUMIF($J37:$AC37,"<0") -> 222379.02 | H87: =-MIN(0,MIN($J62:$AC62)) -> 222379.02 | I87: =IF(H87=0,"-",INDEX($J$10:$AC$10,MATCH(MIN($J62:$AC62),$J62:$AC62,0))) -> 2027 | J87: =SUM($J37:$AC37) -> 139755.83 | K87: =IFERROR(SUMIF($J37:$AC37,">0")/G87,"-") -> 1.6284578 | L87: =IFERROR(IRR($J37:$AC37),"n/a") -> 0.041496533 | M87: =IFERROR(IRR($J37:$AD37),"n/a") -> 0.083607277 | N87: =NPV($H$6,$J37:$AD37)*(1+$H$6) -> -16065.165 | O87: =$AD37/(1+$H$6)^20 -> 66274.853
B88: =B38 -> Entretenimento | C88: =C38 -> 0.18005339 | D88: =B38 -> Entretenimento | E88: All | F88: =I38 -> 2028 | G88: =-SUMIF($J38:$AC38,"<0") -> 133277.71 | H88: =-MIN(0,MIN($J63:$AC63)) -> 133277.71 | I88: =IF(H88=0,"-",INDEX($J$10:$AC$10,MATCH(MIN($J63:$AC63),$J63:$AC63,0))) -> 2029 | J88: =SUM($J38:$AC38) -> 306235.95 | K88: =IFERROR(SUMIF($J38:$AC38,">0")/G88,"-") -> 3.2977282 | L88: =IFERROR(IRR($J38:$AC38),"n/a") -> 0.15008702 | M88: =IFERROR(IRR($J38:$AD38),"n/a") -> 0.18005339 | N88: =NPV($H$6,$J38:$AD38)*(1+$H$6) -> 123284.19 | O88: =$AD38/(1+$H$6)^20 -> 69137.223
B89: =B39 -> Eventos | C89: =C39 -> 0.29901095 | D89: =B39 -> Eventos | E89: All | F89: =I39 -> 2027 | G89: =-SUMIF($J39:$AC39,"<0") -> 32453.432 | H89: =-MIN(0,MIN($J64:$AC64)) -> 29793.479 | I89: =IF(H89=0,"-",INDEX($J$10:$AC$10,MATCH(MIN($J64:$AC64),$J64:$AC64,0))) -> 2030 | J89: =SUM($J39:$AC39) -> 116145.43 | K89: =IFERROR(SUMIF($J39:$AC39,">0")/G89,"-") -> 4.5788334 | L89: =IFERROR(IRR($J39:$AC39),"n/a") -> 0.29251414 | M89: =IFERROR(IRR($J39:$AD39),"n/a") -> 0.29901095 | N89: =NPV($H$6,$J39:$AD39)*(1+$H$6) -> 52808.611 | O89: =$AD39/(1+$H$6)^20 -> 13798.885
B90: =B40 -> Renda | C90: =C40 -> 0.18039894 | D90: =B40 -> Renda | E90: All | F90: =I40 -> 2027 | G90: =-SUMIF($J40:$AC40,"<0") -> 31744.489 | H90: =-MIN(0,MIN($J65:$AC65)) -> 29518.183 | I90: =IF(H90=0,"-",INDEX($J$10:$AC$10,MATCH(MIN($J65:$AC65),$J65:$AC65,0))) -> 2029 | J90: =SUM($J40:$AC40) -> 20805.02 | K90: =IFERROR(SUMIF($J40:$AC40,">0")/G90,"-") -> 1.65539 | L90: =IFERROR(IRR($J40:$AC40),"n/a") -> 0.18039894 | M90: =IFERROR(IRR($J40:$AD40),"n/a") -> 0.18039894 | N90: =NPV($H$6,$J40:$AD40)*(1+$H$6) -> 7611.7665 | O90: =$AD40/(1+$H$6)^20 -> 0
B91: =B41 -> Imobiliário | C91: =C41 -> 0.58547617 | D91: =B41 -> Imobiliário | E91: All | F91: =I41 -> 2026 | G91: =-SUMIF($J41:$AC41,"<0") -> 50995.491 | H91: =-MIN(0,MIN($J66:$AC66)) -> 49579.019 | I91: =IF(H91=0,"-",INDEX($J$10:$AC$10,MATCH(MIN($J66:$AC66),$J66:$AC66,0))) -> 2030 | J91: =SUM($J41:$AC41) -> 628078.56 | K91: =IFERROR(SUMIF($J41:$AC41,">0")/G91,"-") -> 13.316355 | L91: =IFERROR(IRR($J41:$AC41),"n/a") -> 0.58547617 | M91: =IFERROR(IRR($J41:$AD41),"n/a") -> 0.58547617 | N91: =NPV($H$6,$J41:$AD41)*(1+$H$6) -> 300862.03 | O91: =$AD41/(1+$H$6)^20 -> 0
B93: Notes: (1) annual cash flows from each tab, in the scenario/structure chosen there (column AC); (2) IRR (higher) = the higher of the 2026–2045 cash flow IRR and the IRR including the terminal value (Perp.); (3) NPV with 2026 at t=0 and perpetuity at t=20; (4) peak exposure = lowest cumulative cash balance.

Sheet CLUB MED
B2: GRAMADO PROJECT - CLUB MED
B3: Assumptions, annual Capex, debt, P&L and cash flow — Club Med only (excluding WDC Weddings, Villas and Mini Mall)
B6: Values in R$ thousand | E6: Total / Input | G6: 2026 | H6: =G6+1 -> 2027 | I6: =H6+1 -> 2028 | J6: =I6+1 -> 2029 | K6: =J6+1 -> 2030 | L6: =K6+1 -> 2031 | M6: =L6+1 -> 2032 | N6: =M6+1 -> 2033 | O6: =N6+1 -> 2034 | ... Z6: =Y6+1 -> 2045 | AA6: Perp.
B8: ASSUMPTIONS
C9: Annual fixed rent (R$ thousand) | E9: 31000
C10: Revenue advance (R$ thousand) | E10: 30000
C11: Amount financed (R$ thousand) | E11: 210000
C12: % of Capex leveraged | E12: =E11/E36 -> 0.46584257
C13: Nominal interest rate (% p.a.) | E13: 0.1
C14: IPCA inflation (% p.a.) | E14: 0.0568
C15: Nominal SELIC rate (% p.a.) | E15: 0.105
C16: Initial reserve account contribution (R$ thousand) | E16: 15000
C17: Bank fees - year 1 (R$ thousand) | E17: 10
C18: SG&A + expenses (% of gross revenue) | E18: 0.02
C19: Other expenses (% of gross revenue) | E19: 0
C20: Depreciation period (years) | E20: 18
C21: Operations start year | E21: 2028
C22: Debt amortization start year | E22: 2029
C23: Debt amortization term (years) | E23: 12
C24: Tax regime | E24: Presumed Profit (Lucro Presumido)
C25: NPV discount rate (% p.a.) | E25: =MANAGEMENT!$H$6 -> 0.09
C26: Terminal cap rate (% p.a.) | E26: 0.1
B28: CLUB MED ANNUAL CAPEX
C29: Club Med land (row 329) | E29: =SUM(G29:Z29) -> 0 | G29: {=SUMPRODUCT(($G$318:$AA$318=G$6)*$G$331:$AA$331)} -> 0 | H29: {=SUMPRODUCT(($G$318:$AA$318=H$6)*$G$331:$AA$331)} -> 0 | I29: {=SUMPRODUCT(($G$318:$AA$318=I$6)*$G$331:$AA$331)} -> 0 | J29: {=SUMPRODUCT(($G$318:$AA$318=J$6)*$G$331:$AA$331)} -> 0 | K29: {=SUMPRODUCT(($G$318:$AA$318=K$6)*$G$331:$AA$331)} -> 0 | L29: {=SUMPRODUCT(($G$318:$AA$318=L$6)*$G$331:$AA$331)} -> 0 | M29: {=SUMPRODUCT(($G$318:$AA$318=M$6)*$G$331:$AA$331)} -> 0 | N29: {=SUMPRODUCT(($G$318:$AA$318=N$6)*$G$331:$AA$331)} -> 0 | ... Z29: {=SUMPRODUCT(($G$318:$AA$318=Z$6)*$G$331:$AA$331)} -> 0
C30: Club Med civil works — monthly flow (rows 313+) | E30: =SUM(G30:Z30) -> 319000 | G30: {=SUMPRODUCT(($G$318:$AA$318=G$6)*$G$329:$AA$329)} -> 122001.44 | H30: {=SUMPRODUCT(($G$318:$AA$318=H$6)*$G$329:$AA$329)} -> 196998.56 | I30: {=SUMPRODUCT(($G$318:$AA$318=I$6)*$G$329:$AA$329)} -> 0 | J30: {=SUMPRODUCT(($G$318:$AA$318=J$6)*$G$329:$AA$329)} -> 0 | K30: {=SUMPRODUCT(($G$318:$AA$318=K$6)*$G$329:$AA$329)} -> 0 | L30: {=SUMPRODUCT(($G$318:$AA$318=L$6)*$G$329:$AA$329)} -> 0 | M30: {=SUMPRODUCT(($G$318:$AA$318=M$6)*$G$329:$AA$329)} -> 0 | N30: {=SUMPRODUCT(($G$318:$AA$318=N$6)*$G$329:$AA$329)} -> 0 | ... Z30: {=SUMPRODUCT(($G$318:$AA$318=Z$6)*$G$329:$AA$329)} -> 0
C31: FF&E — monthly FF&E R00 flow (rows 281+; excluding PMH and contingencies) | E31: =SUM(G31:Z31) -> 101536.07 | G31: {=SUMPRODUCT(($G$286:$AA$286=G$6)*$G$299:$AA$299)} -> 2440.1212 | H31: {=SUMPRODUCT(($G$286:$AA$286=H$6)*$G$299:$AA$299)} -> 83394.486 | I31: {=SUMPRODUCT(($G$286:$AA$286=I$6)*$G$299:$AA$299)} -> 15701.46 | J31: {=SUMPRODUCT(($G$286:$AA$286=J$6)*$G$299:$AA$299)} -> 0 | K31: {=SUMPRODUCT(($G$286:$AA$286=K$6)*$G$299:$AA$299)} -> 0 | L31: {=SUMPRODUCT(($G$286:$AA$286=L$6)*$G$299:$AA$299)} -> 0 | M31: {=SUMPRODUCT(($G$286:$AA$286=M$6)*$G$299:$AA$299)} -> 0 | N31: {=SUMPRODUCT(($G$286:$AA$286=N$6)*$G$299:$AA$299)} -> 0 | ... Z31: {=SUMPRODUCT(($G$286:$AA$286=Z$6)*$G$299:$AA$299)} -> 0
C32: Star Ópera development fee (row 328) | E32: =SUM(G32:Z32) -> 12760 | G32: {=SUMPRODUCT(($G$318:$AA$318=G$6)*$G$330:$AA$330)} -> 4880.0576 | H32: {=SUMPRODUCT(($G$318:$AA$318=H$6)*$G$330:$AA$330)} -> 7879.9424 | I32: {=SUMPRODUCT(($G$318:$AA$318=I$6)*$G$330:$AA$330)} -> 0 | J32: {=SUMPRODUCT(($G$318:$AA$318=J$6)*$G$330:$AA$330)} -> 0 | K32: {=SUMPRODUCT(($G$318:$AA$318=K$6)*$G$330:$AA$330)} -> 0 | L32: {=SUMPRODUCT(($G$318:$AA$318=L$6)*$G$330:$AA$330)} -> 0 | M32: {=SUMPRODUCT(($G$318:$AA$318=M$6)*$G$330:$AA$330)} -> 0 | N32: {=SUMPRODUCT(($G$318:$AA$318=N$6)*$G$330:$AA$330)} -> 0 | ... Z32: {=SUMPRODUCT(($G$318:$AA$318=Z$6)*$G$330:$AA$330)} -> 0
C33: Utilities — 8.5 MM in 12 installments from Jan/27 (row 337) | E33: =SUM(G33:Z33) -> 8500 | G33: =$E$339/$G$339*MAX(0,MIN(YEAR($H$339)*12+MONTH($H$339),G$6*12+12)-MAX(YEAR($F$339)*12+MONTH($F$339),G$6*12+1)+1) -> 0 | H33: =$E$339/$G$339*MAX(0,MIN(YEAR($H$339)*12+MONTH($H$339),H$6*12+12)-MAX(YEAR($F$339)*12+MONTH($F$339),H$6*12+1)+1) -> 8500 | I33: =$E$339/$G$339*MAX(0,MIN(YEAR($H$339)*12+MONTH($H$339),I$6*12+12)-MAX(YEAR($F$339)*12+MONTH($F$339),I$6*12+1)+1) -> 0 | J33: =$E$339/$G$339*MAX(0,MIN(YEAR($H$339)*12+MONTH($H$339),J$6*12+12)-MAX(YEAR($F$339)*12+MONTH($F$339),J$6*12+1)+1) -> 0 | K33: =$E$339/$G$339*MAX(0,MIN(YEAR($H$339)*12+MONTH($H$339),K$6*12+12)-MAX(YEAR($F$339)*12+MONTH($F$339),K$6*12+1)+1) -> 0 | L33: =$E$339/$G$339*MAX(0,MIN(YEAR($H$339)*12+MONTH($H$339),L$6*12+12)-MAX(YEAR($F$339)*12+MONTH($F$339),L$6*12+1)+1) -> 0 | M33: =$E$339/$G$339*MAX(0,MIN(YEAR($H$339)*12+MONTH($H$339),M$6*12+12)-MAX(YEAR($F$339)*12+MONTH($F$339),M$6*12+1)+1) -> 0 | N33: =$E$339/$G$339*MAX(0,MIN(YEAR($H$339)*12+MONTH($H$339),N$6*12+12)-MAX(YEAR($F$339)*12+MONTH($F$339),N$6*12+1)+1) -> 0 | ... Z33: =$E$339/$G$339*MAX(0,MIN(YEAR($H$339)*12+MONTH($H$339),Z$6*12+12)-MAX(YEAR($F$339)*12+MONTH($F$339),Z$6*12+1)+1) -> 0
C34: Phase 1 roads (row 338) | E34: =SUM(G34:Z34) -> 7000 | G34: =$E$340/$G$340*MAX(0,MIN(YEAR($H$340)*12+MONTH($H$340),G$6*12+12)-MAX(YEAR($F$340)*12+MONTH($F$340),G$6*12+1)+1) -> 0 | H34: =$E$340/$G$340*MAX(0,MIN(YEAR($H$340)*12+MONTH($H$340),H$6*12+12)-MAX(YEAR($F$340)*12+MONTH($F$340),H$6*12+1)+1) -> 7000 | I34: =$E$340/$G$340*MAX(0,MIN(YEAR($H$340)*12+MONTH($H$340),I$6*12+12)-MAX(YEAR($F$340)*12+MONTH($F$340),I$6*12+1)+1) -> 0 | J34: =$E$340/$G$340*MAX(0,MIN(YEAR($H$340)*12+MONTH($H$340),J$6*12+12)-MAX(YEAR($F$340)*12+MONTH($F$340),J$6*12+1)+1) -> 0 | K34: =$E$340/$G$340*MAX(0,MIN(YEAR($H$340)*12+MONTH($H$340),K$6*12+12)-MAX(YEAR($F$340)*12+MONTH($F$340),K$6*12+1)+1) -> 0 | L34: =$E$340/$G$340*MAX(0,MIN(YEAR($H$340)*12+MONTH($H$340),L$6*12+12)-MAX(YEAR($F$340)*12+MONTH($F$340),L$6*12+1)+1) -> 0 | M34: =$E$340/$G$340*MAX(0,MIN(YEAR($H$340)*12+MONTH($H$340),M$6*12+12)-MAX(YEAR($F$340)*12+MONTH($F$340),M$6*12+1)+1) -> 0 | N34: =$E$340/$G$340*MAX(0,MIN(YEAR($H$340)*12+MONTH($H$340),N$6*12+12)-MAX(YEAR($F$340)*12+MONTH($F$340),N$6*12+1)+1) -> 0 | ... Z34: =$E$340/$G$340*MAX(0,MIN(YEAR($H$340)*12+MONTH($H$340),Z$6*12+12)-MAX(YEAR($F$340)*12+MONTH($F$340),Z$6*12+1)+1) -> 0
C35: AQUA certification — civil works curve (row 323) | E35: =SUM(G35:Z35) -> 2000 | G35: =IF($E$30=0,0,$E$325*G30/$E$30) -> 764.89931 | H35: =IF($E$30=0,0,$E$325*H30/$E$30) -> 1235.1007 | I35: =IF($E$30=0,0,$E$325*I30/$E$30) -> 0 | J35: =IF($E$30=0,0,$E$325*J30/$E$30) -> 0 | K35: =IF($E$30=0,0,$E$325*K30/$E$30) -> 0 | L35: =IF($E$30=0,0,$E$325*L30/$E$30) -> 0 | M35: =IF($E$30=0,0,$E$325*M30/$E$30) -> 0 | N35: =IF($E$30=0,0,$E$325*N30/$E$30) -> 0 | ... Z35: =IF($E$30=0,0,$E$325*Z30/$E$30) -> 0
B36: TOTAL CLUB MED CAPEX | E36: =SUM(G36:Z36) -> 450796.07 | G36: =SUM(G29:G35) -> 130086.52 | H36: =SUM(H29:H35) -> 305008.09 | I36: =SUM(I29:I35) -> 15701.46 | J36: =SUM(J29:J35) -> 0 | K36: =SUM(K29:K35) -> 0 | L36: =SUM(L29:L35) -> 0 | M36: =SUM(M29:M35) -> 0 | N36: =SUM(N29:N35) -> 0 | ... Z36: =SUM(Z29:Z35) -> 0
B38: DEBT
C39: Nominal interest rate (% p.a.) | G39: =$E$13 -> 0.1 | H39: =$E$13 -> 0.1 | I39: =$E$13 -> 0.1 | J39: =$E$13 -> 0.1 | K39: =$E$13 -> 0.1 | L39: =$E$13 -> 0.1 | M39: =$E$13 -> 0.1 | N39: =$E$13 -> 0.1 | ... Z39: =$E$13 -> 0.1
C40: Inflation (% p.a.) | G40: =$E$14 -> 0.0568 | H40: =$E$14 -> 0.0568 | I40: =$E$14 -> 0.0568 | J40: =$E$14 -> 0.0568 | K40: =$E$14 -> 0.0568 | L40: =$E$14 -> 0.0568 | M40: =$E$14 -> 0.0568 | N40: =$E$14 -> 0.0568 | ... Z40: =$E$14 -> 0.0568
C41: Real interest rate (% p.a.) | G41: =(1+G39)/(1+G40)-1 -> 0.040878123 | H41: =(1+H39)/(1+H40)-1 -> 0.040878123 | I41: =(1+I39)/(1+I40)-1 -> 0.040878123 | J41: =(1+J39)/(1+J40)-1 -> 0.040878123 | K41: =(1+K39)/(1+K40)-1 -> 0.040878123 | L41: =(1+L39)/(1+L40)-1 -> 0.040878123 | M41: =(1+M39)/(1+M40)-1 -> 0.040878123 | N41: =(1+N39)/(1+N40)-1 -> 0.040878123 | ... Z41: =(1+Z39)/(1+Z40)-1 -> 0.040878123
C42: Opening balance | G42: 0 | H42: =G47 -> 60599.838 | I42: =H47 -> 202685.59 | J42: =I47 -> 210000 | K42: =J47 -> 192500 | L42: =K47 -> 175000 | M42: =L47 -> 157500 | N42: =M47 -> 140000 | O42: =N47 -> 122500 | ... Z42: =Y47 -> 0
C43: Inflow (drawdown) | G43: =G36*$E$12 -> 60599.838 | H43: =H36*$E$12 -> 142085.75 | I43: =I36*$E$12 -> 7314.4086 | J43: =J36*$E$12 -> 0 | K43: =K36*$E$12 -> 0 | L43: =L36*$E$12 -> 0 | M43: =M36*$E$12 -> 0 | N43: =N36*$E$12 -> 0 | ... Z43: =Z36*$E$12 -> 0
C44: Interest | G44: =G42*G41 -> 0 | H44: =H42*H41 -> 2477.2076 | I44: =I42*I41 -> 8285.4065 | J44: =J42*J41 -> 8584.4058 | K44: =K42*K41 -> 7869.0386 | L44: =L42*L41 -> 7153.6715 | M44: =M42*M41 -> 6438.3043 | N44: =N42*N41 -> 5722.9372 | ... Z44: =Z42*Z41 -> 0
C45: Principal amortization | G45: =IF(G$6>=$E$22,-MIN(G42,SUM($G$43:$Z$43)/$E$23),0) -> 0 | H45: =IF(H$6>=$E$22,-MIN(H42,SUM($G$43:$Z$43)/$E$23),0) -> 0 | I45: =IF(I$6>=$E$22,-MIN(I42,SUM($G$43:$Z$43)/$E$23),0) -> 0 | J45: =IF(J$6>=$E$22,-MIN(J42,SUM($G$43:$Z$43)/$E$23),0) -> -17500 | K45: =IF(K$6>=$E$22,-MIN(K42,SUM($G$43:$Z$43)/$E$23),0) -> -17500 | L45: =IF(L$6>=$E$22,-MIN(L42,SUM($G$43:$Z$43)/$E$23),0) -> -17500 | M45: =IF(M$6>=$E$22,-MIN(M42,SUM($G$43:$Z$43)/$E$23),0) -> -17500 | N45: =IF(N$6>=$E$22,-MIN(N42,SUM($G$43:$Z$43)/$E$23),0) -> -17500 | ... Z45: =IF(Z$6>=$E$22,-MIN(Z42,SUM($G$43:$Z$43)/$E$23),0) -> 0
C46: Interest payment | G46: =-G44 -> 0 | H46: =-H44 -> -2477.2076 | I46: =-I44 -> -8285.4065 | J46: =-J44 -> -8584.4058 | K46: =-K44 -> -7869.0386 | L46: =-L44 -> -7153.6715 | M46: =-M44 -> -6438.3043 | N46: =-N44 -> -5722.9372 | ... Z46: =-Z44 -> 0
B47: CLOSING DEBT BALANCE | G47: =G42+G43+G44+G45+G46 -> 60599.838 | H47: =H42+H43+H44+H45+H46 -> 202685.59 | I47: =I42+I43+I44+I45+I46 -> 210000 | J47: =J42+J43+J44+J45+J46 -> 192500 | K47: =K42+K43+K44+K45+K46 -> 175000 | L47: =L42+L43+L44+L45+L46 -> 157500 | M47: =M42+M43+M44+M45+M46 -> 140000 | N47: =N42+N43+N44+N45+N46 -> 122500 | ... Z47: =Z42+Z43+Z44+Z45+Z46 -> 0
C48: Bank fees | G48: =$E$17 -> 10 | H48: =G48*(1+H49) -> 25 | I48: =H48*(1+I49) -> 25 | J48: =I48*(1+J49) -> 25 | K48: =J48*(1+K49) -> 25 | L48: =K48*(1+L49) -> 25 | M48: =L48*(1+M49) -> 25 | N48: =M48*(1+N49) -> 25 | O48: =N48*(1+O49) -> 25 | ... Z48: =Y48*(1+Z49) -> 25
C49: Bank fee growth (%) | G49: n/a | H49: 1.5 | I49: 0 | J49: 0 | K49: 0 | L49: 0 | M49: 0 | N49: 0 | O49: 0 | P49: 0 | Q49: 0 | R49: 0 | S49: 0 | T49: 0 | U49: 0 | V49: 0 | W49: 0 | X49: 0 | Y49: 0 | Z49: 0
C50: Reserve account - opening balance | G50: =$E$16 -> 15000 | H50: =MAX(G54,0) -> 15684 | I50: =MAX(H54,0) -> 13921.792 | J50: =MAX(I54,0) -> 6271.3859 | K50: =MAX(J54,0) -> 0 | L50: =MAX(K54,0) -> 0 | M50: =MAX(L54,0) -> 0 | N50: =MAX(M54,0) -> 0 | O50: =MAX(N54,0) -> 0 | ... Z50: =MAX(Y54,0) -> 0
C51: Grupo Sirena initial contribution | G51: =$E$16 -> 15000 | H51: 0 | I51: 0 | J51: 0 | K51: 0 | L51: 0 | M51: 0 | N51: 0 | O51: 0 | P51: 0 | Q51: 0 | R51: 0 | S51: 0 | T51: 0 | U51: 0 | V51: 0 | W51: 0 | X51: 0 | Y51: 0 | Z51: 0
C52: Reserve yield (real SELIC) | G52: =ROUND(G50*((1+$E$15)/(1+G40)-1),0) -> 684 | H52: =ROUND(H50*((1+$E$15)/(1+H40)-1),0) -> 715 | I52: =ROUND(I50*((1+$E$15)/(1+I40)-1),0) -> 635 | J52: =ROUND(J50*((1+$E$15)/(1+J40)-1),0) -> 286 | K52: =ROUND(K50*((1+$E$15)/(1+K40)-1),0) -> 0 | L52: =ROUND(L50*((1+$E$15)/(1+L40)-1),0) -> 0 | M52: =ROUND(M50*((1+$E$15)/(1+M40)-1),0) -> 0 | N52: =ROUND(N50*((1+$E$15)/(1+N40)-1),0) -> 0 | ... Z52: =ROUND(Z50*((1+$E$15)/(1+Z40)-1),0) -> 0
C53: Interest paid from the reserve | G53: =-MIN(-G46,(G50+G52)) -> 0 | H53: =-MIN(-H46,(H50+H52)) -> -2477.2076 | I53: =-MIN(-I46,(I50+I52)) -> -8285.4065 | J53: =-MIN(-J46,(J50+J52)) -> -6557.3859 | K53: =-MIN(-K46,(K50+K52)) -> 0 | L53: =-MIN(-L46,(L50+L52)) -> 0 | M53: =-MIN(-M46,(M50+M52)) -> 0 | N53: =-MIN(-N46,(N50+N52)) -> 0 | ... Z53: =-MIN(-Z46,(Z50+Z52)) -> 0
B54: FINAL RESERVE BALANCE | G54: =MAX(G50+G52+G53,0) -> 15684 | H54: =MAX(H50+H52+H53,0) -> 13921.792 | I54: =MAX(I50+I52+I53,0) -> 6271.3859 | J54: =MAX(J50+J52+J53,0) -> 0 | K54: =MAX(K50+K52+K53,0) -> 0 | L54: =MAX(L50+L52+L53,0) -> 0 | M54: =MAX(M50+M52+M53,0) -> 0 | N54: =MAX(N50+N52+N53,0) -> 0 | ... Z54: =MAX(Z50+Z52+Z53,0) -> 0
B56: INCOME STATEMENT (P&L)
B57: GROSS REVENUE | G57: =SUM(G58:G59) -> 0 | H57: =SUM(H58:H59) -> 30000 | I57: =SUM(I58:I59) -> 28500 | J57: =SUM(J58:J59) -> 29500 | K57: =SUM(K58:K59) -> 32000 | L57: =SUM(L58:L59) -> 43000 | M57: =SUM(M58:M59) -> 43000 | N57: =SUM(N58:N59) -> 44500 | ... Z57: =SUM(Z58:Z59) -> 44500
C58: Fixed revenue, 18-year contract | G58: 0 | H58: =$E$10 -> 30000 | I58: =$E$9-$H$58/3 -> 21000 | J58: =$E$9-$H$58/3 -> 21000 | K58: =$E$9-$H$58/3 -> 21000 | L58: =$E$9 -> 31000 | M58: =$E$9 -> 31000 | N58: =$E$9 -> 31000 | O58: =$E$9 -> 31000 | P58: =$E$9 -> 31000 | Q58: =$E$9 -> 31000 | R58: =$E$9 -> 31000 | S58: =$E$9 -> 31000 | ... Z58: =$E$9 -> 31000
C59: Variable revenue, 18-year contract (% occupancy) | G59: 0 | H59: 0 | I59: =VLOOKUP(ROUND(I60,2),$E$230:$H$280,4,TRUE)/1000 -> 7500 | J59: =VLOOKUP(ROUND(J60,2),$E$230:$H$280,4,TRUE)/1000 -> 8500 | K59: =VLOOKUP(ROUND(K60,2),$E$230:$H$280,4,TRUE)/1000 -> 11000 | L59: =VLOOKUP(ROUND(L60,2),$E$230:$H$280,4,TRUE)/1000 -> 12000 | M59: =VLOOKUP(ROUND(M60,2),$E$230:$H$280,4,TRUE)/1000 -> 12000 | N59: =VLOOKUP(ROUND(N60,2),$E$230:$H$280,4,TRUE)/1000 -> 13500 | O59: =VLOOKUP(ROUND(O60,2),$E$230:$H$280,4,TRUE)/1000 -> 13500 | P59: =VLOOKUP(ROUND(P60,2),$E$230:$H$280,4,TRUE)/1000 -> 13500 | ... Z59: =VLOOKUP(ROUND(Z60,2),$E$230:$H$280,4,TRUE)/1000 -> 13500
C60: Occupancy rate (assumption) | G60: 0 | H60: 0 | I60: 0.68 | J60: 0.7 | K60: 0.75 | L60: 0.77 | M60: 0.77 | N60: 0.8 | O60: 0.8 | P60: 0.8 | Q60: 0.8 | R60: 0.8 | S60: 0.8 | T60: 0.8 | U60: 0.8 | V60: 0.8 | W60: 0.8 | X60: 0.8 | Y60: 0.8 | Z60: 0.8
B61: SALES DEDUCTIONS | G61: =SUM(G62:G63) -> 0 | H61: =SUM(H62:H63) -> -1095 | I61: =SUM(I62:I63) -> -1040.25 | J61: =SUM(J62:J63) -> -1076.75 | K61: =SUM(K62:K63) -> -1168 | L61: =SUM(L62:L63) -> -1569.5 | M61: =SUM(M62:M63) -> -1569.5 | N61: =SUM(N62:N63) -> -1624.25 | ... Z61: =SUM(Z62:Z63) -> -1624.25
C62: =IF($E$24="Actual Profit (Lucro Real)","PIS - 1.65%","PIS - 0.65%") -> PIS - 0,65% | G62: =IF($E$24="Actual Profit (Lucro Real)",-G57*1.65%,-G57*0.65%) -> 0 | H62: =IF($E$24="Actual Profit (Lucro Real)",-H57*1.65%,-H57*0.65%) -> -195 | I62: =IF($E$24="Actual Profit (Lucro Real)",-I57*1.65%,-I57*0.65%) -> -185.25 | J62: =IF($E$24="Actual Profit (Lucro Real)",-J57*1.65%,-J57*0.65%) -> -191.75 | K62: =IF($E$24="Actual Profit (Lucro Real)",-K57*1.65%,-K57*0.65%) -> -208 | L62: =IF($E$24="Actual Profit (Lucro Real)",-L57*1.65%,-L57*0.65%) -> -279.5 | M62: =IF($E$24="Actual Profit (Lucro Real)",-M57*1.65%,-M57*0.65%) -> -279.5 | N62: =IF($E$24="Actual Profit (Lucro Real)",-N57*1.65%,-N57*0.65%) -> -289.25 | ... Z62: =IF($E$24="Actual Profit (Lucro Real)",-Z57*1.65%,-Z57*0.65%) -> -289.25
C63: =IF($E$24="Actual Profit (Lucro Real)","COFINS - 7.60%","COFINS - 3.00%") -> COFINS - 3,00% | G63: =IF($E$24="Actual Profit (Lucro Real)",-G57*7.6%,-G57*3%) -> 0 | H63: =IF($E$24="Actual Profit (Lucro Real)",-H57*7.6%,-H57*3%) -> -900 | I63: =IF($E$24="Actual Profit (Lucro Real)",-I57*7.6%,-I57*3%) -> -855 | J63: =IF($E$24="Actual Profit (Lucro Real)",-J57*7.6%,-J57*3%) -> -885 | K63: =IF($E$24="Actual Profit (Lucro Real)",-K57*7.6%,-K57*3%) -> -960 | L63: =IF($E$24="Actual Profit (Lucro Real)",-L57*7.6%,-L57*3%) -> -1290 | M63: =IF($E$24="Actual Profit (Lucro Real)",-M57*7.6%,-M57*3%) -> -1290 | N63: =IF($E$24="Actual Profit (Lucro Real)",-N57*7.6%,-N57*3%) -> -1335 | ... Z63: =IF($E$24="Actual Profit (Lucro Real)",-Z57*7.6%,-Z57*3%) -> -1335
B64: NET REVENUE | G64: =G57+G61 -> 0 | H64: =H57+H61 -> 28905 | I64: =I57+I61 -> 27459.75 | J64: =J57+J61 -> 28423.25 | K64: =K57+K61 -> 30832 | L64: =L57+L61 -> 41430.5 | M64: =M57+M61 -> 41430.5 | N64: =N57+N61 -> 42875.75 | ... Z64: =Z57+Z61 -> 42875.75
C65: Cost of services rendered | G65: 0 | H65: 0 | I65: 0 | J65: 0 | K65: 0 | L65: 0 | M65: 0 | N65: 0 | O65: 0 | P65: 0 | Q65: 0 | R65: 0 | S65: 0 | T65: 0 | U65: 0 | V65: 0 | W65: 0 | X65: 0 | Y65: 0 | Z65: 0
B66: CONTRIBUTION MARGIN | G66: =G64+G65 -> 0 | H66: =H64+H65 -> 28905 | I66: =I64+I65 -> 27459.75 | J66: =J64+J65 -> 28423.25 | K66: =K64+K65 -> 30832 | L66: =L64+L65 -> 41430.5 | M66: =M64+M65 -> 41430.5 | N66: =N64+N65 -> 42875.75 | ... Z66: =Z64+Z65 -> 42875.75
C67: SG&A + expenses | G67: =-$E$18*G57 -> 0 | H67: =-$E$18*H57 -> -600 | I67: =-$E$18*I57 -> -570 | J67: =-$E$18*J57 -> -590 | K67: =-$E$18*K57 -> -640 | L67: =-$E$18*L57 -> -860 | M67: =-$E$18*M57 -> -860 | N67: =-$E$18*N57 -> -890 | ... Z67: =-$E$18*Z57 -> -890
C68: Other expenses | G68: =-$E$19*G57 -> 0 | H68: =-$E$19*H57 -> 0 | I68: =-$E$19*I57 -> 0 | J68: =-$E$19*J57 -> 0 | K68: =-$E$19*K57 -> 0 | L68: =-$E$19*L57 -> 0 | M68: =-$E$19*M57 -> 0 | N68: =-$E$19*N57 -> 0 | ... Z68: =-$E$19*Z57 -> 0
B69: EBITDA | G69: =G66+G67+G68 -> 0 | H69: =H66+H67+H68 -> 28305 | I69: =I66+I67+I68 -> 26889.75 | J69: =J66+J67+J68 -> 27833.25 | K69: =K66+K67+K68 -> 30192 | L69: =L66+L67+L68 -> 40570.5 | M69: =M66+M67+M68 -> 40570.5 | N69: =N66+N67+N68 -> 41985.75 | ... Z69: =Z66+Z67+Z68 -> 41985.75
C70: EBITDA (% of net revenue) | G70: =IFERROR(G69/G64,"n/a") -> n/a | H70: =IFERROR(H69/H64,"n/a") -> 0.97924235 | I70: =IFERROR(I69/I64,"n/a") -> 0.97924235 | J70: =IFERROR(J69/J64,"n/a") -> 0.97924235 | K70: =IFERROR(K69/K64,"n/a") -> 0.97924235 | L70: =IFERROR(L69/L64,"n/a") -> 0.97924235 | M70: =IFERROR(M69/M64,"n/a") -> 0.97924235 | N70: =IFERROR(N69/N64,"n/a") -> 0.97924235 | ... Z70: =IFERROR(Z69/Z64,"n/a") -> 0.97924235
C71: Depreciation & amortization | G71: =IF(AND(G$6>=$E$21,G$6<$E$21+$E$20),-$E$36/$E$20,0) -> 0 | H71: =IF(AND(H$6>=$E$21,H$6<$E$21+$E$20),-$E$36/$E$20,0) -> 0 | I71: =IF(AND(I$6>=$E$21,I$6<$E$21+$E$20),-$E$36/$E$20,0) -> -25044.226 | J71: =IF(AND(J$6>=$E$21,J$6<$E$21+$E$20),-$E$36/$E$20,0) -> -25044.226 | K71: =IF(AND(K$6>=$E$21,K$6<$E$21+$E$20),-$E$36/$E$20,0) -> -25044.226 | L71: =IF(AND(L$6>=$E$21,L$6<$E$21+$E$20),-$E$36/$E$20,0) -> -25044.226 | M71: =IF(AND(M$6>=$E$21,M$6<$E$21+$E$20),-$E$36/$E$20,0) -> -25044.226 | N71: =IF(AND(N$6>=$E$21,N$6<$E$21+$E$20),-$E$36/$E$20,0) -> -25044.226 | ... Z71: =IF(AND(Z$6>=$E$21,Z$6<$E$21+$E$20),-$E$36/$E$20,0) -> -25044.226
B72: EBIT | G72: =G69+G71 -> 0 | H72: =H69+H71 -> 28305 | I72: =I69+I71 -> 1845.5241 | J72: =J69+J71 -> 2789.0241 | K72: =K69+K71 -> 5147.7741 | L72: =L69+L71 -> 15526.274 | M72: =M69+M71 -> 15526.274 | N72: =N69+N71 -> 16941.524 | ... Z72: =Z69+Z71 -> 16941.524
C73: Financial expenses | G73: =-G44-G48 -> -10 | H73: =-H44-H48 -> -2502.2076 | I73: =-I44-I48 -> -8310.4065 | J73: =-J44-J48 -> -8609.4058 | K73: =-K44-K48 -> -7894.0386 | L73: =-L44-L48 -> -7178.6715 | M73: =-M44-M48 -> -6463.3043 | N73: =-N44-N48 -> -5747.9372 | ... Z73: =-Z44-Z48 -> -25
C74: Financial income | G74: 0 | H74: 0 | I74: 0 | J74: 0 | K74: 0 | L74: 0 | M74: 0 | N74: 0 | O74: 0 | P74: 0 | Q74: 0 | R74: 0 | S74: 0 | T74: 0 | U74: 0 | V74: 0 | W74: 0 | X74: 0 | Y74: 0 | Z74: 0
B75: EBT | G75: =G72+G73+G74 -> -10 | H75: =H72+H73+H74 -> 25802.792 | I75: =I72+I73+I74 -> -6464.8824 | J75: =J72+J73+J74 -> -5820.3817 | K75: =K72+K73+K74 -> -2746.2646 | L75: =L72+L73+L74 -> 8347.6026 | M75: =M72+M73+M74 -> 9062.9697 | N75: =N72+N73+N74 -> 11193.587 | ... Z75: =Z72+Z73+Z74 -> 16916.524
C76: IRPJ (corporate income tax) | G76: =IF($E$24="Actual Profit (Lucro Real)",-G93,-G86) -> 0 | H76: =IF($E$24="Actual Profit (Lucro Real)",-H93,-H86) -> -2376 | I76: =IF($E$24="Actual Profit (Lucro Real)",-I93,-I86) -> -2256 | J76: =IF($E$24="Actual Profit (Lucro Real)",-J93,-J86) -> -2336 | K76: =IF($E$24="Actual Profit (Lucro Real)",-K93,-K86) -> -2536 | L76: =IF($E$24="Actual Profit (Lucro Real)",-L93,-L86) -> -3416 | M76: =IF($E$24="Actual Profit (Lucro Real)",-M93,-M86) -> -3416 | N76: =IF($E$24="Actual Profit (Lucro Real)",-N93,-N86) -> -3536 | ... Z76: =IF($E$24="Actual Profit (Lucro Real)",-Z93,-Z86) -> -3536
C77: CSLL (social contribution) | G77: =IF($E$24="Actual Profit (Lucro Real)",-G94,-G87) -> 0 | H77: =IF($E$24="Actual Profit (Lucro Real)",-H94,-H87) -> -864 | I77: =IF($E$24="Actual Profit (Lucro Real)",-I94,-I87) -> -820.8 | J77: =IF($E$24="Actual Profit (Lucro Real)",-J94,-J87) -> -849.6 | K77: =IF($E$24="Actual Profit (Lucro Real)",-K94,-K87) -> -921.6 | L77: =IF($E$24="Actual Profit (Lucro Real)",-L94,-L87) -> -1238.4 | M77: =IF($E$24="Actual Profit (Lucro Real)",-M94,-M87) -> -1238.4 | N77: =IF($E$24="Actual Profit (Lucro Real)",-N94,-N87) -> -1281.6 | ... Z77: =IF($E$24="Actual Profit (Lucro Real)",-Z94,-Z87) -> -1281.6
B78: NET INCOME | G78: =G75+G76+G77 -> -10 | H78: =H75+H76+H77 -> 22562.792 | I78: =I75+I76+I77 -> -9541.6824 | J78: =J75+J76+J77 -> -9005.9817 | K78: =K75+K76+K77 -> -6203.8646 | L78: =L75+L76+L77 -> 3693.2026 | M78: =M75+M76+M77 -> 4408.5697 | N78: =N75+N76+N77 -> 6375.9869 | ... Z78: =Z75+Z76+Z77 -> 12098.924
C79: Net margin (% of net revenue) | G79: =IFERROR(G78/G64,"n/a") -> n/a | H79: =IFERROR(H78/H64,"n/a") -> 0.78058441 | I79: =IFERROR(I78/I64,"n/a") -> -0.34747885 | J79: =IFERROR(J78/J64,"n/a") -> -0.31685264 | K79: =IFERROR(K78/K64,"n/a") -> -0.20121512 | L79: =IFERROR(L78/L64,"n/a") -> 0.08914212 | M79: =IFERROR(M78/M64,"n/a") -> 0.1064088 | N79: =IFERROR(N78/N64,"n/a") -> 0.14870846 | ... Z79: =IFERROR(Z78/Z64,"n/a") -> 0.28218571
C80: Operating income after tax (EBITDA − IRPJ/CSLL) — basis for the investor's cap rate | E80: =MAX(G80:Z80) -> 37168.15 | G80: =G69+G76+G77 -> 0 | H80: =H69+H76+H77 -> 25065 | I80: =I69+I76+I77 -> 23812.95 | J80: =J69+J76+J77 -> 24647.65 | K80: =K69+K76+K77 -> 26734.4 | L80: =L69+L76+L77 -> 35916.1 | M80: =M69+M76+M77 -> 35916.1 | N80: =N69+N76+N77 -> 37168.15 | ... Z80: =Z69+Z76+Z77 -> 37168.15
B81: CALCULATION MEMO — IRPJ / CSLL
C82: Presumed Profit (Lucro Presumido)
C83: Presumed base - 32% | G83: =G57*32% -> 0 | H83: =H57*32% -> 9600 | I83: =I57*32% -> 9120 | J83: =J57*32% -> 9440 | K83: =K57*32% -> 10240 | L83: =L57*32% -> 13760 | M83: =M57*32% -> 13760 | N83: =N57*32% -> 14240 | ... Z83: =Z57*32% -> 14240
C84: IRPJ - 15% | G84: =G83*15% -> 0 | H84: =H83*15% -> 1440 | I84: =I83*15% -> 1368 | J84: =J83*15% -> 1416 | K84: =K83*15% -> 1536 | L84: =L83*15% -> 2064 | M84: =M83*15% -> 2064 | N84: =N83*15% -> 2136 | ... Z84: =Z83*15% -> 2136
C85: IRPJ - 10% surcharge | G85: =IF(G83<240,0,(G83-240)*10%) -> 0 | H85: =IF(H83<240,0,(H83-240)*10%) -> 936 | I85: =IF(I83<240,0,(I83-240)*10%) -> 888 | J85: =IF(J83<240,0,(J83-240)*10%) -> 920 | K85: =IF(K83<240,0,(K83-240)*10%) -> 1000 | L85: =IF(L83<240,0,(L83-240)*10%) -> 1352 | M85: =IF(M83<240,0,(M83-240)*10%) -> 1352 | N85: =IF(N83<240,0,(N83-240)*10%) -> 1400 | ... Z85: =IF(Z83<240,0,(Z83-240)*10%) -> 1400
C86: IRPJ - total | G86: =G84+G85 -> 0 | H86: =H84+H85 -> 2376 | I86: =I84+I85 -> 2256 | J86: =J84+J85 -> 2336 | K86: =K84+K85 -> 2536 | L86: =L84+L85 -> 3416 | M86: =M84+M85 -> 3416 | N86: =N84+N85 -> 3536 | ... Z86: =Z84+Z85 -> 3536
C87: CSLL - 9% | G87: =G83*9% -> 0 | H87: =H83*9% -> 864 | I87: =I83*9% -> 820.8 | J87: =J83*9% -> 849.6 | K87: =K83*9% -> 921.6 | L87: =L83*9% -> 1238.4 | M87: =M83*9% -> 1238.4 | N87: =N83*9% -> 1281.6 | ... Z87: =Z83*9% -> 1281.6
C88: Actual Profit (Lucro Real)
C89: IRPJ + CSLL payable? | G89: =IF(G75<0,"NO","YES") -> NÃO | H89: =IF(H75<0,"NO","YES") -> SIM | I89: =IF(I75<0,"NO","YES") -> NÃO | J89: =IF(J75<0,"NO","YES") -> NÃO | K89: =IF(K75<0,"NO","YES") -> NÃO | L89: =IF(L75<0,"NO","YES") -> SIM | M89: =IF(M75<0,"NO","YES") -> SIM | N89: =IF(N75<0,"NO","YES") -> SIM | ... Z89: =IF(Z75<0,"NO","YES") -> SIM
C90: Tax loss for the year | G90: =IF(G89="NO",-G75,0) -> 10 | H90: =IF(H89="NO",-H75,0) -> 0 | I90: =IF(I89="NO",-I75,0) -> 6464.8824 | J90: =IF(J89="NO",-J75,0) -> 5820.3817 | K90: =IF(K89="NO",-K75,0) -> 2746.2646 | L90: =IF(L89="NO",-L75,0) -> 0 | M90: =IF(M89="NO",-M75,0) -> 0 | N90: =IF(N89="NO",-N75,0) -> 0 | ... Z90: =IF(Z89="NO",-Z75,0) -> 0
C91: Tax loss used | G91: =IF(G89="YES",IF((G75*30%)>N(F92),-N(F92),G75*-30%),0) -> 0 | H91: =IF(H89="YES",IF((H75*30%)>N(G92),-N(G92),H75*-30%),0) -> -10 | I91: =IF(I89="YES",IF((I75*30%)>N(H92),-N(H92),I75*-30%),0) -> 0 | J91: =IF(J89="YES",IF((J75*30%)>N(I92),-N(I92),J75*-30%),0) -> 0 | K91: =IF(K89="YES",IF((K75*30%)>N(J92),-N(J92),K75*-30%),0) -> 0 | L91: =IF(L89="YES",IF((L75*30%)>N(K92),-N(K92),L75*-30%),0) -> -2504.2808 | M91: =IF(M89="YES",IF((M75*30%)>N(L92),-N(L92),M75*-30%),0) -> -2718.8909 | N91: =IF(N89="YES",IF((N75*30%)>N(M92),-N(M92),N75*-30%),0) -> -3358.0761 | ... Z91: =IF(Z89="YES",IF((Z75*30%)>N(Y92),-N(Y92),Z75*-30%),0) -> 0
C92: Accumulated tax loss | G92: =N(F92)+G90+G91 -> 10 | H92: =N(G92)+H90+H91 -> 0 | I92: =N(H92)+I90+I91 -> 6464.8824 | J92: =N(I92)+J90+J91 -> 12285.264 | K92: =N(J92)+K90+K91 -> 15031.529 | L92: =N(K92)+L90+L91 -> 12527.248 | M92: =N(L92)+M90+M91 -> 9808.357 | N92: =N(M92)+N90+N91 -> 6450.2809 | ... Z92: =N(Y92)+Z90+Z91 -> 0
C93: IRPJ - 25% payable | G93: =-IF(G89="NO",0,(G75+G91)*-25%) -> 0 | H93: =-IF(H89="NO",0,(H75+H91)*-25%) -> 6448.1981 | I93: =-IF(I89="NO",0,(I75+I91)*-25%) -> 0 | J93: =-IF(J89="NO",0,(J75+J91)*-25%) -> 0 | K93: =-IF(K89="NO",0,(K75+K91)*-25%) -> 0 | L93: =-IF(L89="NO",0,(L75+L91)*-25%) -> 1460.8305 | M93: =-IF(M89="NO",0,(M75+M91)*-25%) -> 1586.0197 | N93: =-IF(N89="NO",0,(N75+N91)*-25%) -> 1958.8777 | ... Z93: =-IF(Z89="NO",0,(Z75+Z91)*-25%) -> 4229.131
C94: CSLL - 9% payable | G94: =-IF(G89="NO",0,(G75+G91)*-9%) -> 0 | H94: =-IF(H89="NO",0,(H75+H91)*-9%) -> 2321.3513 | I94: =-IF(I89="NO",0,(I75+I91)*-9%) -> 0 | J94: =-IF(J89="NO",0,(J75+J91)*-9%) -> 0 | K94: =-IF(K89="NO",0,(K75+K91)*-9%) -> 0 | L94: =-IF(L89="NO",0,(L75+L91)*-9%) -> 525.89896 | M94: =-IF(M89="NO",0,(M75+M91)*-9%) -> 570.96709 | N94: =-IF(N89="NO",0,(N75+N91)*-9%) -> 705.19597 | ... Z94: =-IF(Z89="NO",0,(Z75+Z91)*-9%) -> 1522.4872
B96: CASH FLOW
C97: Net income | G97: =G78 -> -10 | H97: =H78 -> 22562.792 | I97: =I78 -> -9541.6824 | J97: =J78 -> -9005.9817 | K97: =K78 -> -6203.8646 | L97: =L78 -> 3693.2026 | M97: =M78 -> 4408.5697 | N97: =N78 -> 6375.9869 | ... Z97: =Z78 -> 12098.924
C98: (+) IRPJ | G98: =-G76 -> 0 | H98: =-H76 -> 2376 | I98: =-I76 -> 2256 | J98: =-J76 -> 2336 | K98: =-K76 -> 2536 | L98: =-L76 -> 3416 | M98: =-M76 -> 3416 | N98: =-N76 -> 3536 | ... Z98: =-Z76 -> 3536
C99: (+) CSLL | G99: =-G77 -> 0 | H99: =-H77 -> 864 | I99: =-I77 -> 820.8 | J99: =-J77 -> 849.6 | K99: =-K77 -> 921.6 | L99: =-L77 -> 1238.4 | M99: =-M77 -> 1238.4 | N99: =-N77 -> 1281.6 | ... Z99: =-Z77 -> 1281.6
C100: (+) Financial expenses | G100: =-G73 -> 10 | H100: =-H73 -> 2502.2076 | I100: =-I73 -> 8310.4065 | J100: =-J73 -> 8609.4058 | K100: =-K73 -> 7894.0386 | L100: =-L73 -> 7178.6715 | M100: =-M73 -> 6463.3043 | N100: =-N73 -> 5747.9372 | ... Z100: =-Z73 -> 25
C101: (-) Financial income | G101: =-G74 -> 0 | H101: =-H74 -> 0 | I101: =-I74 -> 0 | J101: =-J74 -> 0 | K101: =-K74 -> 0 | L101: =-L74 -> 0 | M101: =-M74 -> 0 | N101: =-N74 -> 0 | ... Z101: =-Z74 -> 0
C102: (+) Depreciation & amortization | G102: =-G71 -> 0 | H102: =-H71 -> 0 | I102: =-I71 -> 25044.226 | J102: =-J71 -> 25044.226 | K102: =-K71 -> 25044.226 | L102: =-L71 -> 25044.226 | M102: =-M71 -> 25044.226 | N102: =-N71 -> 25044.226 | ... Z102: =-Z71 -> 25044.226
B103: EBITDA | G103: =SUM(G97:G102) -> 0 | H103: =SUM(H97:H102) -> 28305 | I103: =SUM(I97:I102) -> 26889.75 | J103: =SUM(J97:J102) -> 27833.25 | K103: =SUM(K97:K102) -> 30192 | L103: =SUM(L97:L102) -> 40570.5 | M103: =SUM(M97:M102) -> 40570.5 | N103: =SUM(N97:N102) -> 41985.75 | ... Z103: =SUM(Z97:Z102) -> 41985.75
C104: Club Med land | G104: =-G29 -> 0 | H104: =-H29 -> 0 | I104: =-I29 -> 0 | J104: =-J29 -> 0 | K104: =-K29 -> 0 | L104: =-L29 -> 0 | M104: =-M29 -> 0 | N104: =-N29 -> 0 | ... Z104: =-Z29 -> 0
C105: Capex (construction + FF&E + fee + utilities + roads + AQUA) | G105: =-SUM(G30:G35) -> -130086.52 | H105: =-SUM(H30:H35) -> -305008.09 | I105: =-SUM(I30:I35) -> -15701.46 | J105: =-SUM(J30:J35) -> 0 | K105: =-SUM(K30:K35) -> 0 | L105: =-SUM(L30:L35) -> 0 | M105: =-SUM(M30:M35) -> 0 | N105: =-SUM(N30:N35) -> 0 | ... Z105: =-SUM(Z30:Z35) -> 0
B106: DRAWDOWN / AMORTIZATION | G106: =SUM(G107:G110) -> 45589.838 | H106: =SUM(H107:H110) -> 142060.75 | I106: =SUM(I107:I110) -> 7289.4086 | J106: =SUM(J107:J110) -> -19552.02 | K106: =SUM(K107:K110) -> -25394.039 | L106: =SUM(L107:L110) -> -24678.671 | M106: =SUM(M107:M110) -> -23963.304 | N106: =SUM(N107:N110) -> -23247.937 | ... Z106: =SUM(Z107:Z110) -> -25
C107: Drawdown | G107: =G43 -> 60599.838 | H107: =H43 -> 142085.75 | I107: =I43 -> 7314.4086 | J107: =J43 -> 0 | K107: =K43 -> 0 | L107: =L43 -> 0 | M107: =M43 -> 0 | N107: =N43 -> 0 | ... Z107: =Z43 -> 0
C108: Amortization + interest (net of amounts paid from the reserve) | G108: =G45+G46-G53 -> 0 | H108: =H45+H46-H53 -> 0 | I108: =I45+I46-I53 -> 0 | J108: =J45+J46-J53 -> -19527.02 | K108: =K45+K46-K53 -> -25369.039 | L108: =L45+L46-L53 -> -24653.671 | M108: =M45+M46-M53 -> -23938.304 | N108: =N45+N46-N53 -> -23222.937 | ... Z108: =Z45+Z46-Z53 -> 0
...

Sheet WDC WEDDINGS
B2: GRAMADO PROJECT - WDC WEDDINGS
B3: WDC Weddings standalone account: Capex, operations (WDC Gramado business plan — pessimistic/realistic/optimistic scenarios) and cash flow. No leverage and no additional income tax (19.5% taxes already in the business plan costs).
B6: Values in R$ thousand | E6: Total / Input | G6: 2026 | H6: =G6+1 -> 2027 | I6: =H6+1 -> 2028 | J6: =I6+1 -> 2029 | K6: =J6+1 -> 2030 | L6: =K6+1 -> 2031 | M6: =L6+1 -> 2032 | N6: =M6+1 -> 2033 | O6: =N6+1 -> 2034 | ... Z6: =Y6+1 -> 2045 | AA6: Perp.
B8: ASSUMPTIONS
C9: WDC Weddings construction + infrastructure Capex (R$ thousand) — 3,000 m²; breakdown from the WDC business plan | E9: 16000
C10: Star Ópera development fee (%) | E10: 0.04
C11: NPV discount rate (% p.a.) | E11: =MANAGEMENT!$H$6 -> 0.09
C12: Terminal cap rate (% p.a.) | E12: 0.1
C13: Capex disbursement year | E13: 2027
C14: WDC business plan scenario (Pessimistic / Realistic / Optimistic) | E14: Realistic
C15: Operations start year | E15: 2028
C16: Result growth after period 5 (% p.a.) | E16: 0
B17: WDC WEDDINGS ANNUAL CAPEX
C18: WDC Weddings construction + infrastructure | E18: =SUM(G18:Z18) -> 16000 | G18: =IF(G$6=$E$13,$E$9,0) -> 0 | H18: =IF(H$6=$E$13,$E$9,0) -> 16000 | I18: =IF(I$6=$E$13,$E$9,0) -> 0 | J18: =IF(J$6=$E$13,$E$9,0) -> 0 | K18: =IF(K$6=$E$13,$E$9,0) -> 0 | L18: =IF(L$6=$E$13,$E$9,0) -> 0 | M18: =IF(M$6=$E$13,$E$9,0) -> 0 | N18: =IF(N$6=$E$13,$E$9,0) -> 0 | ... Z18: =IF(Z$6=$E$13,$E$9,0) -> 0
C19: Star Ópera development fee | E19: =SUM(G19:Z19) -> 640 | G19: =G18*$E$10 -> 0 | H19: =H18*$E$10 -> 640 | I19: =I18*$E$10 -> 0 | J19: =J18*$E$10 -> 0 | K19: =K18*$E$10 -> 0 | L19: =L18*$E$10 -> 0 | M19: =M18*$E$10 -> 0 | N19: =N18*$E$10 -> 0 | ... Z19: =Z18*$E$10 -> 0
B20: TOTAL WDC WEDDINGS CAPEX | E20: =SUM(G20:Z20) -> 16640 | G20: =G18+G19 -> 0 | H20: =H18+H19 -> 16640 | I20: =I18+I19 -> 0 | J20: =J18+J19 -> 0 | K20: =K18+K19 -> 0 | L20: =L18+L19 -> 0 | M20: =M18+M19 -> 0 | N20: =N18+N19 -> 0 | ... Z20: =Z18+Z19 -> 0
B22: OPERATING RESULT — WDC WEDDINGS
C23: Operating period (year 1, 2, 3...) | G23: =IF(G$6>=$E$15,G$6-$E$15+1,0) -> 0 | H23: =IF(H$6>=$E$15,H$6-$E$15+1,0) -> 0 | I23: =IF(I$6>=$E$15,I$6-$E$15+1,0) -> 1 | J23: =IF(J$6>=$E$15,J$6-$E$15+1,0) -> 2 | K23: =IF(K$6>=$E$15,K$6-$E$15+1,0) -> 3 | L23: =IF(L$6>=$E$15,L$6-$E$15+1,0) -> 4 | M23: =IF(M$6>=$E$15,M$6-$E$15+1,0) -> 5 | N23: =IF(N$6>=$E$15,N$6-$E$15+1,0) -> 6 | ... Z23: =IF(Z$6>=$E$15,Z$6-$E$15+1,0) -> 18
C24: Events held (number) | G24: {=IF(G23=0,0,INDEX($G$79:$K$81,MATCH($E$14,$E$79:$E$81,0),MIN(G23,5)))} -> 0 | H24: {=IF(H23=0,0,INDEX($G$79:$K$81,MATCH($E$14,$E$79:$E$81,0),MIN(H23,5)))} -> 0 | I24: {=IF(I23=0,0,INDEX($G$79:$K$81,MATCH($E$14,$E$79:$E$81,0),MIN(I23,5)))} -> 112 | J24: {=IF(J23=0,0,INDEX($G$79:$K$81,MATCH($E$14,$E$79:$E$81,0),MIN(J23,5)))} -> 142 | K24: {=IF(K23=0,0,INDEX($G$79:$K$81,MATCH($E$14,$E$79:$E$81,0),MIN(K23,5)))} -> 159 | L24: {=IF(L23=0,0,INDEX($G$79:$K$81,MATCH($E$14,$E$79:$E$81,0),MIN(L23,5)))} -> 181 | M24: {=IF(M23=0,0,INDEX($G$79:$K$81,MATCH($E$14,$E$79:$E$81,0),MIN(M23,5)))} -> 202 | N24: {=IF(N23=0,0,INDEX($G$79:$K$81,MATCH($E$14,$E$79:$E$81,0),MIN(N23,5)))} -> 202 | ... Z24: {=IF(Z23=0,0,INDEX($G$79:$K$81,MATCH($E$14,$E$79:$E$81,0),MIN(Z23,5)))} -> 202
C25: Average ticket per event (R$ thousand) | G25: {=IF(G23=0,0,INDEX($G$82:$K$84,MATCH($E$14,$E$79:$E$81,0),MIN(G23,5))/1000*(1+$E$16)^MAX(0,G23-5))} -> 0 | H25: {=IF(H23=0,0,INDEX($G$82:$K$84,MATCH($E$14,$E$79:$E$81,0),MIN(H23,5))/1000*(1+$E$16)^MAX(0,H23-5))} -> 0 | I25: {=IF(I23=0,0,INDEX($G$82:$K$84,MATCH($E$14,$E$79:$E$81,0),MIN(I23,5))/1000*(1+$E$16)^MAX(0,I23-5))} -> 43.81143 | J25: {=IF(J23=0,0,INDEX($G$82:$K$84,MATCH($E$14,$E$79:$E$81,0),MIN(J23,5))/1000*(1+$E$16)^MAX(0,J23-5))} -> 47.27236 | K25: {=IF(K23=0,0,INDEX($G$82:$K$84,MATCH($E$14,$E$79:$E$81,0),MIN(K23,5))/1000*(1+$E$16)^MAX(0,K23-5))} -> 51.06983 | L25: {=IF(L23=0,0,INDEX($G$82:$K$84,MATCH($E$14,$E$79:$E$81,0),MIN(L23,5))/1000*(1+$E$16)^MAX(0,L23-5))} -> 54.85774 | M25: {=IF(M23=0,0,INDEX($G$82:$K$84,MATCH($E$14,$E$79:$E$81,0),MIN(M23,5))/1000*(1+$E$16)^MAX(0,M23-5))} -> 59.3518 | N25: {=IF(N23=0,0,INDEX($G$82:$K$84,MATCH($E$14,$E$79:$E$81,0),MIN(N23,5))/1000*(1+$E$16)^MAX(0,N23-5))} -> 59.3518 | ... Z25: {=IF(Z23=0,0,INDEX($G$82:$K$84,MATCH($E$14,$E$79:$E$81,0),MIN(Z23,5))/1000*(1+$E$16)^MAX(0,Z23-5))} -> 59.3518
C26: Event revenue (venue rental) | G26: =G24*G25 -> 0 | H26: =H24*H25 -> 0 | I26: =I24*I25 -> 4906.8802 | J26: =J24*J25 -> 6712.6751 | K26: =K24*K25 -> 8120.103 | L26: =L24*L25 -> 9929.2509 | M26: =M24*M25 -> 11989.064 | N26: =N24*N25 -> 11989.064 | ... Z26: =Z24*Z25 -> 11989.064
C27: Other revenue (commissions on F&B, decoration, entertainment, staff, concierge) | G27: {=IF(G23=0,0,INDEX($G$85:$K$87,MATCH($E$14,$E$79:$E$81,0),MIN(G23,5))/1000*(1+$E$16)^MAX(0,G23-5))} -> 0 | H27: {=IF(H23=0,0,INDEX($G$85:$K$87,MATCH($E$14,$E$79:$E$81,0),MIN(H23,5))/1000*(1+$E$16)^MAX(0,H23-5))} -> 0 | I27: {=IF(I23=0,0,INDEX($G$85:$K$87,MATCH($E$14,$E$79:$E$81,0),MIN(I23,5))/1000*(1+$E$16)^MAX(0,I23-5))} -> 1341.7541 | J27: {=IF(J23=0,0,INDEX($G$85:$K$87,MATCH($E$14,$E$79:$E$81,0),MIN(J23,5))/1000*(1+$E$16)^MAX(0,J23-5))} -> 1720.0938 | K27: {=IF(K23=0,0,INDEX($G$85:$K$87,MATCH($E$14,$E$79:$E$81,0),MIN(K23,5))/1000*(1+$E$16)^MAX(0,K23-5))} -> 1964.0082 | L27: {=IF(L23=0,0,INDEX($G$85:$K$87,MATCH($E$14,$E$79:$E$81,0),MIN(L23,5))/1000*(1+$E$16)^MAX(0,L23-5))} -> 2228.6734 | M27: {=IF(M23=0,0,INDEX($G$85:$K$87,MATCH($E$14,$E$79:$E$81,0),MIN(M23,5))/1000*(1+$E$16)^MAX(0,M23-5))} -> 2482.2133 | N27: {=IF(N23=0,0,INDEX($G$85:$K$87,MATCH($E$14,$E$79:$E$81,0),MIN(N23,5))/1000*(1+$E$16)^MAX(0,N23-5))} -> 2482.2133 | ... Z27: {=IF(Z23=0,0,INDEX($G$85:$K$87,MATCH($E$14,$E$79:$E$81,0),MIN(Z23,5))/1000*(1+$E$16)^MAX(0,Z23-5))} -> 2482.2133
C28: GROSS REVENUE | G28: =G26+G27 -> 0 | H28: =H26+H27 -> 0 | I28: =I26+I27 -> 6248.6343 | J28: =J26+J27 -> 8432.7689 | K28: =K26+K27 -> 10084.111 | L28: =L26+L27 -> 12157.924 | M28: =M26+M27 -> 14471.277 | N28: =N26+N27 -> 14471.277 | ... Z28: =Z26+Z27 -> 14471.277
C29: (-) Taxes, commissions, operating costs and expenses | G29: {=IF(G23=0,0,INDEX($G$88:$K$90,MATCH($E$14,$E$79:$E$81,0),MIN(G23,5))/1000*(1+$E$16)^MAX(0,G23-5))} -> 0 | H29: {=IF(H23=0,0,INDEX($G$88:$K$90,MATCH($E$14,$E$79:$E$81,0),MIN(H23,5))/1000*(1+$E$16)^MAX(0,H23-5))} -> 0 | I29: {=IF(I23=0,0,INDEX($G$88:$K$90,MATCH($E$14,$E$79:$E$81,0),MIN(I23,5))/1000*(1+$E$16)^MAX(0,I23-5))} -> -3588.6817 | J29: {=IF(J23=0,0,INDEX($G$88:$K$90,MATCH($E$14,$E$79:$E$81,0),MIN(J23,5))/1000*(1+$E$16)^MAX(0,J23-5))} -> -4454.5043 | K29: {=IF(K23=0,0,INDEX($G$88:$K$90,MATCH($E$14,$E$79:$E$81,0),MIN(K23,5))/1000*(1+$E$16)^MAX(0,K23-5))} -> -5088.3075 | L29: {=IF(L23=0,0,INDEX($G$88:$K$90,MATCH($E$14,$E$79:$E$81,0),MIN(L23,5))/1000*(1+$E$16)^MAX(0,L23-5))} -> -5874.9866 | M29: {=IF(M23=0,0,INDEX($G$88:$K$90,MATCH($E$14,$E$79:$E$81,0),MIN(M23,5))/1000*(1+$E$16)^MAX(0,M23-5))} -> -6737.8149 | N29: {=IF(N23=0,0,INDEX($G$88:$K$90,MATCH($E$14,$E$79:$E$81,0),MIN(N23,5))/1000*(1+$E$16)^MAX(0,N23-5))} -> -6737.8149 | ... Z29: {=IF(Z23=0,0,INDEX($G$88:$K$90,MATCH($E$14,$E$79:$E$81,0),MIN(Z23,5))/1000*(1+$E$16)^MAX(0,Z23-5))} -> -6737.8149
C30: Margin (% of gross revenue) | G30: =IFERROR(G31/G28,0) -> 0 | H30: =IFERROR(H31/H28,0) -> 0 | I30: =IFERROR(I31/I28,0) -> 0.42568542 | J30: =IFERROR(J31/J28,0) -> 0.47176256 | K30: =IFERROR(K31/K28,0) -> 0.49541339 | L30: =IFERROR(L31/L28,0) -> 0.51677717 | M30: =IFERROR(M31/M28,0) -> 0.5344008 | N30: =IFERROR(N31/N28,0) -> 0.5344008 | ... Z30: =IFERROR(Z31/Z28,0) -> 0.5344008
C31: DISTRIBUTABLE RESULT (EBITDA) | G31: =G28+G29 -> 0 | H31: =H28+H29 -> 0 | I31: =I28+I29 -> 2659.9525 | J31: =J28+J29 -> 3978.2646 | K31: =K28+K29 -> 4995.8037 | L31: =L28+L29 -> 6282.9377 | M31: =M28+M29 -> 7733.462 | N31: =N28+N29 -> 7733.462 | ... Z31: =Z28+Z29 -> 7733.462
B33: CASH FLOW
C34: Weddings operating result | G34: =G31 -> 0 | H34: =H31 -> 0 | I34: =I31 -> 2659.9525 | J34: =J31 -> 3978.2646 | K34: =K31 -> 4995.8037 | L34: =L31 -> 6282.9377 | M34: =M31 -> 7733.462 | N34: =N31 -> 7733.462 | ... Z34: =Z31 -> 7733.462
C35: (-) Capex | G35: =-G20 -> 0 | H35: =-H20 -> -16640 | I35: =-I20 -> 0 | J35: =-J20 -> 0 | K35: =-K20 -> 0 | L35: =-L20 -> 0 | M35: =-M20 -> 0 | N35: =-N20 -> 0 | ... Z35: =-Z20 -> 0
B36: CASH FLOW FOR THE PERIOD | G36: =G34+G35 -> 0 | H36: =H34+H35 -> -16640 | I36: =I34+I35 -> 2659.9525 | J36: =J34+J35 -> 3978.2646 | K36: =K34+K35 -> 4995.8037 | L36: =L34+L35 -> 6282.9377 | M36: =M34+M35 -> 7733.462 | N36: =N34+N35 -> 7733.462 | ... Z36: =Z34+Z35 -> 7733.462 | AA36: =Z36/$E$12 -> 77334.62
C37: Cumulative cash flow | G37: =G36 -> 0 | H37: =G37+H36 -> -16640 | I37: =H37+I36 -> -13980.047 | J37: =I37+J36 -> -10001.783 | K37: =J37+K36 -> -5005.9792 | L37: =K37+L36 -> 1276.9585 | M37: =L37+M36 -> 9010.4205 | N37: =M37+N36 -> 16743.883 | O37: =N37+O36 -> 24477.345 | ... AA37: =Z37+AA36 -> 186880.05
B39: INVESTOR INDICATORS
C40: Cumulative cash flow (without perpetuity) | G40: =G36 -> 0 | H40: =G40+H36 -> -16640 | I40: =H40+I36 -> -13980.047 | J40: =I40+J36 -> -10001.783 | K40: =J40+K36 -> -5005.9792 | L40: =K40+L36 -> 1276.9585 | M40: =L40+M36 -> 9010.4205 | N40: =M40+N36 -> 16743.883 | O40: =N40+O36 -> 24477.345 | ... Z40: =Y40+Z36 -> 109545.43
C41: Discount factor | G41: =1/(1+$E$11)^(COLUMN(G41)-COLUMN($G$41)) -> 1 | H41: =1/(1+$E$11)^(COLUMN(H41)-COLUMN($G$41)) -> 0.91743119 | I41: =1/(1+$E$11)^(COLUMN(I41)-COLUMN($G$41)) -> 0.84167999 | J41: =1/(1+$E$11)^(COLUMN(J41)-COLUMN($G$41)) -> 0.77218348 | K41: =1/(1+$E$11)^(COLUMN(K41)-COLUMN($G$41)) -> 0.70842521 | L41: =1/(1+$E$11)^(COLUMN(L41)-COLUMN($G$41)) -> 0.64993139 | M41: =1/(1+$E$11)^(COLUMN(M41)-COLUMN($G$41)) -> 0.59626733 | N41: =1/(1+$E$11)^(COLUMN(N41)-COLUMN($G$41)) -> 0.54703424 | ... AA41: =1/(1+$E$11)^(COLUMN(AA41)-COLUMN($G$41)) -> 0.17843089
C42: Discounted cash flow | G42: =G36*G41 -> 0 | H42: =H36*H41 -> -15266.055 | I42: =I36*I41 -> 2238.8288 | J42: =J36*J41 -> 3071.9502 | K42: =K36*K41 -> 3539.1533 | L42: =L36*L41 -> 4083.4784 | M42: =M36*M41 -> 4611.2107 | N42: =N36*N41 -> 4230.4685 | ... AA42: =AA36*AA41 -> 13798.885
C43: Cumulative discounted cash flow (without perpetuity) | G43: =G42 -> 0 | H43: =G43+H42 -> -15266.055 | I43: =H43+I42 -> -13027.226 | J43: =I43+J42 -> -9955.276 | K43: =J43+K42 -> -6416.1227 | L43: =K43+L42 -> -2332.6443 | M43: =L43+M42 -> 2278.5664 | N43: =M43+N42 -> 6509.0349 | O43: =N43+O42 -> 10390.199 | ... Z43: =Y43+Z42 -> 36802.258
B45: Return
C46: IRR with perpetuity (% p.a.) | E46: =IRR($G$36:$AA$36) -> 0.32136766
C47: IRR without perpetuity — cash flow through 2045 (% p.a.) | E47: =IFERROR(IRR($G$36:$Z$36),"n/a") -> 0.3152216
C48: Discount rate (% p.a.) | E48: =$E$11 -> 0.09
C49: NPV with perpetuity (R$ thousand) | E49: =SUM($G$42:$AA$42) -> 50601.143
C50: NPV without perpetuity (R$ thousand) | E50: =SUM($G$42:$Z$42) -> 36802.258
C51: PV of the perpetuity (R$ thousand) | E51: =$AA$42 -> 13798.885
C52: Profitability index (PV inflows / PV outflows) | E52: =SUMIF($G$42:$AA$42,">0")/-SUMIF($G$42:$AA$42,"<0") -> 4.3146181
B54: Capital and exposure
C55: Capital invested — sum of negative cash flows (R$ thousand) | E55: =-SUMIF($G$36:$Z$36,"<0") -> 16640
C56: Peak cash exposure (R$ thousand) | E56: =-MIN(0,MIN($G$40:$Z$40)) -> 16640
C57: Year of peak exposure | E57: =INDEX($G$6:$Z$6,MATCH(MIN($G$40:$Z$40),$G$40:$Z$40,0)) -> 2027
C58: Years with negative cash flow | E58: =COUNTIF($G$36:$Z$36,"<0") -> 1
C59: Payback — years until the cumulative balance turns positive | E59: =IF(COUNTIF($G$40:$Z$40,"<0")=COUNT($G$40:$Z$40),"> 20 years",COUNTIF($G$40:$Z$40,"<0")) -> 4
B61: Multiple and cash generated
C62: Cash returned — sum of positive cash flows through 2045 (R$ thousand) | E62: =SUMIF($G$36:$Z$36,">0") -> 126185.43
C63: Cumulative cash result through 2045 (R$ thousand) | E63: =SUM($G$36:$Z$36) -> 109545.43
C64: Multiple on invested capital (MOIC) through 2045 | E64: =E62/E55 -> 7.5832588
C65: Multiple with perpetuity | E65: =(E62+$AA$36)/E55 -> 12.230772
C66: Average annual cash flow in positive years (R$ thousand) | E66: =IFERROR(AVERAGEIF($G$36:$Z$36,">0"),0) -> 7010.3015
C67: Average cash yield on peak exposure (% p.a.) | E67: =IFERROR(E66/E56,"n/a") -> 0.42129216
B75: Conventions: 2026 cash flow at t=0; perpetuity (Perp. column) discounted one period after 2045, as in the previous NPV. Peak exposure = lowest cumulative cash balance.
B77: BASE — WDC GRAMADO BUSINESS PLAN (ORIGINAL MODEL, VALUES IN R$)
C78: Metric | E78: Scenario | G78: Period 1 | H78: Period 2 | I78: Period 3 | J78: Period 4 | K78: Period 5
C79: Events held (number) | E79: Pessimistic | G79: 100 | H79: 127 | I79: 142 | J79: 162 | K79: 180
C80: Events held (number) | E80: Realistic | G80: 112 | H80: 142 | I80: 159 | J80: 181 | K80: 202
C81: Events held (number) | E81: Optimistic | G81: 122 | H81: 155 | I81: 173 | J81: 198 | K81: 220
C82: Average ticket per event (R$) | E82: Pessimistic | G82: 43146.4 | H82: 46689.34 | I82: 50887.9 | J82: 54695.14 | K82: 58730.8
C83: Average ticket per event (R$) | E83: Realistic | G83: 43811.43 | H83: 47272.36 | I83: 51069.83 | J83: 54857.74 | K83: 59351.8
C84: Average ticket per event (R$) | E84: Optimistic | G84: 44072.13 | H84: 47084.66 | I84: 51072.41 | J84: 55152.99 | K84: 59676.49
C85: Other revenue — commissions on F&B, decoration, entertainment, staff, concierge (R$) | E85: Pessimistic | G85: 1182284.3 | H85: 1537481.4 | I85: 1775465.7 | J85: 2011793.1 | K85: 2208579
C86: Other revenue — commissions on F&B, decoration, entertainment, staff, concierge (R$) | E86: Realistic | G86: 1341754.1 | H86: 1720093.8 | I86: 1964008.2 | J86: 2228673.4 | K86: 2482213.3
C87: Other revenue — commissions on F&B, decoration, entertainment, staff, concierge (R$) | E87: Optimistic | G87: 1450478.5 | H87: 1876603.1 | I87: 2118204.3 | J87: 2436741.6 | K87: 2776628.1
C88: (-) Taxes, commissions, costs and expenses (R$) | E88: Pessimistic | G88: -3329598.5 | H88: -4115986.6 | I88: -4706231.8 | J88: -5425165.3 | K88: -6156553.3
C89: (-) Taxes, commissions, costs and expenses (R$) | E89: Realistic | G89: -3588681.7 | H89: -4454504.3 | I89: -5088307.5 | J89: -5874986.6 | K89: -6737814.9
C90: (-) Taxes, commissions, costs and expenses (R$) | E90: Optimistic | G90: -3792528.1 | H90: -4718538.4 | I90: -5396270.3 | J90: -6291042.6 | K90: -7220918.2
C91: Distributable result — check (R$) | E91: =E79 -> Pessimista | G91: =G79*G82+G85+G88 -> 2167325.8 | H91: =H79*H82+H85+H88 -> 3351041 | I91: =I79*I82+I85+I88 -> 4295315.7 | J91: =J79*J82+J85+J88 -> 5447240.5 | K91: =K79*K82+K85+K88 -> 6623569.7
C92: Distributable result — check (R$) | E92: =E80 -> Realista | G92: =G80*G83+G86+G89 -> 2659952.5 | H92: =H80*H83+H86+H89 -> 3978264.6 | I92: =I80*I83+I86+I89 -> 4995803.7 | J92: =J80*J83+J86+J89 -> 6282937.7 | K92: =K80*K83+K86+K89 -> 7733462
C93: Distributable result — check (R$) | E93: =E81 -> Otimista | G93: =G81*G84+G87+G90 -> 3034750.3 | H93: =H81*H84+H87+H90 -> 4456187 | I93: =I81*I84+I87+I90 -> 5557460.9 | J93: =J81*J84+J87+J90 -> 7065991.1 | K93: =K81*K84+K87+K90 -> 8684537.7
C94: Ticket = venue rental per event (rental module, with a 12% discount, +8% p.a.). Other revenue = 6% commission on suppliers (F&B, decoration, entertainment, staff, concierge). Costs = taxes at 19.5% of revenue + commissions 7.1% + operating expenses. Business plan period 1 = 1st year of operation (E15).
B97: PRESENTATION SUMMARY — WDC WEDDINGS (DESTINATION WEDDING)
B98: Slide title | C98: ="WDC Weddings: IRR of "&TEXT($E$46,"0,0%")&" with Capex of R$ "&TEXT($E$20/1000,"#.##0,0")&" million" -> WDC Casamentos: TIR de 32,1% com Capex de R$ 16,6 mi
B99: Key message | C99: ="Gramado is an established wedding destination and Club Med brings its own destination-wedding demand — the venue pays for itself in "&$E$71&" years in the "&LOWER($E$14)&"." -> Gramado é destino de casamento consolidado e o Club Med traz demanda própria de destination wedding — o espaço se paga em anos no cenário realista.
B101: 1. Wedding market
B102: • | C102: ="Brazil: R$ 31.7 billion in 2025, ~476 thousand parties and an average ticket of R$ 66 thousand per party" -> Brasil: R$ 31,7 bi movimentados em 2025, ~476 mil festas e ticket médio de R$ 66 mil por festa
B103: • | C103: ="~931 thousand civil weddings projected in Brazil in 2025, stable in the South (Abrafesta)" -> ~931 mil casamentos civis projetados no Brasil em 2025, com estabilidade no Sul (Abrafesta)
B104: • | C104: ="Gramado is the 7th most recommended destination-wedding location in the world — the only Brazilian one on the list" -> Gramado é o 7º destino mais recomendado do mundo para destination wedding — único brasileiro da lista
B105: • | C105: ="Club Med holds ~235 weddings/year in Brazil and chose Gramado as one of its main wedding destinations" -> Club Med faz ~235 casamentos/ano no Brasil e escolheu Gramado como um dos principais destinos para casamentos
B106: • | C106: ="Trend: demand for outdoor weddings and bespoke experiences (+45% in RJ, Abrafesta) — favors a venue with nature and lodging" -> Tendência: busca por casamentos ao ar livre e experiências autorais (+45% no RJ, Abrafesta) — favorece espaço com natureza e hospedagem
B108: 2. The product
B109: • | C109: ="Event venue with modules for 150 and 300 guests, in-house catering, decoration, sound/lighting/LED and entertainment" -> Espaço de eventos com módulos de 150 e 300 convidados, gastronomia própria, decoração, som/luz/LED e entretenimento
B110: • | C110: ="Capex of R$ "&TEXT($E$20/1000,"#.##0,0")&" million (construction + infrastructure R$ "&TEXT($E$18/1000,"#.##0,0")&" million + development fee); opening in "&$E$15 -> Capex de R$ 16,6 mi (obra + infra R$ 16,0 mi + taxa de desenvolvimento); abertura em 2028
B111: • | C111: ="Basis: WDC Gramado business plan — "&LOWER($E$14)&"; ticket = venue rental per event" -> Base: BP WDC Gramado — cenário realista; ticket = locação do espaço por evento
B113: 3. Operations (adopted scenario)
B114: • | C114: =TEXT($I$24,"#.##0")&" events in the 1st year → "&TEXT($M$24,"#.##0")&" in the 5th year; average ticket of R$ "&TEXT($I$25,"#.##0,0")&" thousand → R$ "&TEXT($M$25,"#.##0,0")&" thousand" -> 112 eventos no 1º ano → 202 no 5º ano; ticket médio de R$ 43,8 mil → R$ 59,4 mil
B115: • | C115: ="Gross revenue of R$ "&TEXT($I$28/1000,"#.##0,0")&" million → R$ "&TEXT($M$28/1000,"#.##0,0")&" million in the 5th year; margin of "&TEXT($I$30,"0,0%")&" → "&TEXT($M$30,"0,0%") -> Receita bruta de R$ 6,2 mi → R$ 14,5 mi no 5º ano; margem de 42,6% → 53,4%
B116: • | C116: ="Distributable result of R$ "&TEXT($M$31/1000,"#.##0,0")&" million/year in the 5th operating year" -> Resultado a distribuir de R$ 7,7 mi/ano no 5º ano de operação
B118: 4. WDC business plan scenarios — 5th operating year
C119: Indicator | G119: Pessimistic | H119: Realistic | I119: Optimistic
C120: Events held (number) | G120: =$K$79 -> 180 | H120: =$K$80 -> 202 | I120: =$K$81 -> 220
C121: Average ticket per event (R$) | G121: =$K$82 -> 58730.8 | H121: =$K$83 -> 59351.8 | I121: =$K$84 -> 59676.49
C122: Distributable result (R$ thousand) | G122: =$K$91/1000 -> 6623.5697 | H122: =$K$92/1000 -> 7733.462 | I122: =$K$93/1000 -> 8684.5377
B124: 5. Investor indicators
C125: Indicator | G125: Value
...

Sheet VILLAS
B2: CLUB MED GRAMADO VILLAS — 26 HOUSES (REVISED SITE PLAN)
B3: Development of the 26 houses on LH05 (UNYT corner): 3 × 2-bed, 14 × 3-bed, 9 × 4-bed ≈ 5,770 m² usable, 84 bedrooms + 25×12 pool, tennis court and concierge. Same engine as the DEVELOPMENT MODEL; high-end payment plan (fast collection, no bank mortgage transfer).
C5: Month no. | I5: =1 -> 1 | J5: =I5+1 -> 2 | K5: =J5+1 -> 3 | L5: =K5+1 -> 4 | M5: =L5+1 -> 5 | N5: =M5+1 -> 6 | O5: =N5+1 -> 7 | P5: =O5+1 -> 8 | Q5: =P5+1 -> 9 | ... CN5: =CM5+1 -> 84
B6: Values in R$ thousand | D6: Value / % | E6: Start | F6: Months | G6: Base | H6: Total | I6: =$D$10 -> 46023 | J6: =EDATE(I6,1) -> 46054 | K6: =EDATE(J6,1) -> 46082 | L6: =EDATE(K6,1) -> 46113 | M6: =EDATE(L6,1) -> 46143 | N6: =EDATE(M6,1) -> 46174 | O6: =EDATE(N6,1) -> 46204 | P6: =EDATE(O6,1) -> 46235 | Q6: =EDATE(P6,1) -> 46266 | ... CN6: =EDATE(CM6,1) -> 48549
C7: Year | I7: =YEAR(I6) -> 2026 | J7: =YEAR(J6) -> 2026 | K7: =YEAR(K6) -> 2026 | L7: =YEAR(L6) -> 2026 | M7: =YEAR(M6) -> 2026 | N7: =YEAR(N6) -> 2026 | O7: =YEAR(O6) -> 2026 | P7: =YEAR(P6) -> 2026 | ... CN7: =YEAR(CN6) -> 2032
B9: GENERAL ASSUMPTIONS
C10: Model start (1st month) | D10: 46023
C11: Annual price list adjustment (% p.a., from launch) | D11: 0
C12: NPV discount rate (% p.a.) | D12: =MANAGEMENT!$H$6 -> 0.09
C13: Built area — basis for construction cost (m²) = usable area of the houses | D13: =E19 -> 5769
B14: PRODUCT MIX | C14: Unit type | D14: Units | E14: Private area (m²) | F14: Average area (m²) | G14: Price (R$/m²) | H14: Sales value / VGV (R$ thousand)
C15: 2-bed villa (≈157 m²) | D15: 3 | E15: 471 | F15: =IFERROR(E15/D15,0) -> 157 | G15: 27000 | H15: =E15*G15/1000 -> 12717
C16: 3-bed villa (≈210 m²) | D16: 14 | E16: 2940 | F16: =IFERROR(E16/D16,0) -> 210 | G16: 25000 | H16: =E16*G16/1000 -> 73500
C17: 4-bed villa (≈262 m²) | D17: 9 | E17: 2358 | F17: =IFERROR(E17/D17,0) -> 262 | G17: 24000 | H17: =E17*G17/1000 -> 56592
D18: 0 | E18: 0 | F18: =IFERROR(E18/D18,0) -> 0 | G18: 0 | H18: =E18*G18/1000 -> 0
C19: TOTAL / AVERAGE | D19: =SUM(D15:D18) -> 26 | E19: =SUM(E15:E18) -> 5769 | F19: =IFERROR(E19/D19,0) -> 221.88462 | G19: =IFERROR(H19*1000/E19,0) -> 24754.55 | H19: =SUM(H15:H18) -> 142809
B21: CONSTRUCTION
C22: Construction cost (R$/m² built) · start · duration | D22: 13000 | E22: 46388 | F22: 24 | G22: × built area | H22: =D22*D13/1000 -> 74997
C23: Infrastructure / common areas (R$ thousand) — follows the construction curve | D23: 5560 | E23: =E22 -> 46388 | F23: =F22 -> 24 | G23: construction curve | H23: =D23 -> 5560
C24: Construction curve (1 = S-curve; 0 = linear) | D24: 1
C25: Keys / delivery | E25: =EDATE(E22,F22) -> 47119
B27: SALES PACE | D27: % of VGV | E27: Start | F27: Months
C28: Launch | D28: 0.4 | E28: 46447 | F28: 6
C29: During construction (remainder) | D29: =1-D28-D30 -> 0.45 | E29: =MAX(EDATE(E28,F28),E22) -> 46631 | F29: =MAX(0,(YEAR(E25)-YEAR(E29))*12+MONTH(E25)-MONTH(E29)) -> 16
C30: After keys (inventory) | D30: 0.15 | E30: =EDATE(E25,1) -> 47150 | F30: 6
C31: Total sold | D31: =SUM(D28:D30) -> 1
C32: Bank transfer / settlement (month) | E32: =IF(F30>0,EDATE(E30,F30),EDATE(E25,1)) -> 47331
B34: PAYMENT PLAN | D34: % of price
C35: Down payment (in the month of sale) | D35: 0.3 | G35: Sales after keys pay down payment + monthly installments + keys upfront and the bank transfer on the transfer date.
C36: Monthly installments until keys (includes semi-annual) | D36: 0.5
C37: Keys | D37: 0.2
C38: Bank transfer / buyer's mortgage (high-end: no transfer) | D38: 0
C39: Total | D39: =SUM(D35:D38) -> 1
B41: COSTS AND EXPENSES | D41: Value / % | E41: Start | F41: Installments | G41: Base | H41: Total (R$ thousand)
C42: Land — cash payment (R$ thousand) | D42: 0 | E42: =$E$22 -> 46388 | F42: 12 | G42: R$ thousand | H42: =D42 -> 0
C43: ITBI transfer tax (% of land) | D43: 0.03 | E43: =E42 -> 46388 | F43: =F42 -> 12 | G43: % land | H43: =D43*H42 -> 0
C44: Property tax (IPTU) + initial expenses (R$ thousand) | D44: 200 | E44: =$E$22 -> 46388 | F44: 6 | G44: R$ thousand | H44: =D44 -> 200
C45: Development / design cost (R$ thousand) | D45: 1000 | E45: 46113 | F45: 12 | G45: R$ thousand | H45: =D45 -> 1000
C46: Legal (R$ thousand) | D46: 200 | E46: 46113 | F46: 12 | G46: R$ thousand | H46: =D46 -> 200
C47: Approvals (R$ thousand) | D47: 300 | E47: 46113 | F47: 6 | G47: R$ thousand | H47: =D47 -> 300
C48: Other costs / contingency (R$ thousand) | D48: 2250 | E48: =$E$22 -> 46388 | F48: 24 | G48: R$ thousand | H48: =D48 -> 2250
C49: Construction management (% of construction) | D49: 0.01 | E49: =$E$22 -> 46388 | F49: =$F$22 -> 24 | G49: % construction | H49: =D49*H22 -> 749.97
C50: Developer's administration fee (% of VGV) | D50: 0 | E50: =$E$22 -> 46388 | F50: 24 | G50: % VGV | H50: =D50*H19 -> 0
C51: Marketing / sales office / decoration (% of VGV) | D51: 0.02 | E51: 46419 | F51: 12 | G51: % VGV | H51: =D51*H19 -> 2856.18
C52: Brokerage (% of sales, in the month of sale) | D52: 0.04 | G52: % sales
C53: Taxes on receipts — RET (%) | D53: 0.04 | G53: % receipts
C54: Star Ópera development fee (% of receipts) | D54: 0.04 | G54: % receipts
C55: Receivables transfer fee (% of the transfer) | D55: 0 | G55: % transfer
B58: CONSTRUCTION FINANCING (DEVELOPER LOAN)
C59: Financing (% of construction cost) — the SPV pays the initial portion, the bank releases the rest | D59: 0.6
C60: Interest (% p.a.) — paid monthly | D60: 0.12
C61: Full repayment (month) | E61: =E32 -> 47331
C62: Scenario adopted in the MANAGEMENT cash flow (the investor chooses) | D62: Unlevered | G62: Both scenarios are calculated side by side in the indicators (rows 118–133).
B63: MONTHLY CASH FLOW
B64: SALES | C64: Phase | I64: =IF(AND(I$6>=$E$28,I$6<EDATE($E$28,$F$28)),"Launch",IF(AND(I$6>=$E$29,I$6<$E$25),"Construction",IF(I$6=$E$25,"Keys",IF(AND(I$6>=$E$30,I$6<$E$32),"Post",IF(I$6=$E$32,"Transfer",""))))) | J64: =IF(AND(J$6>=$E$28,J$6<EDATE($E$28,$F$28)),"Launch",IF(AND(J$6>=$E$29,J$6<$E$25),"Construction",IF(J$6=$E$25,"Keys",IF(AND(J$6>=$E$30,J$6<$E$32),"Post",IF(J$6=$E$32,"Transfer",""))))) | K64: =IF(AND(K$6>=$E$28,K$6<EDATE($E$28,$F$28)),"Launch",IF(AND(K$6>=$E$29,K$6<$E$25),"Construction",IF(K$6=$E$25,"Keys",IF(AND(K$6>=$E$30,K$6<$E$32),"Post",IF(K$6=$E$32,"Transfer",""))))) | L64: =IF(AND(L$6>=$E$28,L$6<EDATE($E$28,$F$28)),"Launch",IF(AND(L$6>=$E$29,L$6<$E$25),"Construction",IF(L$6=$E$25,"Keys",IF(AND(L$6>=$E$30,L$6<$E$32),"Post",IF(L$6=$E$32,"Transfer",""))))) | M64: =IF(AND(M$6>=$E$28,M$6<EDATE($E$28,$F$28)),"Launch",IF(AND(M$6>=$E$29,M$6<$E$25),"Construction",IF(M$6=$E$25,"Keys",IF(AND(M$6>=$E$30,M$6<$E$32),"Post",IF(M$6=$E$32,"Transfer",""))))) | N64: =IF(AND(N$6>=$E$28,N$6<EDATE($E$28,$F$28)),"Launch",IF(AND(N$6>=$E$29,N$6<$E$25),"Construction",IF(N$6=$E$25,"Keys",IF(AND(N$6>=$E$30,N$6<$E$32),"Post",IF(N$6=$E$32,"Transfer",""))))) | O64: =IF(AND(O$6>=$E$28,O$6<EDATE($E$28,$F$28)),"Launch",IF(AND(O$6>=$E$29,O$6<$E$25),"Construction",IF(O$6=$E$25,"Keys",IF(AND(O$6>=$E$30,O$6<$E$32),"Post",IF(O$6=$E$32,"Transfer",""))))) | P64: =IF(AND(P$6>=$E$28,P$6<EDATE($E$28,$F$28)),"Launch",IF(AND(P$6>=$E$29,P$6<$E$25),"Construction",IF(P$6=$E$25,"Keys",IF(AND(P$6>=$E$30,P$6<$E$32),"Post",IF(P$6=$E$32,"Transfer",""))))) | ... CN64: =IF(AND(CN$6>=$E$28,CN$6<EDATE($E$28,$F$28)),"Launch",IF(AND(CN$6>=$E$29,CN$6<$E$25),"Construction",IF(CN$6=$E$25,"Keys",IF(AND(CN$6>=$E$30,CN$6<$E$32),"Post",IF(CN$6=$E$32,"Transfer","")))))
C65: % of VGV sold in the month | H65: =SUM(I65:CN65) -> 1 | I65: =IFERROR(IF(AND(I$6>=$E$28,I$6<EDATE($E$28,$F$28)),$D$28/$F$28,IF(AND(I$6>=$E$29,I$6<$E$25),$D$29/$F$29,IF(AND(I$6>=$E$30,I$6<$E$32),$D$30/$F$30,0))),0) -> 0 | J65: =IFERROR(IF(AND(J$6>=$E$28,J$6<EDATE($E$28,$F$28)),$D$28/$F$28,IF(AND(J$6>=$E$29,J$6<$E$25),$D$29/$F$29,IF(AND(J$6>=$E$30,J$6<$E$32),$D$30/$F$30,0))),0) -> 0 | K65: =IFERROR(IF(AND(K$6>=$E$28,K$6<EDATE($E$28,$F$28)),$D$28/$F$28,IF(AND(K$6>=$E$29,K$6<$E$25),$D$29/$F$29,IF(AND(K$6>=$E$30,K$6<$E$32),$D$30/$F$30,0))),0) -> 0 | L65: =IFERROR(IF(AND(L$6>=$E$28,L$6<EDATE($E$28,$F$28)),$D$28/$F$28,IF(AND(L$6>=$E$29,L$6<$E$25),$D$29/$F$29,IF(AND(L$6>=$E$30,L$6<$E$32),$D$30/$F$30,0))),0) -> 0 | M65: =IFERROR(IF(AND(M$6>=$E$28,M$6<EDATE($E$28,$F$28)),$D$28/$F$28,IF(AND(M$6>=$E$29,M$6<$E$25),$D$29/$F$29,IF(AND(M$6>=$E$30,M$6<$E$32),$D$30/$F$30,0))),0) -> 0 | N65: =IFERROR(IF(AND(N$6>=$E$28,N$6<EDATE($E$28,$F$28)),$D$28/$F$28,IF(AND(N$6>=$E$29,N$6<$E$25),$D$29/$F$29,IF(AND(N$6>=$E$30,N$6<$E$32),$D$30/$F$30,0))),0) -> 0 | O65: =IFERROR(IF(AND(O$6>=$E$28,O$6<EDATE($E$28,$F$28)),$D$28/$F$28,IF(AND(O$6>=$E$29,O$6<$E$25),$D$29/$F$29,IF(AND(O$6>=$E$30,O$6<$E$32),$D$30/$F$30,0))),0) -> 0 | P65: =IFERROR(IF(AND(P$6>=$E$28,P$6<EDATE($E$28,$F$28)),$D$28/$F$28,IF(AND(P$6>=$E$29,P$6<$E$25),$D$29/$F$29,IF(AND(P$6>=$E$30,P$6<$E$32),$D$30/$F$30,0))),0) -> 0 | ... CN65: =IFERROR(IF(AND(CN$6>=$E$28,CN$6<EDATE($E$28,$F$28)),$D$28/$F$28,IF(AND(CN$6>=$E$29,CN$6<$E$25),$D$29/$F$29,IF(AND(CN$6>=$E$30,CN$6<$E$32),$D$30/$F$30,0))),0) -> 0
C66: % sold, cumulative | I66: =I65 -> 0 | J66: =I66+J65 -> 0 | K66: =J66+K65 -> 0 | L66: =K66+L65 -> 0 | M66: =L66+M65 -> 0 | N66: =M66+N65 -> 0 | O66: =N66+O65 -> 0 | P66: =O66+P65 -> 0 | Q66: =P66+Q65 -> 0 | ... CN66: =CM66+CN65 -> 1
C67: Units sold in the month | H67: =SUM(I67:CN67) -> 26 | I67: =I65*$D$19 -> 0 | J67: =J65*$D$19 -> 0 | K67: =K65*$D$19 -> 0 | L67: =L65*$D$19 -> 0 | M67: =M65*$D$19 -> 0 | N67: =N65*$D$19 -> 0 | O67: =O65*$D$19 -> 0 | P67: =P65*$D$19 -> 0 | ... CN67: =CN65*$D$19 -> 0
C68: Price list adjustment index | I68: =(1+$D$11)^(MAX(0,(YEAR(I$6)-YEAR($E$28))*12+MONTH(I$6)-MONTH($E$28))/12) -> 1 | J68: =(1+$D$11)^(MAX(0,(YEAR(J$6)-YEAR($E$28))*12+MONTH(J$6)-MONTH($E$28))/12) -> 1 | K68: =(1+$D$11)^(MAX(0,(YEAR(K$6)-YEAR($E$28))*12+MONTH(K$6)-MONTH($E$28))/12) -> 1 | L68: =(1+$D$11)^(MAX(0,(YEAR(L$6)-YEAR($E$28))*12+MONTH(L$6)-MONTH($E$28))/12) -> 1 | M68: =(1+$D$11)^(MAX(0,(YEAR(M$6)-YEAR($E$28))*12+MONTH(M$6)-MONTH($E$28))/12) -> 1 | N68: =(1+$D$11)^(MAX(0,(YEAR(N$6)-YEAR($E$28))*12+MONTH(N$6)-MONTH($E$28))/12) -> 1 | O68: =(1+$D$11)^(MAX(0,(YEAR(O$6)-YEAR($E$28))*12+MONTH(O$6)-MONTH($E$28))/12) -> 1 | P68: =(1+$D$11)^(MAX(0,(YEAR(P$6)-YEAR($E$28))*12+MONTH(P$6)-MONTH($E$28))/12) -> 1 | ... CN68: =(1+$D$11)^(MAX(0,(YEAR(CN$6)-YEAR($E$28))*12+MONTH(CN$6)-MONTH($E$28))/12) -> 1
C69: Contracted sales (R$ thousand) | H69: =SUM(I69:CN69) -> 142809 | I69: =I65*$H$19*I68 -> 0 | J69: =J65*$H$19*J68 -> 0 | K69: =K65*$H$19*K68 -> 0 | L69: =L65*$H$19*L68 -> 0 | M69: =M65*$H$19*M68 -> 0 | N69: =N65*$H$19*N68 -> 0 | O69: =O65*$H$19*O68 -> 0 | P69: =P65*$H$19*P68 -> 0 | ... CN69: =CN65*$H$19*CN68 -> 0
B70: RECEIPTS | C70: Aux.: monthly installment generated by the month's sales | I70: =IF(I$6<$E$25,I69*$D$36/((YEAR($E$25)-YEAR(I$6))*12+MONTH($E$25)-MONTH(I$6)),0) -> 0 | J70: =IF(J$6<$E$25,J69*$D$36/((YEAR($E$25)-YEAR(J$6))*12+MONTH($E$25)-MONTH(J$6)),0) -> 0 | K70: =IF(K$6<$E$25,K69*$D$36/((YEAR($E$25)-YEAR(K$6))*12+MONTH($E$25)-MONTH(K$6)),0) -> 0 | L70: =IF(L$6<$E$25,L69*$D$36/((YEAR($E$25)-YEAR(L$6))*12+MONTH($E$25)-MONTH(L$6)),0) -> 0 | M70: =IF(M$6<$E$25,M69*$D$36/((YEAR($E$25)-YEAR(M$6))*12+MONTH($E$25)-MONTH(M$6)),0) -> 0 | N70: =IF(N$6<$E$25,N69*$D$36/((YEAR($E$25)-YEAR(N$6))*12+MONTH($E$25)-MONTH(N$6)),0) -> 0 | O70: =IF(O$6<$E$25,O69*$D$36/((YEAR($E$25)-YEAR(O$6))*12+MONTH($E$25)-MONTH(O$6)),0) -> 0 | P70: =IF(P$6<$E$25,P69*$D$36/((YEAR($E$25)-YEAR(P$6))*12+MONTH($E$25)-MONTH(P$6)),0) -> 0 | ... CN70: =IF(CN$6<$E$25,CN69*$D$36/((YEAR($E$25)-YEAR(CN$6))*12+MONTH($E$25)-MONTH(CN$6)),0) -> 0
C71: Down payment / at signing | H71: =SUM(I71:CN71) -> 57837.645 | I71: =I69*$D$35+IF(I$6>=$E$25,I69*($D$36+$D$37),0) -> 0 | J71: =J69*$D$35+IF(J$6>=$E$25,J69*($D$36+$D$37),0) -> 0 | K71: =K69*$D$35+IF(K$6>=$E$25,K69*($D$36+$D$37),0) -> 0 | L71: =L69*$D$35+IF(L$6>=$E$25,L69*($D$36+$D$37),0) -> 0 | M71: =M69*$D$35+IF(M$6>=$E$25,M69*($D$36+$D$37),0) -> 0 | N71: =N69*$D$35+IF(N$6>=$E$25,N69*($D$36+$D$37),0) -> 0 | O71: =O69*$D$35+IF(O$6>=$E$25,O69*($D$36+$D$37),0) -> 0 | P71: =P69*$D$35+IF(P$6>=$E$25,P69*($D$36+$D$37),0) -> 0 | ... CN71: =CN69*$D$35+IF(CN$6>=$E$25,CN69*($D$36+$D$37),0) -> 0
C72: Monthly installments | H72: =SUM(I72:CN72) -> 60693.825 | I72: =IF(I$6<$E$25,SUM($I70:I70),0) -> 0 | J72: =IF(J$6<$E$25,SUM($I70:J70),0) -> 0 | K72: =IF(K$6<$E$25,SUM($I70:K70),0) -> 0 | L72: =IF(L$6<$E$25,SUM($I70:L70),0) -> 0 | M72: =IF(M$6<$E$25,SUM($I70:M70),0) -> 0 | N72: =IF(N$6<$E$25,SUM($I70:N70),0) -> 0 | O72: =IF(O$6<$E$25,SUM($I70:O70),0) -> 0 | P72: =IF(P$6<$E$25,SUM($I70:P70),0) -> 0 | ... CN72: =IF(CN$6<$E$25,SUM($I70:CN70),0) -> 0
C73: Keys | H73: =SUM(I73:CN73) -> 24277.53 | I73: =IF(I$6=$E$25,SUMIF($I$6:$CN$6,"<"&$E$25,$I$69:$CN$69)*$D$37,0) -> 0 | J73: =IF(J$6=$E$25,SUMIF($I$6:$CN$6,"<"&$E$25,$I$69:$CN$69)*$D$37,0) -> 0 | K73: =IF(K$6=$E$25,SUMIF($I$6:$CN$6,"<"&$E$25,$I$69:$CN$69)*$D$37,0) -> 0 | L73: =IF(L$6=$E$25,SUMIF($I$6:$CN$6,"<"&$E$25,$I$69:$CN$69)*$D$37,0) -> 0 | M73: =IF(M$6=$E$25,SUMIF($I$6:$CN$6,"<"&$E$25,$I$69:$CN$69)*$D$37,0) -> 0 | N73: =IF(N$6=$E$25,SUMIF($I$6:$CN$6,"<"&$E$25,$I$69:$CN$69)*$D$37,0) -> 0 | O73: =IF(O$6=$E$25,SUMIF($I$6:$CN$6,"<"&$E$25,$I$69:$CN$69)*$D$37,0) -> 0 | P73: =IF(P$6=$E$25,SUMIF($I$6:$CN$6,"<"&$E$25,$I$69:$CN$69)*$D$37,0) -> 0 | ... CN73: =IF(CN$6=$E$25,SUMIF($I$6:$CN$6,"<"&$E$25,$I$69:$CN$69)*$D$37,0) -> 0
C74: Bank transfer / buyer's mortgage | H74: =SUM(I74:CN74) -> 0 | I74: =IF(I$6=$E$32,SUMIF($I$6:$CN$6,"<"&$E$32,$I$69:$CN$69)*$D$38,0) -> 0 | J74: =IF(J$6=$E$32,SUMIF($I$6:$CN$6,"<"&$E$32,$I$69:$CN$69)*$D$38,0) -> 0 | K74: =IF(K$6=$E$32,SUMIF($I$6:$CN$6,"<"&$E$32,$I$69:$CN$69)*$D$38,0) -> 0 | L74: =IF(L$6=$E$32,SUMIF($I$6:$CN$6,"<"&$E$32,$I$69:$CN$69)*$D$38,0) -> 0 | M74: =IF(M$6=$E$32,SUMIF($I$6:$CN$6,"<"&$E$32,$I$69:$CN$69)*$D$38,0) -> 0 | N74: =IF(N$6=$E$32,SUMIF($I$6:$CN$6,"<"&$E$32,$I$69:$CN$69)*$D$38,0) -> 0 | O74: =IF(O$6=$E$32,SUMIF($I$6:$CN$6,"<"&$E$32,$I$69:$CN$69)*$D$38,0) -> 0 | P74: =IF(P$6=$E$32,SUMIF($I$6:$CN$6,"<"&$E$32,$I$69:$CN$69)*$D$38,0) -> 0 | ... CN74: =IF(CN$6=$E$32,SUMIF($I$6:$CN$6,"<"&$E$32,$I$69:$CN$69)*$D$38,0) -> 0
B75: TOTAL RECEIPTS | H75: =SUM(I75:CN75) -> 142809 | I75: =SUM(I71:I74) -> 0 | J75: =SUM(J71:J74) -> 0 | K75: =SUM(K71:K74) -> 0 | L75: =SUM(L71:L74) -> 0 | M75: =SUM(M71:M74) -> 0 | N75: =SUM(N71:N74) -> 0 | O75: =SUM(O71:O74) -> 0 | P75: =SUM(P71:P74) -> 0 | ... CN75: =SUM(CN71:CN74) -> 0
C76: (-) Brokerage | H76: =SUM(I76:CN76) -> -5712.36 | I76: =-I69*$D$52 -> 0 | J76: =-J69*$D$52 -> 0 | K76: =-K69*$D$52 -> 0 | L76: =-L69*$D$52 -> 0 | M76: =-M69*$D$52 -> 0 | N76: =-N69*$D$52 -> 0 | O76: =-O69*$D$52 -> 0 | P76: =-P69*$D$52 -> 0 | ... CN76: =-CN69*$D$52 -> 0
C77: (-) Taxes on receipts (RET, on receipts net of brokerage) | H77: =SUM(I77:CN77) -> -5483.8656 | I77: =-(I75+I76)*$D$53 -> 0 | J77: =-(J75+J76)*$D$53 -> 0 | K77: =-(K75+K76)*$D$53 -> 0 | L77: =-(L75+L76)*$D$53 -> 0 | M77: =-(M75+M76)*$D$53 -> 0 | N77: =-(N75+N76)*$D$53 -> 0 | O77: =-(O75+O76)*$D$53 -> 0 | P77: =-(P75+P76)*$D$53 -> 0 | ... CN77: =-(CN75+CN76)*$D$53 -> 0
C78: (-) Star Ópera development fee | H78: =SUM(I78:CN78) -> -5712.36 | I78: =-I75*$D$54 -> 0 | J78: =-J75*$D$54 -> 0 | K78: =-K75*$D$54 -> 0 | L78: =-L75*$D$54 -> 0 | M78: =-M75*$D$54 -> 0 | N78: =-N75*$D$54 -> 0 | O78: =-O75*$D$54 -> 0 | P78: =-P75*$D$54 -> 0 | ... CN78: =-CN75*$D$54 -> 0
C79: (-) Receivables transfer fee | H79: =SUM(I79:CN79) -> 0 | I79: =-I74*$D$55 -> 0 | J79: =-J74*$D$55 -> 0 | K79: =-K74*$D$55 -> 0 | L79: =-L74*$D$55 -> 0 | M79: =-M74*$D$55 -> 0 | N79: =-N74*$D$55 -> 0 | O79: =-O74*$D$55 -> 0 | P79: =-P74*$D$55 -> 0 | ... CN79: =-CN74*$D$55 -> 0
B80: NET REVENUE | H80: =SUM(I80:CN80) -> 125900.41 | I80: =I75+SUM(I76:I79) -> 0 | J80: =J75+SUM(J76:J79) -> 0 | K80: =K75+SUM(K76:K79) -> 0 | L80: =L75+SUM(L76:L79) -> 0 | M80: =M75+SUM(M76:M79) -> 0 | N80: =N75+SUM(N76:N79) -> 0 | O80: =O75+SUM(O76:O79) -> 0 | P80: =P75+SUM(P76:P79) -> 0 | ... CN80: =CN75+SUM(CN76:CN79) -> 0
B81: COSTS | C81: Aux.: construction month | I81: =(YEAR(I$6)-YEAR($E$22))*12+MONTH(I$6)-MONTH($E$22)+1 -> -11 | J81: =(YEAR(J$6)-YEAR($E$22))*12+MONTH(J$6)-MONTH($E$22)+1 -> -10 | K81: =(YEAR(K$6)-YEAR($E$22))*12+MONTH(K$6)-MONTH($E$22)+1 -> -9 | L81: =(YEAR(L$6)-YEAR($E$22))*12+MONTH(L$6)-MONTH($E$22)+1 -> -8 | M81: =(YEAR(M$6)-YEAR($E$22))*12+MONTH(M$6)-MONTH($E$22)+1 -> -7 | N81: =(YEAR(N$6)-YEAR($E$22))*12+MONTH(N$6)-MONTH($E$22)+1 -> -6 | O81: =(YEAR(O$6)-YEAR($E$22))*12+MONTH(O$6)-MONTH($E$22)+1 -> -5 | P81: =(YEAR(P$6)-YEAR($E$22))*12+MONTH(P$6)-MONTH($E$22)+1 -> -4 | ... CN81: =(YEAR(CN$6)-YEAR($E$22))*12+MONTH(CN$6)-MONTH($E$22)+1 -> 72
C82: Construction curve (% in the month) | H82: =SUM(I82:CN82) -> 1 | I82: =IF(AND(I81>=1,I81<=$F$22),IF($D$24=1,SIN(PI()*(I81-0.5)/$F$22)*SIN(PI()/(2*$F$22)),1/$F$22),0) -> 0 | J82: =IF(AND(J81>=1,J81<=$F$22),IF($D$24=1,SIN(PI()*(J81-0.5)/$F$22)*SIN(PI()/(2*$F$22)),1/$F$22),0) -> 0 | K82: =IF(AND(K81>=1,K81<=$F$22),IF($D$24=1,SIN(PI()*(K81-0.5)/$F$22)*SIN(PI()/(2*$F$22)),1/$F$22),0) -> 0 | L82: =IF(AND(L81>=1,L81<=$F$22),IF($D$24=1,SIN(PI()*(L81-0.5)/$F$22)*SIN(PI()/(2*$F$22)),1/$F$22),0) -> 0 | M82: =IF(AND(M81>=1,M81<=$F$22),IF($D$24=1,SIN(PI()*(M81-0.5)/$F$22)*SIN(PI()/(2*$F$22)),1/$F$22),0) -> 0 | N82: =IF(AND(N81>=1,N81<=$F$22),IF($D$24=1,SIN(PI()*(N81-0.5)/$F$22)*SIN(PI()/(2*$F$22)),1/$F$22),0) -> 0 | O82: =IF(AND(O81>=1,O81<=$F$22),IF($D$24=1,SIN(PI()*(O81-0.5)/$F$22)*SIN(PI()/(2*$F$22)),1/$F$22),0) -> 0 | P82: =IF(AND(P81>=1,P81<=$F$22),IF($D$24=1,SIN(PI()*(P81-0.5)/$F$22)*SIN(PI()/(2*$F$22)),1/$F$22),0) -> 0 | ... CN82: =IF(AND(CN81>=1,CN81<=$F$22),IF($D$24=1,SIN(PI()*(CN81-0.5)/$F$22)*SIN(PI()/(2*$F$22)),1/$F$22),0) -> 0
C83: Construction works | H83: =SUM(I83:CN83) -> -74997 | I83: =-I82*$H$22 -> 0 | J83: =-J82*$H$22 -> 0 | K83: =-K82*$H$22 -> 0 | L83: =-L82*$H$22 -> 0 | M83: =-M82*$H$22 -> 0 | N83: =-N82*$H$22 -> 0 | O83: =-O82*$H$22 -> 0 | P83: =-P82*$H$22 -> 0 | ... CN83: =-CN82*$H$22 -> 0
C84: Infrastructure / common areas | H84: =SUM(I84:CN84) -> -5560 | I84: =-I82*$H$23 -> 0 | J84: =-J82*$H$23 -> 0 | K84: =-K82*$H$23 -> 0 | L84: =-L82*$H$23 -> 0 | M84: =-M82*$H$23 -> 0 | N84: =-N82*$H$23 -> 0 | O84: =-O82*$H$23 -> 0 | P84: =-P82*$H$23 -> 0 | ... CN84: =-CN82*$H$23 -> 0
C85: =C42 -> Terreno — pagamento em dinheiro (R$ mil) | H85: =SUM(I85:CN85) -> 0 | I85: =-IF(AND(I$6>=$E42,I$6<EDATE($E42,$F42)),$H42/$F42,0) -> 0 | J85: =-IF(AND(J$6>=$E42,J$6<EDATE($E42,$F42)),$H42/$F42,0) -> 0 | K85: =-IF(AND(K$6>=$E42,K$6<EDATE($E42,$F42)),$H42/$F42,0) -> 0 | L85: =-IF(AND(L$6>=$E42,L$6<EDATE($E42,$F42)),$H42/$F42,0) -> 0 | M85: =-IF(AND(M$6>=$E42,M$6<EDATE($E42,$F42)),$H42/$F42,0) -> 0 | N85: =-IF(AND(N$6>=$E42,N$6<EDATE($E42,$F42)),$H42/$F42,0) -> 0 | O85: =-IF(AND(O$6>=$E42,O$6<EDATE($E42,$F42)),$H42/$F42,0) -> 0 | P85: =-IF(AND(P$6>=$E42,P$6<EDATE($E42,$F42)),$H42/$F42,0) -> 0 | ... CN85: =-IF(AND(CN$6>=$E42,CN$6<EDATE($E42,$F42)),$H42/$F42,0) -> 0
C86: =C43 -> ITBI (% do terreno) | H86: =SUM(I86:CN86) -> 0 | I86: =-IF(AND(I$6>=$E43,I$6<EDATE($E43,$F43)),$H43/$F43,0) -> 0 | J86: =-IF(AND(J$6>=$E43,J$6<EDATE($E43,$F43)),$H43/$F43,0) -> 0 | K86: =-IF(AND(K$6>=$E43,K$6<EDATE($E43,$F43)),$H43/$F43,0) -> 0 | L86: =-IF(AND(L$6>=$E43,L$6<EDATE($E43,$F43)),$H43/$F43,0) -> 0 | M86: =-IF(AND(M$6>=$E43,M$6<EDATE($E43,$F43)),$H43/$F43,0) -> 0 | N86: =-IF(AND(N$6>=$E43,N$6<EDATE($E43,$F43)),$H43/$F43,0) -> 0 | O86: =-IF(AND(O$6>=$E43,O$6<EDATE($E43,$F43)),$H43/$F43,0) -> 0 | P86: =-IF(AND(P$6>=$E43,P$6<EDATE($E43,$F43)),$H43/$F43,0) -> 0 | ... CN86: =-IF(AND(CN$6>=$E43,CN$6<EDATE($E43,$F43)),$H43/$F43,0) -> 0
C87: =C44 -> IPTU + despesas iniciais (R$ mil) | H87: =SUM(I87:CN87) -> -200 | I87: =-IF(AND(I$6>=$E44,I$6<EDATE($E44,$F44)),$H44/$F44,0) -> 0 | J87: =-IF(AND(J$6>=$E44,J$6<EDATE($E44,$F44)),$H44/$F44,0) -> 0 | K87: =-IF(AND(K$6>=$E44,K$6<EDATE($E44,$F44)),$H44/$F44,0) -> 0 | L87: =-IF(AND(L$6>=$E44,L$6<EDATE($E44,$F44)),$H44/$F44,0) -> 0 | M87: =-IF(AND(M$6>=$E44,M$6<EDATE($E44,$F44)),$H44/$F44,0) -> 0 | N87: =-IF(AND(N$6>=$E44,N$6<EDATE($E44,$F44)),$H44/$F44,0) -> 0 | O87: =-IF(AND(O$6>=$E44,O$6<EDATE($E44,$F44)),$H44/$F44,0) -> 0 | P87: =-IF(AND(P$6>=$E44,P$6<EDATE($E44,$F44)),$H44/$F44,0) -> 0 | ... CN87: =-IF(AND(CN$6>=$E44,CN$6<EDATE($E44,$F44)),$H44/$F44,0) -> 0
C88: =C45 -> Custo de incorporação / projetos (R$ mil) | H88: =SUM(I88:CN88) -> -1000 | I88: =-IF(AND(I$6>=$E45,I$6<EDATE($E45,$F45)),$H45/$F45,0) -> 0 | J88: =-IF(AND(J$6>=$E45,J$6<EDATE($E45,$F45)),$H45/$F45,0) -> 0 | K88: =-IF(AND(K$6>=$E45,K$6<EDATE($E45,$F45)),$H45/$F45,0) -> 0 | L88: =-IF(AND(L$6>=$E45,L$6<EDATE($E45,$F45)),$H45/$F45,0) -> -83.333333 | M88: =-IF(AND(M$6>=$E45,M$6<EDATE($E45,$F45)),$H45/$F45,0) -> -83.333333 | N88: =-IF(AND(N$6>=$E45,N$6<EDATE($E45,$F45)),$H45/$F45,0) -> -83.333333 | O88: =-IF(AND(O$6>=$E45,O$6<EDATE($E45,$F45)),$H45/$F45,0) -> -83.333333 | P88: =-IF(AND(P$6>=$E45,P$6<EDATE($E45,$F45)),$H45/$F45,0) -> -83.333333 | ... CN88: =-IF(AND(CN$6>=$E45,CN$6<EDATE($E45,$F45)),$H45/$F45,0) -> 0
C89: =C46 -> Jurídico (R$ mil) | H89: =SUM(I89:CN89) -> -200 | I89: =-IF(AND(I$6>=$E46,I$6<EDATE($E46,$F46)),$H46/$F46,0) -> 0 | J89: =-IF(AND(J$6>=$E46,J$6<EDATE($E46,$F46)),$H46/$F46,0) -> 0 | K89: =-IF(AND(K$6>=$E46,K$6<EDATE($E46,$F46)),$H46/$F46,0) -> 0 | L89: =-IF(AND(L$6>=$E46,L$6<EDATE($E46,$F46)),$H46/$F46,0) -> -16.666667 | M89: =-IF(AND(M$6>=$E46,M$6<EDATE($E46,$F46)),$H46/$F46,0) -> -16.666667 | N89: =-IF(AND(N$6>=$E46,N$6<EDATE($E46,$F46)),$H46/$F46,0) -> -16.666667 | O89: =-IF(AND(O$6>=$E46,O$6<EDATE($E46,$F46)),$H46/$F46,0) -> -16.666667 | P89: =-IF(AND(P$6>=$E46,P$6<EDATE($E46,$F46)),$H46/$F46,0) -> -16.666667 | ... CN89: =-IF(AND(CN$6>=$E46,CN$6<EDATE($E46,$F46)),$H46/$F46,0) -> 0
C90: =C47 -> Aprovações (R$ mil) | H90: =SUM(I90:CN90) -> -300 | I90: =-IF(AND(I$6>=$E47,I$6<EDATE($E47,$F47)),$H47/$F47,0) -> 0 | J90: =-IF(AND(J$6>=$E47,J$6<EDATE($E47,$F47)),$H47/$F47,0) -> 0 | K90: =-IF(AND(K$6>=$E47,K$6<EDATE($E47,$F47)),$H47/$F47,0) -> 0 | L90: =-IF(AND(L$6>=$E47,L$6<EDATE($E47,$F47)),$H47/$F47,0) -> -50 | M90: =-IF(AND(M$6>=$E47,M$6<EDATE($E47,$F47)),$H47/$F47,0) -> -50 | N90: =-IF(AND(N$6>=$E47,N$6<EDATE($E47,$F47)),$H47/$F47,0) -> -50 | O90: =-IF(AND(O$6>=$E47,O$6<EDATE($E47,$F47)),$H47/$F47,0) -> -50 | P90: =-IF(AND(P$6>=$E47,P$6<EDATE($E47,$F47)),$H47/$F47,0) -> -50 | ... CN90: =-IF(AND(CN$6>=$E47,CN$6<EDATE($E47,$F47)),$H47/$F47,0) -> 0
C91: =C48 -> Outros custos / contingência (R$ mil) | H91: =SUM(I91:CN91) -> -2250 | I91: =-IF(AND(I$6>=$E48,I$6<EDATE($E48,$F48)),$H48/$F48,0) -> 0 | J91: =-IF(AND(J$6>=$E48,J$6<EDATE($E48,$F48)),$H48/$F48,0) -> 0 | K91: =-IF(AND(K$6>=$E48,K$6<EDATE($E48,$F48)),$H48/$F48,0) -> 0 | L91: =-IF(AND(L$6>=$E48,L$6<EDATE($E48,$F48)),$H48/$F48,0) -> 0 | M91: =-IF(AND(M$6>=$E48,M$6<EDATE($E48,$F48)),$H48/$F48,0) -> 0 | N91: =-IF(AND(N$6>=$E48,N$6<EDATE($E48,$F48)),$H48/$F48,0) -> 0 | O91: =-IF(AND(O$6>=$E48,O$6<EDATE($E48,$F48)),$H48/$F48,0) -> 0 | P91: =-IF(AND(P$6>=$E48,P$6<EDATE($E48,$F48)),$H48/$F48,0) -> 0 | ... CN91: =-IF(AND(CN$6>=$E48,CN$6<EDATE($E48,$F48)),$H48/$F48,0) -> 0
C92: =C49 -> Gerenciamento de obra (% da obra) | H92: =SUM(I92:CN92) -> -749.97 | I92: =-IF(AND(I$6>=$E49,I$6<EDATE($E49,$F49)),$H49/$F49,0) -> 0 | J92: =-IF(AND(J$6>=$E49,J$6<EDATE($E49,$F49)),$H49/$F49,0) -> 0 | K92: =-IF(AND(K$6>=$E49,K$6<EDATE($E49,$F49)),$H49/$F49,0) -> 0 | L92: =-IF(AND(L$6>=$E49,L$6<EDATE($E49,$F49)),$H49/$F49,0) -> 0 | M92: =-IF(AND(M$6>=$E49,M$6<EDATE($E49,$F49)),$H49/$F49,0) -> 0 | N92: =-IF(AND(N$6>=$E49,N$6<EDATE($E49,$F49)),$H49/$F49,0) -> 0 | O92: =-IF(AND(O$6>=$E49,O$6<EDATE($E49,$F49)),$H49/$F49,0) -> 0 | P92: =-IF(AND(P$6>=$E49,P$6<EDATE($E49,$F49)),$H49/$F49,0) -> 0 | ... CN92: =-IF(AND(CN$6>=$E49,CN$6<EDATE($E49,$F49)),$H49/$F49,0) -> 0
C93: =C50 -> Taxa de administração da incorporadora (% do VGV) | H93: =SUM(I93:CN93) -> 0 | I93: =-IF(AND(I$6>=$E50,I$6<EDATE($E50,$F50)),$H50/$F50,0) -> 0 | J93: =-IF(AND(J$6>=$E50,J$6<EDATE($E50,$F50)),$H50/$F50,0) -> 0 | K93: =-IF(AND(K$6>=$E50,K$6<EDATE($E50,$F50)),$H50/$F50,0) -> 0 | L93: =-IF(AND(L$6>=$E50,L$6<EDATE($E50,$F50)),$H50/$F50,0) -> 0 | M93: =-IF(AND(M$6>=$E50,M$6<EDATE($E50,$F50)),$H50/$F50,0) -> 0 | N93: =-IF(AND(N$6>=$E50,N$6<EDATE($E50,$F50)),$H50/$F50,0) -> 0 | O93: =-IF(AND(O$6>=$E50,O$6<EDATE($E50,$F50)),$H50/$F50,0) -> 0 | P93: =-IF(AND(P$6>=$E50,P$6<EDATE($E50,$F50)),$H50/$F50,0) -> 0 | ... CN93: =-IF(AND(CN$6>=$E50,CN$6<EDATE($E50,$F50)),$H50/$F50,0) -> 0
C94: =C51 -> MKT / stand / decoração (% do VGV) | H94: =SUM(I94:CN94) -> -2856.18 | I94: =-IF(AND(I$6>=$E51,I$6<EDATE($E51,$F51)),$H51/$F51,0) -> 0 | J94: =-IF(AND(J$6>=$E51,J$6<EDATE($E51,$F51)),$H51/$F51,0) -> 0 | K94: =-IF(AND(K$6>=$E51,K$6<EDATE($E51,$F51)),$H51/$F51,0) -> 0 | L94: =-IF(AND(L$6>=$E51,L$6<EDATE($E51,$F51)),$H51/$F51,0) -> 0 | M94: =-IF(AND(M$6>=$E51,M$6<EDATE($E51,$F51)),$H51/$F51,0) -> 0 | N94: =-IF(AND(N$6>=$E51,N$6<EDATE($E51,$F51)),$H51/$F51,0) -> 0 | O94: =-IF(AND(O$6>=$E51,O$6<EDATE($E51,$F51)),$H51/$F51,0) -> 0 | P94: =-IF(AND(P$6>=$E51,P$6<EDATE($E51,$F51)),$H51/$F51,0) -> 0 | ... CN94: =-IF(AND(CN$6>=$E51,CN$6<EDATE($E51,$F51)),$H51/$F51,0) -> 0
B95: TOTAL COSTS | H95: =SUM(I95:CN95) -> -88113.15 | I95: =SUM(I83:I94) -> 0 | J95: =SUM(J83:J94) -> 0 | K95: =SUM(K83:K94) -> 0 | L95: =SUM(L83:L94) -> -150 | M95: =SUM(M83:M94) -> -150 | N95: =SUM(N83:N94) -> -150 | O95: =SUM(O83:O94) -> -150 | P95: =SUM(P83:P94) -> -150 | ... CN95: =SUM(CN83:CN94) -> 0
B96: UNLEVERED CASH FLOW | H96: =SUM(I96:CN96) -> 37787.264 | I96: =I80+I95 -> 0 | J96: =J80+J95 -> 0 | K96: =K80+K95 -> 0 | L96: =L80+L95 -> -150 | M96: =M80+M95 -> -150 | N96: =N80+N95 -> -150 | O96: =O80+O95 -> -150 | P96: =P80+P95 -> -150 | ... CN96: =CN80+CN95 -> 0
C97: Cumulative unlevered cash flow | I97: =I96 -> 0 | J97: =I97+J96 -> 0 | K97: =J97+K96 -> 0 | L97: =K97+L96 -> -150 | M97: =L97+M96 -> -300 | N97: =M97+N96 -> -450 | O97: =N97+O96 -> -600 | P97: =O97+P96 -> -750 | Q97: =P97+Q96 -> -900 | ... CN97: =CM97+CN96 -> 37787.264
B98: FINANCING | C98: Aux.: cumulative construction | I98: =-SUM($I83:I83) -> 0 | J98: =-SUM($I83:J83) -> 0 | K98: =-SUM($I83:K83) -> 0 | L98: =-SUM($I83:L83) -> 0 | M98: =-SUM($I83:M83) -> 0 | N98: =-SUM($I83:N83) -> 0 | O98: =-SUM($I83:O83) -> 0 | P98: =-SUM($I83:P83) -> 0 | ... CN98: =-SUM($I83:CN83) -> 74997
C99: Aux.: cumulative bank disbursement | I99: =IF(I$6<$E$61,MAX(0,I98-(1-$D$59)*$H$22),0) -> 0 | J99: =IF(J$6<$E$61,MAX(0,J98-(1-$D$59)*$H$22),0) -> 0 | K99: =IF(K$6<$E$61,MAX(0,K98-(1-$D$59)*$H$22),0) -> 0 | L99: =IF(L$6<$E$61,MAX(0,L98-(1-$D$59)*$H$22),0) -> 0 | M99: =IF(M$6<$E$61,MAX(0,M98-(1-$D$59)*$H$22),0) -> 0 | N99: =IF(N$6<$E$61,MAX(0,N98-(1-$D$59)*$H$22),0) -> 0 | O99: =IF(O$6<$E$61,MAX(0,O98-(1-$D$59)*$H$22),0) -> 0 | P99: =IF(P$6<$E$61,MAX(0,P98-(1-$D$59)*$H$22),0) -> 0 | ... CN99: =IF(CN$6<$E$61,MAX(0,CN98-(1-$D$59)*$H$22),0) -> 0
C100: Opening loan balance | I100: =0 -> 0 | J100: =I104 -> 0 | K100: =J104 -> 0 | L100: =K104 -> 0 | M100: =L104 -> 0 | N100: =M104 -> 0 | O100: =N104 -> 0 | P100: =O104 -> 0 | Q100: =P104 -> 0 | ... CN100: =CM104 -> 0
C101: (+) Loan disbursement | H101: =SUM(I101:CN101) -> 44998.2 | I101: =MAX(0,I99) -> 0 | J101: =MAX(0,J99-I99) -> 0 | K101: =MAX(0,K99-J99) -> 0 | L101: =MAX(0,L99-K99) -> 0 | M101: =MAX(0,M99-L99) -> 0 | N101: =MAX(0,N99-M99) -> 0 | O101: =MAX(0,O99-N99) -> 0 | P101: =MAX(0,P99-O99) -> 0 | Q101: =MAX(0,Q99-P99) -> 0 | ... CN101: =MAX(0,CN99-CM99) -> 0
C102: (-) Interest | H102: =SUM(I102:CN102) -> -6830.9459 | I102: =-I100*((1+$D$60)^(1/12)-1) -> 0 | J102: =-J100*((1+$D$60)^(1/12)-1) -> 0 | K102: =-K100*((1+$D$60)^(1/12)-1) -> 0 | L102: =-L100*((1+$D$60)^(1/12)-1) -> 0 | M102: =-M100*((1+$D$60)^(1/12)-1) -> 0 | N102: =-N100*((1+$D$60)^(1/12)-1) -> 0 | O102: =-O100*((1+$D$60)^(1/12)-1) -> 0 | P102: =-P100*((1+$D$60)^(1/12)-1) -> 0 | ... CN102: =-CN100*((1+$D$60)^(1/12)-1) -> 0
C103: (-) Amortization | H103: =SUM(I103:CN103) -> -44998.2 | I103: =IF(I$6=$E$61,-(I100+I101),0) -> 0 | J103: =IF(J$6=$E$61,-(J100+J101),0) -> 0 | K103: =IF(K$6=$E$61,-(K100+K101),0) -> 0 | L103: =IF(L$6=$E$61,-(L100+L101),0) -> 0 | M103: =IF(M$6=$E$61,-(M100+M101),0) -> 0 | N103: =IF(N$6=$E$61,-(N100+N101),0) -> 0 | O103: =IF(O$6=$E$61,-(O100+O101),0) -> 0 | P103: =IF(P$6=$E$61,-(P100+P101),0) -> 0 | ... CN103: =IF(CN$6=$E$61,-(CN100+CN101),0) -> 0
C104: Closing loan balance | I104: =I100+I101+I103 -> 0 | J104: =J100+J101+J103 -> 0 | K104: =K100+K101+K103 -> 0 | L104: =L100+L101+L103 -> 0 | M104: =M100+M101+M103 -> 0 | N104: =N100+N101+N103 -> 0 | O104: =O100+O101+O103 -> 0 | P104: =P100+P101+P103 -> 0 | ... CN104: =CN100+CN101+CN103 -> 0
B105: LEVERED CASH FLOW (INVESTOR) | H105: =SUM(I105:CN105) -> 30956.319 | I105: =I96+I101+I102+I103 -> 0 | J105: =J96+J101+J102+J103 -> 0 | K105: =K96+K101+K102+K103 -> 0 | L105: =L96+L101+L102+L103 -> -150 | M105: =M96+M101+M102+M103 -> -150 | N105: =N96+N101+N102+N103 -> -150 | O105: =O96+O101+O102+O103 -> -150 | P105: =P96+P101+P102+P103 -> -150 | ... CN105: =CN96+CN101+CN102+CN103 -> 0
C106: Cumulative levered cash flow (exposure) | I106: =I105 -> 0 | J106: =I106+J105 -> 0 | K106: =J106+K105 -> 0 | L106: =K106+L105 -> -150 | M106: =L106+M105 -> -300 | N106: =M106+N105 -> -450 | O106: =N106+O105 -> -600 | P106: =O106+P105 -> -750 | Q106: =P106+Q105 -> -900 | ... CN106: =CM106+CN105 -> 30956.319
C107: Contributions (capital calls) | H107: =SUM(I107:CN107) -> -57784.464 | I107: =MIN(0,I105) -> 0 | J107: =MIN(0,J105) -> 0 | K107: =MIN(0,K105) -> 0 | L107: =MIN(0,L105) -> -150 | M107: =MIN(0,M105) -> -150 | N107: =MIN(0,N105) -> -150 | O107: =MIN(0,O105) -> -150 | P107: =MIN(0,P105) -> -150 | ... CN107: =MIN(0,CN105) -> 0
C108: Distributions | H108: =SUM(I108:CN108) -> 88740.782 | I108: =MAX(0,I105) -> 0 | J108: =MAX(0,J105) -> 0 | K108: =MAX(0,K105) -> 0 | L108: =MAX(0,L105) -> 0 | M108: =MAX(0,M105) -> 0 | N108: =MAX(0,N105) -> 0 | O108: =MAX(0,O105) -> 0 | P108: =MAX(0,P105) -> 0 | ... CN108: =MAX(0,CN105) -> 0
B110: ANNUAL SUMMARY (for the MANAGEMENT tab)
...

Sheet MINI MALL
B2: GRAMADO PROJECT - MINI MALL
B3: Convenience mini mall between the civic squares (Zone 10.2) — income asset retained by the developer, outside the sales value (VGV). Assumptions: Sirena Gramado Masterplan v5 (Sep/2026)
B6: Values in R$ thousand | E6: Input / Total | G6: 2026 | H6: =G6+1 -> 2027 | I6: =H6+1 -> 2028 | J6: =I6+1 -> 2029 | K6: =J6+1 -> 2030 | L6: =K6+1 -> 2031 | M6: =L6+1 -> 2032 | N6: =M6+1 -> 2033 | O6: =N6+1 -> 2034 | ... Z6: =Y6+1 -> 2045 | AA6: Perp.
B8: ASSUMPTIONS — MINI MALL
C9: Land area (m²) | E9: 3130
C10: Above-ground built area (m²) | E10: 2020
C11: Basement / parking, ~40 spaces (m²) | E11: 1200
C12: Total built area (m²) | E12: =E10+E11 -> 3220
C13: GLA - gross leasable area (m²) | E13: 1750
C14: Average rent (R$/m²/month) — site range R$ 90–140 | E14: 140
C15: Stabilized rental revenue (R$ thousand/year) | E15: =E13*E14*12/1000 -> 2940
C16: Variable rent (% of fixed rent) | E16: 0
C17: Construction cost (R$/m² built) — range R$ 7,000–8,500 | E17: 6500
C18: Land cost (R$ thousand) | E18: 0
C19: Development fee (% of construction) | E19: 0.04
C20: Construction year | E20: 2027
C21: Operations start year | E21: 2028
C22: SG&A + expenses (% of gross revenue) | E22: 0.02
C23: Depreciation period (years) | E23: 18
C24: NPV discount rate (% p.a.) | E24: =MANAGEMENT!$H$6 -> 0.09
C25: Terminal cap rate (% p.a.) | E25: 0.07
C26: Tax regime | E26: Presumed Profit (Lucro Presumido)
C27: Key money — GLA of the smaller shops (m²) — shops 1 to 10 | E27: 691
C28: Key money — months of rent charged | E28: 6
C29: Lease term of the smaller shops (years) | E29: 5
C30: Key money on renewal — % of GLA with a new tenant | E30: 0.5
B32: MINI MALL ANNUAL CAPEX
C33: Land | E33: =SUM(G33:Z33) -> 0 | G33: =IF(G$6=$E$20,$E$18,0) -> 0 | H33: =IF(H$6=$E$20,$E$18,0) -> 0 | I33: =IF(I$6=$E$20,$E$18,0) -> 0 | J33: =IF(J$6=$E$20,$E$18,0) -> 0 | K33: =IF(K$6=$E$20,$E$18,0) -> 0 | L33: =IF(L$6=$E$20,$E$18,0) -> 0 | M33: =IF(M$6=$E$20,$E$18,0) -> 0 | N33: =IF(N$6=$E$20,$E$18,0) -> 0 | ... Z33: =IF(Z$6=$E$20,$E$18,0) -> 0
C34: Construction (total built area × cost/m²) | E34: =SUM(G34:Z34) -> 20930 | G34: =IF(G$6=$E$20,$E$12*$E$17/1000,0) -> 0 | H34: =IF(H$6=$E$20,$E$12*$E$17/1000,0) -> 20930 | I34: =IF(I$6=$E$20,$E$12*$E$17/1000,0) -> 0 | J34: =IF(J$6=$E$20,$E$12*$E$17/1000,0) -> 0 | K34: =IF(K$6=$E$20,$E$12*$E$17/1000,0) -> 0 | L34: =IF(L$6=$E$20,$E$12*$E$17/1000,0) -> 0 | M34: =IF(M$6=$E$20,$E$12*$E$17/1000,0) -> 0 | N34: =IF(N$6=$E$20,$E$12*$E$17/1000,0) -> 0 | ... Z34: =IF(Z$6=$E$20,$E$12*$E$17/1000,0) -> 0
C35: Development fee | E35: =SUM(G35:Z35) -> 837.2 | G35: =G34*$E$19 -> 0 | H35: =H34*$E$19 -> 837.2 | I35: =I34*$E$19 -> 0 | J35: =J34*$E$19 -> 0 | K35: =K34*$E$19 -> 0 | L35: =L34*$E$19 -> 0 | M35: =M34*$E$19 -> 0 | N35: =N34*$E$19 -> 0 | ... Z35: =Z34*$E$19 -> 0
B36: TOTAL MINI MALL CAPEX | E36: =SUM(G36:Z36) -> 21767.2 | G36: =SUM(G33:G35) -> 0 | H36: =SUM(H33:H35) -> 21767.2 | I36: =SUM(I33:I35) -> 0 | J36: =SUM(J33:J35) -> 0 | K36: =SUM(K33:K35) -> 0 | L36: =SUM(L33:L35) -> 0 | M36: =SUM(M33:M35) -> 0 | N36: =SUM(N33:N35) -> 0 | ... Z36: =SUM(Z33:Z35) -> 0
B38: INCOME STATEMENT (P&L)
C39: Lease-up (% of stabilized rent) | G39: 0 | H39: 0 | I39: 0.7 | J39: 0.85 | K39: 1 | L39: 1 | M39: 1 | N39: 1 | O39: 1 | P39: 1 | Q39: 1 | R39: 1 | S39: 1 | T39: 1 | U39: 1 | V39: 1 | W39: 1 | X39: 1 | Y39: 1 | Z39: 1
B40: GROSS REVENUE | G40: =G41+G42+G43 -> 0 | H40: =H41+H42+H43 -> 0 | I40: =I41+I42+I43 -> 2638.44 | J40: =J41+J42+J43 -> 2499 | K40: =K41+K42+K43 -> 2940 | L40: =L41+L42+L43 -> 2940 | M40: =M41+M42+M43 -> 2940 | N40: =N41+N42+N43 -> 3230.22 | ... Z40: =Z41+Z42+Z43 -> 2940
C41: Fixed rent | G41: =IF(G$6>=$E$21,$E$15*G39,0) -> 0 | H41: =IF(H$6>=$E$21,$E$15*H39,0) -> 0 | I41: =IF(I$6>=$E$21,$E$15*I39,0) -> 2058 | J41: =IF(J$6>=$E$21,$E$15*J39,0) -> 2499 | K41: =IF(K$6>=$E$21,$E$15*K39,0) -> 2940 | L41: =IF(L$6>=$E$21,$E$15*L39,0) -> 2940 | M41: =IF(M$6>=$E$21,$E$15*M39,0) -> 2940 | N41: =IF(N$6>=$E$21,$E$15*N39,0) -> 2940 | ... Z41: =IF(Z$6>=$E$21,$E$15*Z39,0) -> 2940
C42: Variable rent | G42: =G41*$E$16 -> 0 | H42: =H41*$E$16 -> 0 | I42: =I41*$E$16 -> 0 | J42: =J41*$E$16 -> 0 | K42: =K41*$E$16 -> 0 | L42: =L41*$E$16 -> 0 | M42: =M41*$E$16 -> 0 | N42: =N41*$E$16 -> 0 | ... Z42: =Z41*$E$16 -> 0
C43: Key money (smaller shops, at opening and at each renewal) | G43: =IF(G$6=$E$21,$E$27*$E$14*$E$28/1000,IF(AND(G$6>$E$21,MOD(G$6-$E$21,$E$29)=0),$E$27*$E$14*$E$28/1000*$E$30,0)) -> 0 | H43: =IF(H$6=$E$21,$E$27*$E$14*$E$28/1000,IF(AND(H$6>$E$21,MOD(H$6-$E$21,$E$29)=0),$E$27*$E$14*$E$28/1000*$E$30,0)) -> 0 | I43: =IF(I$6=$E$21,$E$27*$E$14*$E$28/1000,IF(AND(I$6>$E$21,MOD(I$6-$E$21,$E$29)=0),$E$27*$E$14*$E$28/1000*$E$30,0)) -> 580.44 | J43: =IF(J$6=$E$21,$E$27*$E$14*$E$28/1000,IF(AND(J$6>$E$21,MOD(J$6-$E$21,$E$29)=0),$E$27*$E$14*$E$28/1000*$E$30,0)) -> 0 | K43: =IF(K$6=$E$21,$E$27*$E$14*$E$28/1000,IF(AND(K$6>$E$21,MOD(K$6-$E$21,$E$29)=0),$E$27*$E$14*$E$28/1000*$E$30,0)) -> 0 | L43: =IF(L$6=$E$21,$E$27*$E$14*$E$28/1000,IF(AND(L$6>$E$21,MOD(L$6-$E$21,$E$29)=0),$E$27*$E$14*$E$28/1000*$E$30,0)) -> 0 | M43: =IF(M$6=$E$21,$E$27*$E$14*$E$28/1000,IF(AND(M$6>$E$21,MOD(M$6-$E$21,$E$29)=0),$E$27*$E$14*$E$28/1000*$E$30,0)) -> 0 | N43: =IF(N$6=$E$21,$E$27*$E$14*$E$28/1000,IF(AND(N$6>$E$21,MOD(N$6-$E$21,$E$29)=0),$E$27*$E$14*$E$28/1000*$E$30,0)) -> 290.22 | ... Z43: =IF(Z$6=$E$21,$E$27*$E$14*$E$28/1000,IF(AND(Z$6>$E$21,MOD(Z$6-$E$21,$E$29)=0),$E$27*$E$14*$E$28/1000*$E$30,0)) -> 0
B44: SALES DEDUCTIONS | G44: =G45+G46 -> 0 | H44: =H45+H46 -> 0 | I44: =I45+I46 -> -96.30306 | J44: =J45+J46 -> -91.2135 | K44: =K45+K46 -> -107.31 | L44: =L45+L46 -> -107.31 | M44: =M45+M46 -> -107.31 | N44: =N45+N46 -> -117.90303 | ... Z44: =Z45+Z46 -> -107.31
C45: PIS - 0.65% | G45: =-G40*0.65% -> 0 | H45: =-H40*0.65% -> 0 | I45: =-I40*0.65% -> -17.14986 | J45: =-J40*0.65% -> -16.2435 | K45: =-K40*0.65% -> -19.11 | L45: =-L40*0.65% -> -19.11 | M45: =-M40*0.65% -> -19.11 | N45: =-N40*0.65% -> -20.99643 | ... Z45: =-Z40*0.65% -> -19.11
C46: COFINS - 3.00% | G46: =-G40*3% -> 0 | H46: =-H40*3% -> 0 | I46: =-I40*3% -> -79.1532 | J46: =-J40*3% -> -74.97 | K46: =-K40*3% -> -88.2 | L46: =-L40*3% -> -88.2 | M46: =-M40*3% -> -88.2 | N46: =-N40*3% -> -96.9066 | ... Z46: =-Z40*3% -> -88.2
B47: NET REVENUE | G47: =G40+G44 -> 0 | H47: =H40+H44 -> 0 | I47: =I40+I44 -> 2542.1369 | J47: =J40+J44 -> 2407.7865 | K47: =K40+K44 -> 2832.69 | L47: =L40+L44 -> 2832.69 | M47: =M40+M44 -> 2832.69 | N47: =N40+N44 -> 3112.317 | ... Z47: =Z40+Z44 -> 2832.69
C48: SG&A + expenses | G48: =-$E$22*G40 -> 0 | H48: =-$E$22*H40 -> 0 | I48: =-$E$22*I40 -> -52.7688 | J48: =-$E$22*J40 -> -49.98 | K48: =-$E$22*K40 -> -58.8 | L48: =-$E$22*L40 -> -58.8 | M48: =-$E$22*M40 -> -58.8 | N48: =-$E$22*N40 -> -64.6044 | ... Z48: =-$E$22*Z40 -> -58.8
B49: EBITDA | G49: =G47+G48 -> 0 | H49: =H47+H48 -> 0 | I49: =I47+I48 -> 2489.3681 | J49: =J47+J48 -> 2357.8065 | K49: =K47+K48 -> 2773.89 | L49: =L47+L48 -> 2773.89 | M49: =M47+M48 -> 2773.89 | N49: =N47+N48 -> 3047.7126 | ... Z49: =Z47+Z48 -> 2773.89
C50: EBITDA (% of net revenue) | G50: =IFERROR(G49/G47,"n/a") -> n/a | H50: =IFERROR(H49/H47,"n/a") -> n/a | I50: =IFERROR(I49/I47,"n/a") -> 0.97924235 | J50: =IFERROR(J49/J47,"n/a") -> 0.97924235 | K50: =IFERROR(K49/K47,"n/a") -> 0.97924235 | L50: =IFERROR(L49/L47,"n/a") -> 0.97924235 | M50: =IFERROR(M49/M47,"n/a") -> 0.97924235 | N50: =IFERROR(N49/N47,"n/a") -> 0.97924235 | ... Z50: =IFERROR(Z49/Z47,"n/a") -> 0.97924235
C51: Depreciation & amortization | G51: =IF(AND(G$6>=$E$21,G$6<$E$21+$E$23),-$E$36/$E$23,0) -> 0 | H51: =IF(AND(H$6>=$E$21,H$6<$E$21+$E$23),-$E$36/$E$23,0) -> 0 | I51: =IF(AND(I$6>=$E$21,I$6<$E$21+$E$23),-$E$36/$E$23,0) -> -1209.2889 | J51: =IF(AND(J$6>=$E$21,J$6<$E$21+$E$23),-$E$36/$E$23,0) -> -1209.2889 | K51: =IF(AND(K$6>=$E$21,K$6<$E$21+$E$23),-$E$36/$E$23,0) -> -1209.2889 | L51: =IF(AND(L$6>=$E$21,L$6<$E$21+$E$23),-$E$36/$E$23,0) -> -1209.2889 | M51: =IF(AND(M$6>=$E$21,M$6<$E$21+$E$23),-$E$36/$E$23,0) -> -1209.2889 | N51: =IF(AND(N$6>=$E$21,N$6<$E$21+$E$23),-$E$36/$E$23,0) -> -1209.2889 | ... Z51: =IF(AND(Z$6>=$E$21,Z$6<$E$21+$E$23),-$E$36/$E$23,0) -> -1209.2889
B52: EBIT | G52: =G49+G51 -> 0 | H52: =H49+H51 -> 0 | I52: =I49+I51 -> 1280.0793 | J52: =J49+J51 -> 1148.5176 | K52: =K49+K51 -> 1564.6011 | L52: =L49+L51 -> 1564.6011 | M52: =M49+M51 -> 1564.6011 | N52: =N49+N51 -> 1838.4237 | ... Z52: =Z49+Z51 -> 1564.6011
C53: IRPJ (corporate income tax) | G53: =-(G59+G60) -> 0 | H53: =-(H59+H60) -> 0 | I53: =-(I59+I60) -> -187.0752 | J53: =-(J59+J60) -> -175.92 | K53: =-(K59+K60) -> -211.2 | L53: =-(L59+L60) -> -211.2 | M53: =-(M59+M60) -> -211.2 | N53: =-(N59+N60) -> -234.4176 | ... Z53: =-(Z59+Z60) -> -211.2
C54: CSLL (social contribution) | G54: =-G61 -> 0 | H54: =-H61 -> 0 | I54: =-I61 -> -75.987072 | J54: =-J61 -> -71.9712 | K54: =-K61 -> -84.672 | L54: =-L61 -> -84.672 | M54: =-M61 -> -84.672 | N54: =-N61 -> -93.030336 | ... Z54: =-Z61 -> -84.672
B55: NET INCOME | G55: =G52+G53+G54 -> 0 | H55: =H52+H53+H54 -> 0 | I55: =I52+I53+I54 -> 1017.017 | J55: =J52+J53+J54 -> 900.62641 | K55: =K52+K53+K54 -> 1268.7291 | L55: =L52+L53+L54 -> 1268.7291 | M55: =M52+M53+M54 -> 1268.7291 | N55: =N52+N53+N54 -> 1510.9757 | ... Z55: =Z52+Z53+Z54 -> 1268.7291
B57: CALCULATION MEMO — IRPJ / CSLL (PRESUMED PROFIT)
C58: Presumed base - 32% | G58: =G40*32% -> 0 | H58: =H40*32% -> 0 | I58: =I40*32% -> 844.3008 | J58: =J40*32% -> 799.68 | K58: =K40*32% -> 940.8 | L58: =L40*32% -> 940.8 | M58: =M40*32% -> 940.8 | N58: =N40*32% -> 1033.6704 | ... Z58: =Z40*32% -> 940.8
C59: IRPJ - 15% | G59: =G58*15% -> 0 | H59: =H58*15% -> 0 | I59: =I58*15% -> 126.64512 | J59: =J58*15% -> 119.952 | K59: =K58*15% -> 141.12 | L59: =L58*15% -> 141.12 | M59: =M58*15% -> 141.12 | N59: =N58*15% -> 155.05056 | ... Z59: =Z58*15% -> 141.12
C60: IRPJ - 10% surcharge | G60: =IF(G58<240,0,(G58-240)*10%) -> 0 | H60: =IF(H58<240,0,(H58-240)*10%) -> 0 | I60: =IF(I58<240,0,(I58-240)*10%) -> 60.43008 | J60: =IF(J58<240,0,(J58-240)*10%) -> 55.968 | K60: =IF(K58<240,0,(K58-240)*10%) -> 70.08 | L60: =IF(L58<240,0,(L58-240)*10%) -> 70.08 | M60: =IF(M58<240,0,(M58-240)*10%) -> 70.08 | N60: =IF(N58<240,0,(N58-240)*10%) -> 79.36704 | ... Z60: =IF(Z58<240,0,(Z58-240)*10%) -> 70.08
C61: CSLL - 9% | G61: =G58*9% -> 0 | H61: =H58*9% -> 0 | I61: =I58*9% -> 75.987072 | J61: =J58*9% -> 71.9712 | K61: =K58*9% -> 84.672 | L61: =L58*9% -> 84.672 | M61: =M58*9% -> 84.672 | N61: =N58*9% -> 93.030336 | ... Z61: =Z58*9% -> 84.672
B63: CASH FLOW
C64: EBITDA | G64: =G49 -> 0 | H64: =H49 -> 0 | I64: =I49 -> 2489.3681 | J64: =J49 -> 2357.8065 | K64: =K49 -> 2773.89 | L64: =L49 -> 2773.89 | M64: =M49 -> 2773.89 | N64: =N49 -> 3047.7126 | ... Z64: =Z49 -> 2773.89
C65: (-) IRPJ / CSLL | G65: =G53+G54 -> 0 | H65: =H53+H54 -> 0 | I65: =I53+I54 -> -263.06227 | J65: =J53+J54 -> -247.8912 | K65: =K53+K54 -> -295.872 | L65: =L53+L54 -> -295.872 | M65: =M53+M54 -> -295.872 | N65: =N53+N54 -> -327.44794 | ... Z65: =Z53+Z54 -> -295.872
C66: (-) Capex | G66: =-G36 -> 0 | H66: =-H36 -> -21767.2 | I66: =-I36 -> 0 | J66: =-J36 -> 0 | K66: =-K36 -> 0 | L66: =-L36 -> 0 | M66: =-M36 -> 0 | N66: =-N36 -> 0 | ... Z66: =-Z36 -> 0
B67: CASH FLOW FOR THE PERIOD | G67: =SUM(G64:G66) -> 0 | H67: =SUM(H64:H66) -> -21767.2 | I67: =SUM(I64:I66) -> 2226.3059 | J67: =SUM(J64:J66) -> 2109.9153 | K67: =SUM(K64:K66) -> 2478.018 | L67: =SUM(L64:L66) -> 2478.018 | M67: =SUM(M64:M66) -> 2478.018 | N67: =SUM(N64:N66) -> 2720.2646 | ... Z67: =SUM(Z64:Z66) -> 2478.018 | AA67: =Z67/$E$25 -> 35400.257
C68: Cumulative cash flow | G68: =G67 -> 0 | H68: =G68+H67 -> -21767.2 | I68: =H68+I67 -> -19540.894 | J68: =I68+J67 -> -17430.979 | K68: =J68+K67 -> -14952.961 | L68: =K68+L67 -> -12474.943 | M68: =L68+M67 -> -9996.9248 | N68: =M68+N67 -> -7276.6602 | O68: =N68+O67 -> -4798.6422 | ... AA68: =Z68+AA67 -> 58344.306
B70: INVESTOR INDICATORS
C71: Cumulative cash flow (without perpetuity) | G71: =G67 -> 0 | H71: =G71+H67 -> -21767.2 | I71: =H71+I67 -> -19540.894 | J71: =I71+J67 -> -17430.979 | K71: =J71+K67 -> -14952.961 | L71: =K71+L67 -> -12474.943 | M71: =L71+M67 -> -9996.9248 | N71: =M71+N67 -> -7276.6602 | O71: =N71+O67 -> -4798.6422 | ... Z71: =Y71+Z67 -> 22944.049
C72: Discount factor | G72: =1/(1+$E$24)^(COLUMN(G72)-COLUMN($G$72)) -> 1 | H72: =1/(1+$E$24)^(COLUMN(H72)-COLUMN($G$72)) -> 0.91743119 | I72: =1/(1+$E$24)^(COLUMN(I72)-COLUMN($G$72)) -> 0.84167999 | J72: =1/(1+$E$24)^(COLUMN(J72)-COLUMN($G$72)) -> 0.77218348 | K72: =1/(1+$E$24)^(COLUMN(K72)-COLUMN($G$72)) -> 0.70842521 | L72: =1/(1+$E$24)^(COLUMN(L72)-COLUMN($G$72)) -> 0.64993139 | M72: =1/(1+$E$24)^(COLUMN(M72)-COLUMN($G$72)) -> 0.59626733 | N72: =1/(1+$E$24)^(COLUMN(N72)-COLUMN($G$72)) -> 0.54703424 | ... AA72: =1/(1+$E$24)^(COLUMN(AA72)-COLUMN($G$72)) -> 0.17843089
C73: Discounted cash flow | G73: =G67*G72 -> 0 | H73: =H67*H72 -> -19969.908 | I73: =I67*I72 -> 1873.8371 | J73: =J67*J72 -> 1629.2417 | K73: =K67*K72 -> 1755.4904 | L73: =L67*L72 -> 1610.5417 | M73: =M67*M72 -> 1477.5612 | N73: =N67*N72 -> 1488.0779 | ... AA73: =AA67*AA72 -> 6316.4994
C74: Cumulative discounted cash flow (without perpetuity) | G74: =G73 -> 0 | H74: =G74+H73 -> -19969.908 | I74: =H74+I73 -> -18096.071 | J74: =I74+J73 -> -16466.829 | K74: =J74+K73 -> -14711.339 | L74: =K74+L73 -> -13100.797 | M74: =L74+M73 -> -11623.236 | N74: =M74+N73 -> -10135.158 | O74: =N74+O73 -> -8891.5246 | ... Z74: =Y74+Z73 -> -286.25664
B76: Return
C77: IRR with perpetuity (% p.a.) | E77: =IRR($G$67:$AA$67) -> 0.12012134
C78: IRR without perpetuity — cash flow through 2045 (% p.a.) | E78: =IFERROR(IRR($G$67:$Z$67),"n/a") -> 0.087894627
C79: Discount rate (% p.a.) | E79: =$E$24 -> 0.09
C80: NPV with perpetuity (R$ thousand) | E80: =SUM($G$73:$AA$73) -> 6030.2427
C81: NPV without perpetuity (R$ thousand) | E81: =SUM($G$73:$Z$73) -> -286.25664
C82: PV of the perpetuity (R$ thousand) | E82: =$AA$73 -> 6316.4994
C83: Profitability index (PV inflows / PV outflows) | E83: =SUMIF($G$73:$AA$73,">0")/-SUMIF($G$73:$AA$73,"<0") -> 1.3019665
B85: Capital and exposure
C86: Capital invested — sum of negative cash flows (R$ thousand) | E86: =-SUMIF($G$67:$Z$67,"<0") -> 21767.2
C87: Peak cash exposure (R$ thousand) | E87: =-MIN(0,MIN($G$71:$Z$71)) -> 21767.2
C88: Year of peak exposure | E88: =INDEX($G$6:$Z$6,MATCH(MIN($G$71:$Z$71),$G$71:$Z$71,0)) -> 2027
C89: Years with negative cash flow | E89: =COUNTIF($G$67:$Z$67,"<0") -> 1
C90: Payback — years until the cumulative balance turns positive | E90: =IF(COUNTIF($G$71:$Z$71,"<0")=COUNT($G$71:$Z$71),"> 20 years",COUNTIF($G$71:$Z$71,"<0")) -> 9
B92: Multiple and cash generated
C93: Cash returned — sum of positive cash flows through 2045 (R$ thousand) | E93: =SUMIF($G$67:$Z$67,">0") -> 44711.249
C94: Cumulative cash result through 2045 (R$ thousand) | E94: =SUM($G$67:$Z$67) -> 22944.049
C95: Multiple on invested capital (MOIC) through 2045 | E95: =E93/E86 -> 2.0540652
C96: Multiple with perpetuity | E96: =(E93+$AA$67)/E86 -> 3.6803772
C97: Average annual cash flow in positive years (R$ thousand) | E97: =IFERROR(AVERAGEIF($G$67:$Z$67,">0"),0) -> 2483.9583
C98: Average cash yield on peak exposure (% p.a.) | E98: =IFERROR(E97/E87,"n/a") -> 0.11411474
B106: Conventions: 2026 cash flow at t=0; perpetuity (Perp. column) discounted one period after 2045, as in the previous NPV. Peak exposure = lowest cumulative cash balance.
B108: SALE OF THE MINI MALL TO AN INVESTOR — ALTERNATIVE (SAME MECHANICS AS THE CONVENTION CENTER)
B109: SCENARIO USED IN MANAGEMENT AND VALUATION: Grupo Sirena builds, operates for 3 years and sells the stabilized asset to an investor in 2030, at the minimum price that delivers the target IRR. The 'hold' scenario above is kept for reference.
C110: Grupo Sirena target IRR (% p.a.) — same as the Convention Center | E110: ='CONVENTION CENTER'!$E$65 -> 0.18
C111: Operating years before the sale (sale at the end of the last year) | E111: 3
C112: RET — special tax regime (% of sales) — same as the Convention Center | E112: ='CONVENTION CENTER'!$E$68 -> 0.04
C113: Selling costs — brokerage and legal (% of value) — same as the Convention Center | E113: ='CONVENTION CENTER'!$E$69 -> 0.03
C114: Stabilized EBITDA for the buyer — 1st year after the sale, without key money (R$ thousand) | E114: =INDEX($G$49:$Z$49,MATCH($E$115+1,$G$6:$Z$6,0)) -> 2773.89
C115: Year of the asset sale | E115: =$E$21+$E$111-1 -> 2030
B117: SALE PRICE TO THE INVESTOR
C118: Minimum price for the target IRR (R$ thousand) — Capex less retained operating cash flow, compounded at the target IRR until the sale | E118: {=(SUMPRODUCT($G$36:$Z$36,1/(1+$E$110)^($G$6:$Z$6-$G$6))-SUMPRODUCT(($G$6:$Z$6<=$E$115)*($G$64:$Z$64+$G$65:$Z$65),1/(1+$E$110)^($G$6:$Z$6-$G$6)))*(1+$E$110)^($E$115-$G$6)/(1-$E$112-$E$113)} -> 29781.269
C119: Adopted sale price (R$ thousand) — rounded minimum | E119: =ROUNDUP($E$118,-2) -> 29800
C120: Price per m² built (R$) | E120: =$E$119*1000/$E$12 -> 9254.6584
C121: Capex per m² built (R$) | E121: =$E$36*1000/$E$12 -> 6760
...

Sheet SKI GRAMADO
AB1: 0.06
B2: GRAMADO PROJECT - SKI GRAMADO (ALL-SEASON COMPLEX) | AB2: 0.06
B3: South America's first all-season ski complex — assumptions from the Sirena Gramado presentation (FERG, Apr/2026), Capex adjusted to R$ 136 MM and visitors +15% vs. baseline. Cash flow with and without debt. | AB3: 0.06
AB4: 0.06
AB5: 0.06
B6: Values in R$ thousand | E6: Input / Total | G6: 2026 | H6: =G6+1 -> 2027 | I6: =H6+1 -> 2028 | J6: =I6+1 -> 2029 | K6: =J6+1 -> 2030 | L6: =K6+1 -> 2031 | M6: =L6+1 -> 2032 | N6: =M6+1 -> 2033 | O6: =N6+1 -> 2034 | ... Z6: =Y6+1 -> 2045 | AA6: Perp. | AB6: 0.06
AB7: 0.06
B8: ASSUMPTIONS | AB8: 0.06
C9: Visitors in the 1st full year of operation (deck baseline) | E9: 193875 | AB9: 0.06
C10: Visitor adjustment vs. deck baseline (%) — scenario | E10: 0.1
C11: Visitor growth (% p.a.) — ramp-up to capacity | E11: 0.0175 | AB11: 0.06
C12: Operating days per year (for reference) | E12: 311 | AB12: 0.06
C13: Peak days at 100% occupancy × visitors/day (for reference) | E13: 1100 | AB13: 0.06
C14: General ticket (R$ per visitor) | E14: 120 | AB14: 0.06
C15: Baseline core slope revenue — ticket, ski, tubing and lessons (R$ thousand) | E15: 37400 | AB15: 0.06
C16: Baseline ancillary revenue — adventure and services (R$ thousand) | E16: 6000 | AB16: 0.06
C17: Price adjustment (% p.a.) | E17: 0.0175 | AB17: 0.06
C18: Construction start year | E18: 2028 | AB18: 0.06
C19: % of Capex disbursed in the 1st construction year | E19: 0.4 | AB19: 0.06
C20: Operations start year (delivery) | E20: 2029 | AB20: 0.06
C21: % of the 1st year in operation (opening during 2029) | E21: 0.15 | AB21: 0.06
C22: Total complex Capex (R$ thousand) — excluding the operator's share | E22: 136000 | AB22: 0.06
... C33: % of Capex financed | E33: 0 | AB33: 0.06
C34: Nominal interest rate (% p.a.) — same as Club Med | E34: ='CLUB MED'!$E$13 -> 0.1 | AB34: 0.06
C35: Debt amortization term (years) | E35: 12 | AB35: 0.06
C36: Amortization start year | E36: 2030 | AB36: 0.06
C37: NPV discount rate (% p.a.) | E37: =MANAGEMENT!$H$6 -> 0.09 | AB37: 0.06
C38: Terminal cap rate (% p.a.) | E38: 0.1 | AB38: 0.06
C39: Tax regime | E39: Presumed Profit (Lucro Presumido) | AB39: 0.06
AB40: 0.06
B41: REVENUE MIX — WEIGHTS FROM THE PRESENTATION (p.7) | AB41: 0.06
C42: Core — General ticket (calculated: visitors × ticket) | E42: 0.25 | AB42: 0.06
C43: Core — Ski | E43: 0.15 | AB43: 0.06
C44: Core — Tubing | E44: 0.03 | AB44: 0.06
C45: Core — Lessons | E45: 0.02 | AB45: 0.06
C46: Ancillary — Conveyor lifts | E46: 0.03 | AB46: 0.06
C47: Ancillary — Treetop course + Zipline | E47: 0.05 | AB47: 0.06
C48: Ancillary — F&B | E48: 0.03 | AB48: 0.06
C49: Ancillary — Photos | E49: 0.02 | AB49: 0.06
C50: Ancillary — Souvenir shop | E50: 0.02 | AB50: 0.06
C51: Ancillary — Sponsors | E51: 0.01 | AB51: 0.06
C52: Sum of core weights excluding the General ticket | E52: =E43+E44+E45 -> 0.2 | AB52: 0.06
C53: Sum of ancillary weights | E53: =SUM(E46:E51) -> 0.16 | AB53: 0.06
C54: Baseline core revenue excluding the General ticket (R$ thousand) | E54: =E15-E9*E14/1000 -> 14135 | AB54: 0.06
AB55: 0.06
B56: ANNUAL CAPEX — SKI GRAMADO | AB56: 0.06
C57: Construction disbursement factor | G57: =IF(G$6=$E$18,$E$19,IF(G$6=$E$18+1,1-$E$19,0)) -> 0 | H57: =IF(H$6=$E$18,$E$19,IF(H$6=$E$18+1,1-$E$19,0)) -> 0 | I57: =IF(I$6=$E$18,$E$19,IF(I$6=$E$18+1,1-$E$19,0)) -> 0.4 | J57: =IF(J$6=$E$18,$E$19,IF(J$6=$E$18+1,1-$E$19,0)) -> 0.6 | K57: =IF(K$6=$E$18,$E$19,IF(K$6=$E$18+1,1-$E$19,0)) -> 0 | L57: =IF(L$6=$E$18,$E$19,IF(L$6=$E$18+1,1-$E$19,0)) -> 0 | M57: =IF(M$6=$E$18,$E$19,IF(M$6=$E$18+1,1-$E$19,0)) -> 0 | N57: =IF(N$6=$E$18,$E$19,IF(N$6=$E$18+1,1-$E$19,0)) -> 0 | ... Z57: =IF(Z$6=$E$18,$E$19,IF(Z$6=$E$18+1,1-$E$19,0)) -> 0 | AB57: 0.06
C58: Summit (deck R$ 14.2M — prorated in total Capex) | D58: 14200 | E58: =SUM(G58:Z58) -> 17799.078 | G58: =$E$22*$D58/SUM($D$58:$D$61)*G$57 -> 0 | H58: =$E$22*$D58/SUM($D$58:$D$61)*H$57 -> 0 | I58: =$E$22*$D58/SUM($D$58:$D$61)*I$57 -> 7119.6313 | J58: =$E$22*$D58/SUM($D$58:$D$61)*J$57 -> 10679.447 | K58: =$E$22*$D58/SUM($D$58:$D$61)*K$57 -> 0 | L58: =$E$22*$D58/SUM($D$58:$D$61)*L$57 -> 0 | M58: =$E$22*$D58/SUM($D$58:$D$61)*M$57 -> 0 | N58: =$E$22*$D58/SUM($D$58:$D$61)*N$57 -> 0 | ... Z58: =$E$22*$D58/SUM($D$58:$D$61)*Z$57 -> 0 | AB58: 0.06
C59: Ski (deck R$ 39.4M) | D59: 39400 | E59: =SUM(G59:Z59) -> 49386.175 | G59: =$E$22*$D59/SUM($D$58:$D$61)*G$57 -> 0 | H59: =$E$22*$D59/SUM($D$58:$D$61)*H$57 -> 0 | I59: =$E$22*$D59/SUM($D$58:$D$61)*I$57 -> 19754.47 | J59: =$E$22*$D59/SUM($D$58:$D$61)*J$57 -> 29631.705 | K59: =$E$22*$D59/SUM($D$58:$D$61)*K$57 -> 0 | L59: =$E$22*$D59/SUM($D$58:$D$61)*L$57 -> 0 | M59: =$E$22*$D59/SUM($D$58:$D$61)*M$57 -> 0 | N59: =$E$22*$D59/SUM($D$58:$D$61)*N$57 -> 0 | ... Z59: =$E$22*$D59/SUM($D$58:$D$61)*Z$57 -> 0 | AB59: 0.06
C60: Base (deck R$ 22.2M) | D60: 22200 | E60: =SUM(G60:Z60) -> 27826.728 | G60: =$E$22*$D60/SUM($D$58:$D$61)*G$57 -> 0 | H60: =$E$22*$D60/SUM($D$58:$D$61)*H$57 -> 0 | I60: =$E$22*$D60/SUM($D$58:$D$61)*I$57 -> 11130.691 | J60: =$E$22*$D60/SUM($D$58:$D$61)*J$57 -> 16696.037 | K60: =$E$22*$D60/SUM($D$58:$D$61)*K$57 -> 0 | L60: =$E$22*$D60/SUM($D$58:$D$61)*L$57 -> 0 | M60: =$E$22*$D60/SUM($D$58:$D$61)*M$57 -> 0 | N60: =$E$22*$D60/SUM($D$58:$D$61)*N$57 -> 0 | ... Z60: =$E$22*$D60/SUM($D$58:$D$61)*Z$57 -> 0 | AB60: 0.06
C61: Global items (deck R$ 32.7M) | D61: 32700 | E61: =SUM(G61:Z61) -> 40988.018 | G61: =$E$22*$D61/SUM($D$58:$D$61)*G$57 -> 0 | H61: =$E$22*$D61/SUM($D$58:$D$61)*H$57 -> 0 | I61: =$E$22*$D61/SUM($D$58:$D$61)*I$57 -> 16395.207 | J61: =$E$22*$D61/SUM($D$58:$D$61)*J$57 -> 24592.811 | K61: =$E$22*$D61/SUM($D$58:$D$61)*K$57 -> 0 | L61: =$E$22*$D61/SUM($D$58:$D$61)*L$57 -> 0 | M61: =$E$22*$D61/SUM($D$58:$D$61)*M$57 -> 0 | N61: =$E$22*$D61/SUM($D$58:$D$61)*N$57 -> 0 | ... Z61: =$E$22*$D61/SUM($D$58:$D$61)*Z$57 -> 0 | AB61: 0.06
B62: DEVELOPMENT CAPEX | E62: =SUM(G62:Z62) -> 136000 | G62: =SUM(G58:G61) -> 0 | H62: =SUM(H58:H61) -> 0 | I62: =SUM(I58:I61) -> 54400 | J62: =SUM(J58:J61) -> 81600 | K62: =SUM(K58:K61) -> 0 | L62: =SUM(L58:L61) -> 0 | M62: =SUM(M58:M61) -> 0 | N62: =SUM(N58:N61) -> 0 | ... Z62: =SUM(Z58:Z61) -> 0 | AB62: 0.06
C63: Reinvestment (% of gross revenue) | E63: =SUM(G63:Z63) -> 10107.587 | G63: =G75*$E$31 -> 0 | H63: =H75*$E$31 -> 0 | I63: =I75*$E$31 -> 0 | J63: =J75*$E$31 -> 71.61 | K63: =K75*$E$31 -> 477.4 | L63: =L75*$E$31 -> 494.2552 | M63: =M75*$E$31 -> 511.7055 | N63: =N75*$E$31 -> 529.7719 | ... Z63: =Z75*$E$31 -> 803.36878 | AB63: 0.06
B64: TOTAL CAPEX | E64: =SUM(G64:Z64) -> 146107.59 | G64: =G62+G63 -> 0 | H64: =H62+H63 -> 0 | I64: =I62+I63 -> 54400 | J64: =J62+J63 -> 81671.61 | K64: =K62+K63 -> 477.4 | L64: =L62+L63 -> 494.2552 | M64: =M62+M63 -> 511.7055 | N64: =N62+N63 -> 529.7719 | ... Z64: =Z62+Z63 -> 803.36878 | AB64: 0.06
AB65: 0.06
B66: OPERATIONS | AB66: 0.06
C67: Operating year | G67: =IF(G$6>=$E$20,G$6-$E$20+1,0) -> 0 | H67: =IF(H$6>=$E$20,H$6-$E$20+1,0) -> 0 | I67: =IF(I$6>=$E$20,I$6-$E$20+1,0) -> 0 | J67: =IF(J$6>=$E$20,J$6-$E$20+1,0) -> 1 | K67: =IF(K$6>=$E$20,K$6-$E$20+1,0) -> 2 | L67: =IF(L$6>=$E$20,L$6-$E$20+1,0) -> 3 | M67: =IF(M$6>=$E$20,M$6-$E$20+1,0) -> 4 | N67: =IF(N$6>=$E$20,N$6-$E$20+1,0) -> 5 | ... Z67: =IF(Z$6>=$E$20,Z$6-$E$20+1,0) -> 17 | AB67: 0.06
C68: % of the year in operation | G68: =IF(G67=0,0,IF(G67=1,$E$21,1)) -> 0 | H68: =IF(H67=0,0,IF(H67=1,$E$21,1)) -> 0 | I68: =IF(I67=0,0,IF(I67=1,$E$21,1)) -> 0 | J68: =IF(J67=0,0,IF(J67=1,$E$21,1)) -> 0.15 | K68: =IF(K67=0,0,IF(K67=1,$E$21,1)) -> 1 | L68: =IF(L67=0,0,IF(L67=1,$E$21,1)) -> 1 | M68: =IF(M67=0,0,IF(M67=1,$E$21,1)) -> 1 | N68: =IF(N67=0,0,IF(N67=1,$E$21,1)) -> 1 | ... Z68: =IF(Z67=0,0,IF(Z67=1,$E$21,1)) -> 1 | AB68: 0.06
C69: Visitors in the year | E69: =SUM(G69:Z69) -> 3930785.6 | G69: =IF(G67=0,0,$E$9*(1+$E$10)*(1+$E$11)^MAX(0,G67-2)*G68) -> 0 | H69: =IF(H67=0,0,$E$9*(1+$E$10)*(1+$E$11)^MAX(0,H67-2)*H68) -> 0 | I69: =IF(I67=0,0,$E$9*(1+$E$10)*(1+$E$11)^MAX(0,I67-2)*I68) -> 0 | J69: =IF(J67=0,0,$E$9*(1+$E$10)*(1+$E$11)^MAX(0,J67-2)*J68) -> 31989.375 | K69: =IF(K67=0,0,$E$9*(1+$E$10)*(1+$E$11)^MAX(0,K67-2)*K68) -> 213262.5 | L69: =IF(L67=0,0,$E$9*(1+$E$10)*(1+$E$11)^MAX(0,L67-2)*L68) -> 216994.59 | M69: =IF(M67=0,0,$E$9*(1+$E$10)*(1+$E$11)^MAX(0,M67-2)*M68) -> 220792 | N69: =IF(N67=0,0,$E$9*(1+$E$10)*(1+$E$11)^MAX(0,N67-2)*N68) -> 224655.86 | ... Z69: =IF(Z67=0,0,$E$9*(1+$E$10)*(1+$E$11)^MAX(0,Z67-2)*Z68) -> 276650.06 | AB69: 0.06
C70: Volume index vs. baseline | G70: =G69/$E$9 -> 0 | H70: =H69/$E$9 -> 0 | I70: =I69/$E$9 -> 0 | J70: =J69/$E$9 -> 0.165 | K70: =K69/$E$9 -> 1.1 | L70: =L69/$E$9 -> 1.11925 | M70: =M69/$E$9 -> 1.1388369 | N70: =N69/$E$9 -> 1.1587665 | ... Z70: =Z69/$E$9 -> 1.4269506 | AB70: 0.06
C71: Price index (adjustment) | G71: =IF(G67=0,0,(1+$E$17)^MAX(0,G67-2)) -> 0 | H71: =IF(H67=0,0,(1+$E$17)^MAX(0,H67-2)) -> 0 | I71: =IF(I67=0,0,(1+$E$17)^MAX(0,I67-2)) -> 0 | J71: =IF(J67=0,0,(1+$E$17)^MAX(0,J67-2)) -> 1 | K71: =IF(K67=0,0,(1+$E$17)^MAX(0,K67-2)) -> 1 | L71: =IF(L67=0,0,(1+$E$17)^MAX(0,L67-2)) -> 1.0175 | M71: =IF(M67=0,0,(1+$E$17)^MAX(0,M67-2)) -> 1.0353063 | N71: =IF(N67=0,0,(1+$E$17)^MAX(0,N67-2)) -> 1.0534241 | ... Z71: =IF(Z67=0,0,(1+$E$17)^MAX(0,Z67-2)) -> 1.2972279 | AB71: 0.06
C72: Revenue per visitor (R$) | G72: =IFERROR(G75*1000/G69,0) -> 0 | H72: =IFERROR(H75*1000/H69,0) -> 0 | I72: =IFERROR(I75*1000/I69,0) -> 0 | J72: =IFERROR(J75*1000/J69,0) -> 223.85558 | K72: =IFERROR(K75*1000/K69,0) -> 223.85558 | L72: =IFERROR(L75*1000/L69,0) -> 227.77305 | M72: =IFERROR(M75*1000/M69,0) -> 231.75908 | N72: =IFERROR(N75*1000/N69,0) -> 235.81486 | ... Z72: =IFERROR(Z75*1000/Z69,0) -> 290.39169 | AB72: 0.06
AB73: 0.06
B74: INCOME STATEMENT (P&L) | AB74: 0.06
B75: GROSS REVENUE | E75: =SUM(G75:Z75) -> 1010758.7 | G75: =SUM(G76:G85) -> 0 | H75: =SUM(H76:H85) -> 0 | I75: =SUM(I76:I85) -> 0 | J75: =SUM(J76:J85) -> 7161 | K75: =SUM(K76:K85) -> 47740 | L75: =SUM(L76:L85) -> 49425.52 | M75: =SUM(M76:M85) -> 51170.55 | N75: =SUM(N76:N85) -> 52977.19 | ... Z75: =SUM(Z76:Z85) -> 80336.878 | AB75: 0.06
C76: General ticket | G76: =G69*$E$14/1000*G71 -> 0 | H76: =H69*$E$14/1000*H71 -> 0 | I76: =I69*$E$14/1000*I71 -> 0 | J76: =J69*$E$14/1000*J71 -> 3838.725 | K76: =K69*$E$14/1000*K71 -> 25591.5 | L76: =L69*$E$14/1000*L71 -> 26495.04 | M76: =M69*$E$14/1000*M71 -> 27430.48 | N76: =N69*$E$14/1000*N71 -> 28398.948 | ... Z76: =Z69*$E$14/1000*Z71 -> 43065.38 | AB76: 0.06
C77: Ski | G77: =$E$54*$E$43/$E$52*G70*G71 -> 0 | H77: =$E$54*$E$43/$E$52*H70*H71 -> 0 | I77: =$E$54*$E$43/$E$52*I70*I71 -> 0 | J77: =$E$54*$E$43/$E$52*J70*J71 -> 1749.2063 | K77: =$E$54*$E$43/$E$52*K70*K71 -> 11661.375 | L77: =$E$54*$E$43/$E$52*L70*L71 -> 12073.094 | M77: =$E$54*$E$43/$E$52*M70*M71 -> 12499.35 | N77: =$E$54*$E$43/$E$52*N70*N71 -> 12940.655 | ... Z77: =$E$54*$E$43/$E$52*Z70*Z71 -> 19623.763 | AB77: 0.06
C78: Tubing | G78: =$E$54*$E$44/$E$52*G70*G71 -> 0 | H78: =$E$54*$E$44/$E$52*H70*H71 -> 0 | I78: =$E$54*$E$44/$E$52*I70*I71 -> 0 | J78: =$E$54*$E$44/$E$52*J70*J71 -> 349.84125 | K78: =$E$54*$E$44/$E$52*K70*K71 -> 2332.275 | L78: =$E$54*$E$44/$E$52*L70*L71 -> 2414.6189 | M78: =$E$54*$E$44/$E$52*M70*M71 -> 2499.87 | N78: =$E$54*$E$44/$E$52*N70*N71 -> 2588.1311 | ... Z78: =$E$54*$E$44/$E$52*Z70*Z71 -> 3924.7527 | AB78: 0.06
C79: Lessons | G79: =$E$54*$E$45/$E$52*G70*G71 -> 0 | H79: =$E$54*$E$45/$E$52*H70*H71 -> 0 | I79: =$E$54*$E$45/$E$52*I70*I71 -> 0 | J79: =$E$54*$E$45/$E$52*J70*J71 -> 233.2275 | K79: =$E$54*$E$45/$E$52*K70*K71 -> 1554.85 | L79: =$E$54*$E$45/$E$52*L70*L71 -> 1609.7459 | M79: =$E$54*$E$45/$E$52*M70*M71 -> 1666.58 | N79: =$E$54*$E$45/$E$52*N70*N71 -> 1725.4207 | ... Z79: =$E$54*$E$45/$E$52*Z70*Z71 -> 2616.5018 | AB79: 0.06
C80: Conveyor lifts | G80: =$E$16*$E$46/$E$53*G70*G71 -> 0 | H80: =$E$16*$E$46/$E$53*H70*H71 -> 0 | I80: =$E$16*$E$46/$E$53*I70*I71 -> 0 | J80: =$E$16*$E$46/$E$53*J70*J71 -> 185.625 | K80: =$E$16*$E$46/$E$53*K70*K71 -> 1237.5 | L80: =$E$16*$E$46/$E$53*L70*L71 -> 1281.1915 | M80: =$E$16*$E$46/$E$53*M70*M71 -> 1326.4256 | N80: =$E$16*$E$46/$E$53*N70*N71 -> 1373.2567 | ... Z80: =$E$16*$E$46/$E$53*Z70*Z71 -> 2082.4652 | AB80: 0.06
C81: Treetop course + Zipline | G81: =$E$16*$E$47/$E$53*G70*G71 -> 0 | H81: =$E$16*$E$47/$E$53*H70*H71 -> 0 | I81: =$E$16*$E$47/$E$53*I70*I71 -> 0 | J81: =$E$16*$E$47/$E$53*J70*J71 -> 309.375 | K81: =$E$16*$E$47/$E$53*K70*K71 -> 2062.5 | L81: =$E$16*$E$47/$E$53*L70*L71 -> 2135.3191 | M81: =$E$16*$E$47/$E$53*M70*M71 -> 2210.7093 | N81: =$E$16*$E$47/$E$53*N70*N71 -> 2288.7611 | ... Z81: =$E$16*$E$47/$E$53*Z70*Z71 -> 3470.7753 | AB81: 0.06
C82: A&B | G82: =$E$16*$E$48/$E$53*G70*G71 -> 0 | H82: =$E$16*$E$48/$E$53*H70*H71 -> 0 | I82: =$E$16*$E$48/$E$53*I70*I71 -> 0 | J82: =$E$16*$E$48/$E$53*J70*J71 -> 185.625 | K82: =$E$16*$E$48/$E$53*K70*K71 -> 1237.5 | L82: =$E$16*$E$48/$E$53*L70*L71 -> 1281.1915 | M82: =$E$16*$E$48/$E$53*M70*M71 -> 1326.4256 | N82: =$E$16*$E$48/$E$53*N70*N71 -> 1373.2567 | ... Z82: =$E$16*$E$48/$E$53*Z70*Z71 -> 2082.4652 | AB82: 0.06
C83: Photos | G83: =$E$16*$E$49/$E$53*G70*G71 -> 0 | H83: =$E$16*$E$49/$E$53*H70*H71 -> 0 | I83: =$E$16*$E$49/$E$53*I70*I71 -> 0 | J83: =$E$16*$E$49/$E$53*J70*J71 -> 123.75 | K83: =$E$16*$E$49/$E$53*K70*K71 -> 825 | L83: =$E$16*$E$49/$E$53*L70*L71 -> 854.12766 | M83: =$E$16*$E$49/$E$53*M70*M71 -> 884.2837 | N83: =$E$16*$E$49/$E$53*N70*N71 -> 915.50444 | ... Z83: =$E$16*$E$49/$E$53*Z70*Z71 -> 1388.3101 | AB83: 0.06
C84: Souvenir shop | G84: =$E$16*$E$50/$E$53*G70*G71 -> 0 | H84: =$E$16*$E$50/$E$53*H70*H71 -> 0 | I84: =$E$16*$E$50/$E$53*I70*I71 -> 0 | J84: =$E$16*$E$50/$E$53*J70*J71 -> 123.75 | K84: =$E$16*$E$50/$E$53*K70*K71 -> 825 | L84: =$E$16*$E$50/$E$53*L70*L71 -> 854.12766 | M84: =$E$16*$E$50/$E$53*M70*M71 -> 884.2837 | N84: =$E$16*$E$50/$E$53*N70*N71 -> 915.50444 | ... Z84: =$E$16*$E$50/$E$53*Z70*Z71 -> 1388.3101 | AB84: 0.06
C85: Sponsors | G85: =$E$16*$E$51/$E$53*G70*G71 -> 0 | H85: =$E$16*$E$51/$E$53*H70*H71 -> 0 | I85: =$E$16*$E$51/$E$53*I70*I71 -> 0 | J85: =$E$16*$E$51/$E$53*J70*J71 -> 61.875 | K85: =$E$16*$E$51/$E$53*K70*K71 -> 412.5 | L85: =$E$16*$E$51/$E$53*L70*L71 -> 427.06383 | M85: =$E$16*$E$51/$E$53*M70*M71 -> 442.14185 | N85: =$E$16*$E$51/$E$53*N70*N71 -> 457.75222 | ... Z85: =$E$16*$E$51/$E$53*Z70*Z71 -> 694.15505 | AB85: 0.06
B86: SALES DEDUCTIONS | G86: =SUM(G87:G90) -> 0 | H86: =SUM(H87:H90) -> 0 | I86: =SUM(I87:I90) -> 0 | J86: =SUM(J87:J90) -> -716.1 | K86: =SUM(K87:K90) -> -4774 | L86: =SUM(L87:L90) -> -4942.552 | M86: =SUM(M87:M90) -> -5117.055 | N86: =SUM(N87:N90) -> -5297.719 | ... Z86: =SUM(Z87:Z90) -> -8033.6878 | AB86: 0.06
C87: PIS - 0.65% | G87: =-G75*0.65% -> 0 | H87: =-H75*0.65% -> 0 | I87: =-I75*0.65% -> 0 | J87: =-J75*0.65% -> -46.5465 | K87: =-K75*0.65% -> -310.31 | L87: =-L75*0.65% -> -321.26588 | M87: =-M75*0.65% -> -332.60858 | N87: =-N75*0.65% -> -344.35174 | ... Z87: =-Z75*0.65% -> -522.18971 | AB87: 0.06
C88: COFINS - 3.00% | G88: =-G75*3% -> 0 | H88: =-H75*3% -> 0 | I88: =-I75*3% -> 0 | J88: =-J75*3% -> -214.83 | K88: =-K75*3% -> -1432.2 | L88: =-L75*3% -> -1482.7656 | M88: =-M75*3% -> -1535.1165 | N88: =-N75*3% -> -1589.3157 | ... Z88: =-Z75*3% -> -2410.1063 | AB88: 0.06
C89: ISS - 5.00% | G89: =-G75*5% -> 0 | H89: =-H75*5% -> 0 | I89: =-I75*5% -> 0 | J89: =-J75*5% -> -358.05 | K89: =-K75*5% -> -2387 | L89: =-L75*5% -> -2471.276 | M89: =-M75*5% -> -2558.5275 | N89: =-N75*5% -> -2648.8595 | ... Z89: =-Z75*5% -> -4016.8439 | AB89: 0.06
C90: Acquirer / payment processing | G90: =-G75*$E$30 -> 0 | H90: =-H75*$E$30 -> 0 | I90: =-I75*$E$30 -> 0 | J90: =-J75*$E$30 -> -96.6735 | K90: =-K75*$E$30 -> -644.49 | L90: =-L75*$E$30 -> -667.24453 | M90: =-M75*$E$30 -> -690.80243 | N90: =-N75*$E$30 -> -715.19207 | ... Z90: =-Z75*$E$30 -> -1084.5479 | AB90: 0.06
B91: NET REVENUE | G91: =G75+G86 -> 0 | H91: =H75+H86 -> 0 | I91: =I75+I86 -> 0 | J91: =J75+J86 -> 6444.9 | K91: =K75+K86 -> 42966 | L91: =L75+L86 -> 44482.968 | M91: =M75+M86 -> 46053.495 | N91: =N75+N86 -> 47679.471 | ... Z91: =Z75+Z86 -> 72303.19 | AB91: 0.06
B92: OPERATING COSTS AND EXPENSES | G92: =SUM(G93:G98) -> 0 | H92: =SUM(H93:H98) -> 0 | I92: =SUM(I93:I98) -> 0 | J92: =SUM(J93:J98) -> -2895.8812 | K92: =SUM(K93:K98) -> -19305.875 | L92: =SUM(L93:L98) -> -19577.608 | M92: =SUM(M93:M98) -> -19854.835 | N92: =SUM(N93:N98) -> -20137.711 | ... Z92: =SUM(Z93:Z98) -> -24035.829 | AB92: 0.06
C93: F&B and shop COGS | G93: =-(G82+G84)*$E$28 -> 0 | H93: =-(H82+H84)*$E$28 -> 0 | I93: =-(I82+I84)*$E$28 -> 0 | J93: =-(J82+J84)*$E$28 -> -108.28125 | K93: =-(K82+K84)*$E$28 -> -721.875 | L93: =-(L82+L84)*$E$28 -> -747.3617 | M93: =-(M82+M84)*$E$28 -> -773.74824 | N93: =-(N82+N84)*$E$28 -> -801.06639 | ... Z93: =-(Z82+Z84)*$E$28 -> -1214.7713 | AB93: 0.06
C94: Marketing and sales commissions | G94: =-G75*$E$29 -> 0 | H94: =-H75*$E$29 -> 0 | I94: =-I75*$E$29 -> 0 | J94: =-J75*$E$29 -> -358.05 | K94: =-K75*$E$29 -> -2387 | L94: =-L75*$E$29 -> -2471.276 | M94: =-M75*$E$29 -> -2558.5275 | N94: =-N75*$E$29 -> -2648.8595 | ... Z94: =-Z75*$E$29 -> -4016.8439 | AB94: 0.06
C95: Staff (headcount structure from the deck) | G95: =-IF(G67=0,0,$E$23*(1+$E$27)^MAX(0,G67-2)*G68) -> 0 | H95: =-IF(H67=0,0,$E$23*(1+$E$27)^MAX(0,H67-2)*H68) -> 0 | I95: =-IF(I67=0,0,$E$23*(1+$E$27)^MAX(0,I67-2)*I68) -> 0 | J95: =-IF(J67=0,0,$E$23*(1+$E$27)^MAX(0,J67-2)*J68) -> -1319.55 | K95: =-IF(K67=0,0,$E$23*(1+$E$27)^MAX(0,K67-2)*K68) -> -8797 | L95: =-IF(L67=0,0,$E$23*(1+$E$27)^MAX(0,L67-2)*L68) -> -8884.97 | M95: =-IF(M67=0,0,$E$23*(1+$E$27)^MAX(0,M67-2)*M68) -> -8973.8197 | N95: =-IF(N67=0,0,$E$23*(1+$E$27)^MAX(0,N67-2)*N68) -> -9063.5579 | ... Z95: =-IF(Z67=0,0,$E$23*(1+$E$27)^MAX(0,Z67-2)*Z68) -> -10213.044 | AB95: 0.06
C96: Contracts | G96: =-IF(G67=0,0,$E$24*(1+$E$27)^MAX(0,G67-2)*G68) -> 0 | H96: =-IF(H67=0,0,$E$24*(1+$E$27)^MAX(0,H67-2)*H68) -> 0 | I96: =-IF(I67=0,0,$E$24*(1+$E$27)^MAX(0,I67-2)*I68) -> 0 | J96: =-IF(J67=0,0,$E$24*(1+$E$27)^MAX(0,J67-2)*J68) -> -585 | K96: =-IF(K67=0,0,$E$24*(1+$E$27)^MAX(0,K67-2)*K68) -> -3900 | L96: =-IF(L67=0,0,$E$24*(1+$E$27)^MAX(0,L67-2)*L68) -> -3939 | M96: =-IF(M67=0,0,$E$24*(1+$E$27)^MAX(0,M67-2)*M68) -> -3978.39 | N96: =-IF(N67=0,0,$E$24*(1+$E$27)^MAX(0,N67-2)*N68) -> -4018.1739 | ... Z96: =-IF(Z67=0,0,$E$24*(1+$E$27)^MAX(0,Z67-2)*Z68) -> -4527.7789 | AB96: 0.06
C97: Utilities — power, water and refrigeration | G97: =-IF(G67=0,0,$E$25*(1+$E$27)^MAX(0,G67-2)*G68) -> 0 | H97: =-IF(H67=0,0,$E$25*(1+$E$27)^MAX(0,H67-2)*H68) -> 0 | I97: =-IF(I67=0,0,$E$25*(1+$E$27)^MAX(0,I67-2)*I68) -> 0 | J97: =-IF(J67=0,0,$E$25*(1+$E$27)^MAX(0,J67-2)*J68) -> -300 | K97: =-IF(K67=0,0,$E$25*(1+$E$27)^MAX(0,K67-2)*K68) -> -2000 | L97: =-IF(L67=0,0,$E$25*(1+$E$27)^MAX(0,L67-2)*L68) -> -2020 | M97: =-IF(M67=0,0,$E$25*(1+$E$27)^MAX(0,M67-2)*M68) -> -2040.2 | N97: =-IF(N67=0,0,$E$25*(1+$E$27)^MAX(0,N67-2)*N68) -> -2060.602 | ... Z97: =-IF(Z67=0,0,$E$25*(1+$E$27)^MAX(0,Z67-2)*Z68) -> -2321.9379 | AB97: 0.06
C98: Maintenance and insurance | G98: =-IF(G67=0,0,$E$26*(1+$E$27)^MAX(0,G67-2)*G68) -> 0 | H98: =-IF(H67=0,0,$E$26*(1+$E$27)^MAX(0,H67-2)*H68) -> 0 | I98: =-IF(I67=0,0,$E$26*(1+$E$27)^MAX(0,I67-2)*I68) -> 0 | J98: =-IF(J67=0,0,$E$26*(1+$E$27)^MAX(0,J67-2)*J68) -> -225 | K98: =-IF(K67=0,0,$E$26*(1+$E$27)^MAX(0,K67-2)*K68) -> -1500 | L98: =-IF(L67=0,0,$E$26*(1+$E$27)^MAX(0,L67-2)*L68) -> -1515 | M98: =-IF(M67=0,0,$E$26*(1+$E$27)^MAX(0,M67-2)*M68) -> -1530.15 | N98: =-IF(N67=0,0,$E$26*(1+$E$27)^MAX(0,N67-2)*N68) -> -1545.4515 | ... Z98: =-IF(Z67=0,0,$E$26*(1+$E$27)^MAX(0,Z67-2)*Z68) -> -1741.4534 | AB98: 0.06
B99: EBITDA | G99: =G91+G92 -> 0 | H99: =H91+H92 -> 0 | I99: =I91+I92 -> 0 | J99: =J91+J92 -> 3549.0188 | K99: =K91+K92 -> 23660.125 | L99: =L91+L92 -> 24905.361 | M99: =M91+M92 -> 26198.66 | N99: =N91+N92 -> 27541.76 | ... Z99: =Z91+Z92 -> 48267.361 | AB99: 0.06
C100: EBITDA (% of net revenue) | G100: =IFERROR(G99/G91,0) -> 0 | H100: =IFERROR(H99/H91,0) -> 0 | I100: =IFERROR(I99/I91,0) -> 0 | J100: =IFERROR(J99/J91,0) -> 0.55067088 | K100: =IFERROR(K99/K91,0) -> 0.55067088 | L100: =IFERROR(L99/L91,0) -> 0.55988531 | M100: =IFERROR(M99/M91,0) -> 0.56887451 | N100: =IFERROR(N99/N91,0) -> 0.57764399 | ... Z100: =IFERROR(Z99/Z91,0) -> 0.6675689 | AB100: 0.06
C101: Depreciation & amortization | G101: =-IF(AND(G67>=1,G67<=$E$32),$E$22/$E$32,0) -> 0 | H101: =-IF(AND(H67>=1,H67<=$E$32),$E$22/$E$32,0) -> 0 | I101: =-IF(AND(I67>=1,I67<=$E$32),$E$22/$E$32,0) -> 0 | J101: =-IF(AND(J67>=1,J67<=$E$32),$E$22/$E$32,0) -> -9066.6667 | K101: =-IF(AND(K67>=1,K67<=$E$32),$E$22/$E$32,0) -> -9066.6667 | L101: =-IF(AND(L67>=1,L67<=$E$32),$E$22/$E$32,0) -> -9066.6667 | M101: =-IF(AND(M67>=1,M67<=$E$32),$E$22/$E$32,0) -> -9066.6667 | N101: =-IF(AND(N67>=1,N67<=$E$32),$E$22/$E$32,0) -> -9066.6667 | ... Z101: =-IF(AND(Z67>=1,Z67<=$E$32),$E$22/$E$32,0) -> 0 | AB101: 0.06
B102: EBIT | G102: =G99+G101 -> 0 | H102: =H99+H101 -> 0 | I102: =I99+I101 -> 0 | J102: =J99+J101 -> -5517.6479 | K102: =K99+K101 -> 14593.458 | L102: =L99+L101 -> 15838.694 | M102: =M99+M101 -> 17131.993 | N102: =N99+N101 -> 18475.093 | ... Z102: =Z99+Z101 -> 48267.361 | AB102: 0.06
C103: Financial expenses (interest) | G103: =-G119 -> 0 | H103: =-H119 -> 0 | I103: =-I119 -> 0 | J103: =-J119 -> 0 | K103: =-K119 -> 0 | L103: =-L119 -> 0 | M103: =-M119 -> 0 | N103: =-N119 -> 0 | ... Z103: =-Z119 -> 0 | AB103: 0.06
B104: EBT | G104: =G102+G103 -> 0 | H104: =H102+H103 -> 0 | I104: =I102+I103 -> 0 | J104: =J102+J103 -> -5517.6479 | K104: =K102+K103 -> 14593.458 | L104: =L102+L103 -> 15838.694 | M104: =M102+M103 -> 17131.993 | N104: =N102+N103 -> 18475.093 | ... Z104: =Z102+Z103 -> 48267.361 | AB104: 0.06
C105: IRPJ (corporate income tax) | G105: =-(G112+G113) -> 0 | H105: =-(H112+H113) -> 0 | I105: =-(I112+I113) -> 0 | J105: =-(J112+J113) -> -548.88 | K105: =-(K112+K113) -> -3795.2 | L105: =-(L112+L113) -> -3930.0416 | M105: =-(M112+M113) -> -4069.644 | N105: =-(N112+N113) -> -4214.1752 | ... Z105: =-(Z112+Z113) -> -6402.9503 | AB105: 0.06
C106: CSLL (social contribution) | G106: =-G114 -> 0 | H106: =-H114 -> 0 | I106: =-I114 -> 0 | J106: =-J114 -> -206.2368 | K106: =-K114 -> -1374.912 | L106: =-L114 -> -1423.455 | M106: =-M114 -> -1473.7118 | N106: =-N114 -> -1525.7431 | ... Z106: =-Z114 -> -2313.7021 | AB106: 0.06
B107: NET INCOME | G107: =G104+G105+G106 -> 0 | H107: =H104+H105+H106 -> 0 | I107: =I104+I105+I106 -> 0 | J107: =J104+J105+J106 -> -6272.7647 | K107: =K104+K105+K106 -> 9423.3463 | L107: =L104+L105+L106 -> 10485.197 | M107: =M104+M105+M106 -> 11588.637 | N107: =N104+N105+N106 -> 12735.175 | ... Z107: =Z104+Z105+Z106 -> 39550.709 | AB107: 0.06
C108: Net margin (% of net revenue) | G108: =IFERROR(G107/G91,0) -> 0 | H108: =IFERROR(H107/H91,0) -> 0 | I108: =IFERROR(I107/I91,0) -> 0 | J108: =IFERROR(J107/J91,0) -> -0.97329124 | K108: =IFERROR(K107/K91,0) -> 0.21932101 | L108: =IFERROR(L107/L91,0) -> 0.23571263 | M108: =IFERROR(M107/M91,0) -> 0.25163426 | N108: =IFERROR(N107/N91,0) -> 0.26709976 | ... Z108: =IFERROR(Z107/Z91,0) -> 0.54701194 | AB108: 0.06
AB109: 0.06
B110: CALCULATION MEMO — IRPJ / CSLL (PRESUMED PROFIT) | AB110: 0.06
...

Sheet CONVENTION CENTER
B2: GRAMADO PROJECT - CONVENTION CENTER (ALTERNATIVE TO SENIOR LIVING)
B3: Same land as the Senior Living (southern tip of AI/03). Mid-sized congress center integrated with Club Med: Grupo Sirena builds the shell and sells the building to an events operator. No FF&E in our Capex.
B6: Values in R$ thousand | E6: Input / Total | G6: 2026 | H6: =G6+1 -> 2027 | I6: =H6+1 -> 2028 | J6: =I6+1 -> 2029 | K6: =J6+1 -> 2030 | L6: =K6+1 -> 2031 | M6: =L6+1 -> 2032 | N6: =M6+1 -> 2033 | O6: =N6+1 -> 2034 | ... Z6: =Y6+1 -> 2045 | AA6: Perp.
B8: EVENTS MARKET — GRAMADO / CANELA
C9: Monitored events in Gramado in 2025 (CVB / PROMEGC) | E9: 575
C10: Monitored events in Gramado + Canela in 2025 | E10: 681
C11: Event attendees in Gramado + Canela in 2025 | E11: 272000
C12: Average audience per event (people) | E12: =$E$11/$E$10 -> 399.41263
C13: % of corporate events (largest segment) | E13: 0.43
C14: Target share of the center in the number of Gramado events | E14: =E34/$E$9 -> 0.20173913
B16: PROGRAM — SIZING OF THE CONVENTION CENTER
C17: Main auditorium — 1,200 seats (≈ 1.1 m²/seat + stage and wings) (m²) | E17: 1500
C18: Multipurpose hall — fairs and banquets up to 2,000 people (m²) | E18: 2500
C19: Modular rooms — 10 rooms for 80 to 200 people (m²) | E19: 1200
C20: Foyers, registration and circulation (m²) | E20: 1300
C21: Industrial kitchen, loading docks, dressing rooms and technical support (m²) | E21: 1000
C22: Total built area (m²) | E22: =SUM(E17:E21) -> 7500
C23: Land area (m²) — same as Senior Living | E23: ='SENIOR LIVING'!$E$179 -> 14350
C24: Maximum footprint — 30% lot coverage in zone 10.4 (m²) | E24: =$E$23*30% -> 4305
C25: Floors required (built area / footprint) | E25: =ROUNDUP($E$22/$E$24,0) -> 2
C26: Maximum simultaneous capacity (people) — auditorium + rooms | E26: 2400
B28: EVENT CALENDAR (STABILIZED YEAR, 2026 PRICES)
C29: Unit type | E29: Events/year | F29: Days/event | G29: Average audience | H29: Rental R$ thousand/day | I29: F&B R$/person/day | J29: Event-days | K29: Person-days
C30: Congresses and conventions (800–2,500 people) | E30: 18 | F30: 2.5 | G30: 1500 | H30: 110 | I30: 140 | J30: =E30*F30 -> 45 | K30: =J30*G30 -> 67500
C31: Corporate events (200–800 people) | E31: 60 | F31: 1.5 | G31: 400 | H31: 35 | I31: 110 | J31: =E31*F31 -> 90 | K31: =J31*G31 -> 36000
C32: B2B fairs and exhibitions | E32: 8 | F32: 4 | G32: 3000 | H32: 70 | I32: 0 | J32: =E32*F32 -> 32 | K32: =J32*G32 -> 96000
C33: Graduations, social events and shows (F&B by outsourced caterer) | E33: 30 | F33: 1 | G33: 800 | H33: 40 | I33: 0 | J33: =E33*F33 -> 30 | K33: =J33*G33 -> 24000
C34: Total | E34: =SUM(E30:E33) -> 116 | J34: =SUM(J30:J33) -> 197 | K34: =SUM(K30:K33) -> 223500
C36: Venue rental revenue | E36: =SUMPRODUCT(E30:E33,F30:F33,H30:H33) -> 11540
C37: F&B revenue | E37: =SUMPRODUCT(K30:K33,I30:I33)/1000 -> 13410
C38: Audiovisual, technology and services (% of rental) | E38: 0.15
C39: Audiovisual and services revenue | E39: =$E$36*$E$38 -> 1731
C40: Sponsorship, naming rights and parking (R$ thousand/year) | E40: 1000
C41: OPERATOR REVENUE — stabilized year, 2026 prices | E41: =$E$36+$E$37+$E$39+$E$40 -> 27681
B43: OPERATOR COSTS AND NOI (STABILIZED YEAR, 2026 PRICES)
C44: F&B cost — supplies and staff (% of F&B revenue) | E44: 0.65
C45: Variable event costs — cleaning, security, set-up (% of rental + AV) | E45: 0.2
C46: Fixed costs — staff, power, maintenance, sales and insurance (R$ thousand/year) | E46: 6500
C47: Taxes on operator revenue — PIS/COFINS 3.65% + ISS 5% | E47: =0.65%+3%+5% -> 0.0865
C48: FF&E replacement reserve (% of revenue) | E48: 0.02
C49: OPERATOR NOI | E49: =$E$41*(1-$E$47-$E$48)-$E$37*$E$44-($E$36+$E$39)*$E$45-$E$46 -> 6862.2735
C50: NOI margin (% of revenue) | E50: =$E$49/$E$41 -> 0.24790555
C51: Operator FF&E — seating, audiovisual, kitchen and furniture (R$/m² built) | E51: 600
C52: Total FF&E paid by the operator (R$ thousand) | E52: =$E$22*$E$51/1000 -> 4500
C53: For comparison: Senior Living FF&E (R$ thousand) | E53: ='SENIOR LIVING'!$E$60 -> 7200
B55: ASSUMPTIONS — CONSTRUCTION AND SALE OF THE BUILDING TO THE OPERATOR
C56: Construction cost (R$/m² built) — construction only | E56: 7000
C57: Design and approvals (% of construction) | E57: 0.03
C58: Development fee (% of construction) | E58: 0.04
C59: Construction start year (Phase 2, same as Senior Living) | E59: ='SENIOR LIVING'!$E$34 -> 2029
C60: % of Capex in the 1st construction year | E60: 0.4
C61: Operations start year | E61: ='SENIOR LIVING'!$E$36 -> 2031
C62: Calendar occupancy — 1st operating year | E62: 0.6
C63: Calendar occupancy — 2nd operating year | E63: 0.8
C64: Price and cost adjustment (% p.a.) — Club Med IPCA | E64: ='CLUB MED'!$E$14 -> 0.0568
C65: Grupo Sirena target IRR (% p.a.) — same as Senior Living | E65: ='SENIOR LIVING'!$E$214 -> 0.18
C66: % of the price received in the 1st construction year (down payment) | E66: 0.2
C67: % of the price received in the 2nd construction year | E67: 0.3
C68: RET — special tax regime (% of sales) | E68: 0.04
C69: Selling costs — brokerage and legal (% of value) | E69: 0.03
C70: NPV discount rate (% p.a.) | E70: =MANAGEMENT!$H$6 -> 0.09
B72: ANNUAL CAPEX — CONVENTION CENTER SHELL (WITHOUT FF&E)
C73: Construction disbursement factor | G73: =IF(G$6=$E$59,$E$60,IF(G$6=$E$59+1,1-$E$60,0)) -> 0 | H73: =IF(H$6=$E$59,$E$60,IF(H$6=$E$59+1,1-$E$60,0)) -> 0 | I73: =IF(I$6=$E$59,$E$60,IF(I$6=$E$59+1,1-$E$60,0)) -> 0 | J73: =IF(J$6=$E$59,$E$60,IF(J$6=$E$59+1,1-$E$60,0)) -> 0.4 | K73: =IF(K$6=$E$59,$E$60,IF(K$6=$E$59+1,1-$E$60,0)) -> 0.6 | L73: =IF(L$6=$E$59,$E$60,IF(L$6=$E$59+1,1-$E$60,0)) -> 0 | M73: =IF(M$6=$E$59,$E$60,IF(M$6=$E$59+1,1-$E$60,0)) -> 0 | N73: =IF(N$6=$E$59,$E$60,IF(N$6=$E$59+1,1-$E$60,0)) -> 0 | ... Z73: =IF(Z$6=$E$59,$E$60,IF(Z$6=$E$59+1,1-$E$60,0)) -> 0
C74: Construction (built area × cost/m²) | E74: =SUM(G74:Z74) -> 52500 | G74: =$E$22*$E$56/1000*G73 -> 0 | H74: =$E$22*$E$56/1000*H73 -> 0 | I74: =$E$22*$E$56/1000*I73 -> 0 | J74: =$E$22*$E$56/1000*J73 -> 21000 | K74: =$E$22*$E$56/1000*K73 -> 31500 | L74: =$E$22*$E$56/1000*L73 -> 0 | M74: =$E$22*$E$56/1000*M73 -> 0 | N74: =$E$22*$E$56/1000*N73 -> 0 | ... Z74: =$E$22*$E$56/1000*Z73 -> 0
C75: Design and approvals | E75: =SUM(G75:Z75) -> 1575 | G75: =G74*$E$57 -> 0 | H75: =H74*$E$57 -> 0 | I75: =I74*$E$57 -> 0 | J75: =J74*$E$57 -> 630 | K75: =K74*$E$57 -> 945 | L75: =L74*$E$57 -> 0 | M75: =M74*$E$57 -> 0 | N75: =N74*$E$57 -> 0 | ... Z75: =Z74*$E$57 -> 0
C76: Development fee | E76: =SUM(G76:Z76) -> 2100 | G76: =G74*$E$58 -> 0 | H76: =H74*$E$58 -> 0 | I76: =I74*$E$58 -> 0 | J76: =J74*$E$58 -> 840 | K76: =K74*$E$58 -> 1260 | L76: =L74*$E$58 -> 0 | M76: =M74*$E$58 -> 0 | N76: =N74*$E$58 -> 0 | ... Z76: =Z74*$E$58 -> 0
B77: TOTAL CAPEX | E77: =SUM(G77:Z77) -> 56175 | G77: =SUM(G74:G76) -> 0 | H77: =SUM(H74:H76) -> 0 | I77: =SUM(I74:I76) -> 0 | J77: =SUM(J74:J76) -> 22470 | K77: =SUM(K74:K76) -> 33705 | L77: =SUM(L74:L76) -> 0 | M77: =SUM(M74:M76) -> 0 | N77: =SUM(N74:N76) -> 0 | ... Z77: =SUM(Z74:Z76) -> 0
B79: SALE PRICE TO THE OPERATOR
C80: Minimum price for the target IRR (R$ thousand) | E80: {=SUMPRODUCT($G$77:$Z$77,1/(1+$E$65)^($G$6:$Z$6-$G$6))/((1-$E$69-$E$68)*($E$66/(1+$E$65)^($E$59-$G$6)+$E$67/(1+$E$65)^($E$59+1-$G$6)+(1-$E$66-$E$67)/(1+$E$65)^($E$61-$G$6)))} -> 67469.328
C81: Adopted sale price (R$ thousand) — rounded minimum | E81: =ROUNDUP($E$80,-2) -> 67500
C82: Price per m² built (R$) | E82: =$E$81*1000/$E$22 -> 9000
C83: Capex per m² built (R$) | E83: =$E$77*1000/$E$22 -> 7490
C84: Development margin — (net sale − Capex) / sale | E84: =($E$81*(1-$E$69-$E$68)-$E$77)/$E$81 -> 0.097777778
B86: CENTER OPERATIONS (OPERATOR) — FOR REFERENCE
C87: Operating year | G87: =IF(G$6>=$E$61,G$6-$E$61+1,0) -> 0 | H87: =IF(H$6>=$E$61,H$6-$E$61+1,0) -> 0 | I87: =IF(I$6>=$E$61,I$6-$E$61+1,0) -> 0 | J87: =IF(J$6>=$E$61,J$6-$E$61+1,0) -> 0 | K87: =IF(K$6>=$E$61,K$6-$E$61+1,0) -> 0 | L87: =IF(L$6>=$E$61,L$6-$E$61+1,0) -> 1 | M87: =IF(M$6>=$E$61,M$6-$E$61+1,0) -> 2 | N87: =IF(N$6>=$E$61,N$6-$E$61+1,0) -> 3 | ... Z87: =IF(Z$6>=$E$61,Z$6-$E$61+1,0) -> 15
C88: Calendar occupancy (%) | G88: =IF(G87=0,0,IF(G87=1,$E$62,IF(G87=2,$E$63,1))) -> 0 | H88: =IF(H87=0,0,IF(H87=1,$E$62,IF(H87=2,$E$63,1))) -> 0 | I88: =IF(I87=0,0,IF(I87=1,$E$62,IF(I87=2,$E$63,1))) -> 0 | J88: =IF(J87=0,0,IF(J87=1,$E$62,IF(J87=2,$E$63,1))) -> 0 | K88: =IF(K87=0,0,IF(K87=1,$E$62,IF(K87=2,$E$63,1))) -> 0 | L88: =IF(L87=0,0,IF(L87=1,$E$62,IF(L87=2,$E$63,1))) -> 0.6 | M88: =IF(M87=0,0,IF(M87=1,$E$62,IF(M87=2,$E$63,1))) -> 0.8 | N88: =IF(N87=0,0,IF(N87=1,$E$62,IF(N87=2,$E$63,1))) -> 1 | ... Z88: =IF(Z87=0,0,IF(Z87=1,$E$62,IF(Z87=2,$E$63,1))) -> 1
C89: Price index (base 2026) | G89: =(1+$E$64)^(G$6-$G$6) -> 1 | H89: =(1+$E$64)^(H$6-$G$6) -> 1.0568 | I89: =(1+$E$64)^(I$6-$G$6) -> 1.1168262 | J89: =(1+$E$64)^(J$6-$G$6) -> 1.180262 | K89: =(1+$E$64)^(K$6-$G$6) -> 1.2473009 | L89: =(1+$E$64)^(L$6-$G$6) -> 1.3181475 | M89: =(1+$E$64)^(M$6-$G$6) -> 1.3930183 | N89: =(1+$E$64)^(N$6-$G$6) -> 1.4721418 | ... Z89: =(1+$E$64)^(Z$6-$G$6) -> 2.8566911
B90: OPERATOR REVENUE | E90: =SUM(G90:Z90) -> 806565.2 | G90: =$E$41*G88*G89 -> 0 | H90: =$E$41*H88*H89 -> 0 | I90: =$E$41*I88*I89 -> 0 | J90: =$E$41*J88*J89 -> 0 | K90: =$E$41*K88*K89 -> 0 | L90: =$E$41*L88*L89 -> 21892.585 | M90: =$E$41*M88*M89 -> 30848.112 | N90: =$E$41*N88*N89 -> 40750.356 | ... Z90: =$E$41*Z88*Z89 -> 79076.067
C91: (-) Taxes and FF&E reserve | E91: =SUM(G91:Z91) -> -85899.194 | G91: =-G90*($E$47+$E$48) -> 0 | H91: =-H90*($E$47+$E$48) -> 0 | I91: =-I90*($E$47+$E$48) -> 0 | J91: =-J90*($E$47+$E$48) -> 0 | K91: =-K90*($E$47+$E$48) -> 0 | L91: =-L90*($E$47+$E$48) -> -2331.5603 | M91: =-M90*($E$47+$E$48) -> -3285.3239 | N91: =-N90*($E$47+$E$48) -> -4339.9129 | ... Z91: =-Z90*($E$47+$E$48) -> -8421.6012
C92: (-) Variable costs (F&B and events) | E92: =SUM(G92:Z92) -> -331317.91 | G92: =-($E$37*$E$44+($E$36+$E$39)*$E$45)*G88*G89 -> 0 | H92: =-($E$37*$E$44+($E$36+$E$39)*$E$45)*H88*H89 -> 0 | I92: =-($E$37*$E$44+($E$36+$E$39)*$E$45)*I88*I89 -> 0 | J92: =-($E$37*$E$44+($E$36+$E$39)*$E$45)*J88*J89 -> 0 | K92: =-($E$37*$E$44+($E$36+$E$39)*$E$45)*K88*K89 -> 0 | L92: =-($E$37*$E$44+($E$36+$E$39)*$E$45)*L88*L89 -> -8992.9561 | M92: =-($E$37*$E$44+($E$36+$E$39)*$E$45)*M88*M89 -> -12671.675 | N92: =-($E$37*$E$44+($E$36+$E$39)*$E$45)*N88*N89 -> -16739.282 | ... Z92: =-($E$37*$E$44+($E$36+$E$39)*$E$45)*Z88*Z89 -> -32482.578
C93: (-) Fixed costs | E93: =SUM(G93:Z93) -> -194634.22 | G93: =IF(G87=0,0,-$E$46*G89) -> 0 | H93: =IF(H87=0,0,-$E$46*H89) -> 0 | I93: =IF(I87=0,0,-$E$46*I89) -> 0 | J93: =IF(J87=0,0,-$E$46*J89) -> 0 | K93: =IF(K87=0,0,-$E$46*K89) -> 0 | L93: =IF(L87=0,0,-$E$46*L89) -> -8567.959 | M93: =IF(M87=0,0,-$E$46*M89) -> -9054.6191 | N93: =IF(N87=0,0,-$E$46*N89) -> -9568.9214 | ... Z93: =IF(Z87=0,0,-$E$46*Z89) -> -18568.492
B94: OPERATOR NOI | E94: =SUM(G94:Z94) -> 194713.88 | G94: =SUM(G90:G93) -> 0 | H94: =SUM(H90:H93) -> 0 | I94: =SUM(I90:I93) -> 0 | J94: =SUM(J90:J93) -> 0 | K94: =SUM(K90:K93) -> 0 | L94: =SUM(L90:L93) -> 2000.1098 | M94: =SUM(M90:M93) -> 5836.4943 | N94: =SUM(N90:N93) -> 10102.239 | ... Z94: =SUM(Z90:Z93) -> 19603.396
C95: Operator yield on (price + FF&E) (% p.a.) | G95: =IF(G87=0,0,G94/($E$81+$E$52*(1+$E$64)^($E$61-$G$6))) -> 0 | H95: =IF(H87=0,0,H94/($E$81+$E$52*(1+$E$64)^($E$61-$G$6))) -> 0 | I95: =IF(I87=0,0,I94/($E$81+$E$52*(1+$E$64)^($E$61-$G$6))) -> 0 | J95: =IF(J87=0,0,J94/($E$81+$E$52*(1+$E$64)^($E$61-$G$6))) -> 0 | K95: =IF(K87=0,0,K94/($E$81+$E$52*(1+$E$64)^($E$61-$G$6))) -> 0 | L95: =IF(L87=0,0,L94/($E$81+$E$52*(1+$E$64)^($E$61-$G$6))) -> 0.027237702 | M95: =IF(M87=0,0,M94/($E$81+$E$52*(1+$E$64)^($E$61-$G$6))) -> 0.079481984 | N95: =IF(N87=0,0,N94/($E$81+$E$52*(1+$E$64)^($E$61-$G$6))) -> 0.13757334 | ... Z95: =IF(Z87=0,0,Z94/($E$81+$E$52*(1+$E$64)^($E$61-$G$6))) -> 0.26696107
B97: INVESTOR (OPERATOR) YIELD
C98: Operator FF&E at opening-year prices (R$ thousand) | E98: =$E$52*(1+$E$64)^($E$61-$G$6) -> 5931.6639
C99: Total operator investment — price + FF&E (R$ thousand) | E99: =$E$81+$E$98 -> 73431.664
C100: Stabilized NOI (100% of the calendar) at opening-year prices — same basis as Senior Living (R$ thousand) | E100: =$E$49*(1+$E$64)^($E$61-$G$6) -> 9045.4889
C101: Operator yield on the building price | E101: =$E$100/$E$81 -> 0.13400724
C102: OPERATOR'S FINAL YIELD on (price + FF&E) | E102: =$E$100/$E$99 -> 0.1231824
C103: For comparison: operator's final yield in the Senior Living | E103: ='SENIOR LIVING'!$E$217 -> 0.045113971
B105: CASH FLOW — GRUPO SIRENA
C106: Building sale receipts | E106: =SUM(G106:Z106) -> 67500 | G106: =$E$81*IF(G$6=$E$59,$E$66,IF(G$6=$E$59+1,$E$67,IF(G$6=$E$61,1-$E$66-$E$67,0))) -> 0 | H106: =$E$81*IF(H$6=$E$59,$E$66,IF(H$6=$E$59+1,$E$67,IF(H$6=$E$61,1-$E$66-$E$67,0))) -> 0 | I106: =$E$81*IF(I$6=$E$59,$E$66,IF(I$6=$E$59+1,$E$67,IF(I$6=$E$61,1-$E$66-$E$67,0))) -> 0 | J106: =$E$81*IF(J$6=$E$59,$E$66,IF(J$6=$E$59+1,$E$67,IF(J$6=$E$61,1-$E$66-$E$67,0))) -> 13500 | K106: =$E$81*IF(K$6=$E$59,$E$66,IF(K$6=$E$59+1,$E$67,IF(K$6=$E$61,1-$E$66-$E$67,0))) -> 20250 | L106: =$E$81*IF(L$6=$E$59,$E$66,IF(L$6=$E$59+1,$E$67,IF(L$6=$E$61,1-$E$66-$E$67,0))) -> 33750 | M106: =$E$81*IF(M$6=$E$59,$E$66,IF(M$6=$E$59+1,$E$67,IF(M$6=$E$61,1-$E$66-$E$67,0))) -> 0 | N106: =$E$81*IF(N$6=$E$59,$E$66,IF(N$6=$E$59+1,$E$67,IF(N$6=$E$61,1-$E$66-$E$67,0))) -> 0 | ... Z106: =$E$81*IF(Z$6=$E$59,$E$66,IF(Z$6=$E$59+1,$E$67,IF(Z$6=$E$61,1-$E$66-$E$67,0))) -> 0
C107: (-) RET | E107: =SUM(G107:Z107) -> -2700 | G107: =-G106*$E$68 -> 0 | H107: =-H106*$E$68 -> 0 | I107: =-I106*$E$68 -> 0 | J107: =-J106*$E$68 -> -540 | K107: =-K106*$E$68 -> -810 | L107: =-L106*$E$68 -> -1350 | M107: =-M106*$E$68 -> 0 | N107: =-N106*$E$68 -> 0 | ... Z107: =-Z106*$E$68 -> 0
C108: (-) Selling costs | E108: =SUM(G108:Z108) -> -2025 | G108: =-G106*$E$69 -> 0 | H108: =-H106*$E$69 -> 0 | I108: =-I106*$E$69 -> 0 | J108: =-J106*$E$69 -> -405 | K108: =-K106*$E$69 -> -607.5 | L108: =-L106*$E$69 -> -1012.5 | M108: =-M106*$E$69 -> 0 | N108: =-N106*$E$69 -> 0 | ... Z108: =-Z106*$E$69 -> 0
C109: (-) Shell Capex | E109: =SUM(G109:Z109) -> -56175 | G109: =-G77 -> 0 | H109: =-H77 -> 0 | I109: =-I77 -> 0 | J109: =-J77 -> -22470 | K109: =-K77 -> -33705 | L109: =-L77 -> 0 | M109: =-M77 -> 0 | N109: =-N77 -> 0 | ... Z109: =-Z77 -> 0
B110: CASH FLOW FOR THE PERIOD | G110: =SUM(G106:G109) -> 0 | H110: =SUM(H106:H109) -> 0 | I110: =SUM(I106:I109) -> 0 | J110: =SUM(J106:J109) -> -9915 | K110: =SUM(K106:K109) -> -14872.5 | L110: =SUM(L106:L109) -> 31387.5 | M110: =SUM(M106:M109) -> 0 | N110: =SUM(N106:N109) -> 0 | ... Z110: =SUM(Z106:Z109) -> 0 | AA110: 0
B112: INVESTOR INDICATORS
C113: Cumulative cash flow (without perpetuity) | G113: =G110 -> 0 | H113: =G113+H110 -> 0 | I113: =H113+I110 -> 0 | J113: =I113+J110 -> -9915 | K113: =J113+K110 -> -24787.5 | L113: =K113+L110 -> 6600 | M113: =L113+M110 -> 6600 | N113: =M113+N110 -> 6600 | O113: =N113+O110 -> 6600 | ... Z113: =Y113+Z110 -> 6600
C114: Discount factor | G114: =1/(1+$E$70)^(COLUMN(G114)-COLUMN($G$114)) -> 1 | H114: =1/(1+$E$70)^(COLUMN(H114)-COLUMN($G$114)) -> 0.91743119 | I114: =1/(1+$E$70)^(COLUMN(I114)-COLUMN($G$114)) -> 0.84167999 | J114: =1/(1+$E$70)^(COLUMN(J114)-COLUMN($G$114)) -> 0.77218348 | K114: =1/(1+$E$70)^(COLUMN(K114)-COLUMN($G$114)) -> 0.70842521 | L114: =1/(1+$E$70)^(COLUMN(L114)-COLUMN($G$114)) -> 0.64993139 | M114: =1/(1+$E$70)^(COLUMN(M114)-COLUMN($G$114)) -> 0.59626733 | N114: =1/(1+$E$70)^(COLUMN(N114)-COLUMN($G$114)) -> 0.54703424 | ... AA114: =1/(1+$E$70)^(COLUMN(AA114)-COLUMN($G$114)) -> 0.17843089
C115: Discounted cash flow | G115: =G110*G114 -> 0 | H115: =H110*H114 -> 0 | I115: =I110*I114 -> 0 | J115: =J110*J114 -> -7656.1992 | K115: =K110*K114 -> -10536.054 | L115: =L110*L114 -> 20399.721 | M115: =M110*M114 -> 0 | N115: =N110*N114 -> 0 | ... AA115: =AA110*AA114 -> 0
...

Sheet VERTICAL APTS
B2: SURF VILLAGE — VERTICAL DEVELOPMENT IN 3 PHASES
B3: ≈257 apartments of 75–260 m² (average 140 m²) at R$ 23 thousand/private m², split into 3 phases. Wave pool and Surf Lodge (60 keys) outside the model — options for the investor. Assumptions: Sirena Gramado Masterplan v5 (Sep/2026).
C5: Month no. | I5: =1 -> 1 | J5: =I5+1 -> 2 | K5: =J5+1 -> 3 | L5: =K5+1 -> 4 | M5: =L5+1 -> 5 | N5: =M5+1 -> 6 | O5: =N5+1 -> 7 | P5: =O5+1 -> 8 | Q5: =P5+1 -> 9 | ... FH5: =FG5+1 -> 156
B6: Values in R$ thousand | D6: Phase 1 | E6: Phase 2 | F6: Phase 3 | G6: Total / Base | I6: =$D$10 -> 46388 | J6: =EDATE(I6,1) -> 46419 | K6: =EDATE(J6,1) -> 46447 | L6: =EDATE(K6,1) -> 46478 | M6: =EDATE(L6,1) -> 46508 | N6: =EDATE(M6,1) -> 46539 | O6: =EDATE(N6,1) -> 46569 | P6: =EDATE(O6,1) -> 46600 | Q6: =EDATE(P6,1) -> 46631 | ... FH6: =EDATE(FG6,1) -> 51105
C7: Year | I7: =YEAR(I6) -> 2027 | J7: =YEAR(J6) -> 2027 | K7: =YEAR(K6) -> 2027 | L7: =YEAR(L6) -> 2027 | M7: =YEAR(M6) -> 2027 | N7: =YEAR(N6) -> 2027 | O7: =YEAR(O6) -> 2027 | P7: =YEAR(P6) -> 2027 | ... FH7: =YEAR(FH6) -> 2039
B9: GENERAL ASSUMPTIONS
C10: Model start (1st month) | D10: 46388
C11: Annual price list adjustment (% p.a.) | D11: 0
C12: NPV discount rate (% p.a.) | D12: =MANAGEMENT!$H$6 -> 0.09
C13: Lag between the start of each phase (months) | D13: 24
C14: Scenario adopted in the MANAGEMENT cash flow (the investor chooses) | D14: Levered
C15: Sale price growth from one phase to the next (%) | D15: 0.15
C16: Construction cost growth from one phase to the next (%) | D16: 0.1
B17: PRODUCT AND VGV
C18: Phase no. | D18: 1 | E18: 2 | F18: 3
C19: Units (apartments) | D19: 86 | E19: 86 | F19: 85 | G19: =SUM(D19:F19) -> 257
C20: Private area (m²) | D20: =D19*D21 -> 12040 | E20: =E19*E21 -> 12040 | F20: =F19*F21 -> 11900 | G20: =SUM(D20:F20) -> 35980
C21: Average private area (m²) | D21: 140 | E21: =D21 -> 140 | F21: =E21 -> 140 | G21: =IFERROR(G20/G19,0) -> 140
C22: Sale price (R$/private m²) | D22: 23000 | E22: =D22*(1+$D$15) -> 26450 | F22: =E22*(1+$D$15) -> 30417.5 | G22: =IFERROR(G23*1000/G20,0) -> 26607.733
C23: Sales value / VGV (R$ thousand) | D23: =D20*D22/1000 -> 276920 | E23: =E20*E22/1000 -> 318458 | F23: =F20*F22/1000 -> 361968.25 | G23: =SUM(D23:F23) -> 957346.25
C24: Built / private area factor (includes circulation and basement) | D24: 1.45 | E24: =D24 -> 1.45 | F24: =E24 -> 1.45
C25: Base area for construction cost = built area (m²) | D25: =D20*D24 -> 17458 | E25: =E20*E24 -> 17458 | F25: =F20*F24 -> 17255 | G25: =SUM(D25:F25) -> 52171
B27: CONSTRUCTION AND SCHEDULE
C28: Construction cost (R$/m² of base area) | D28: 8000 | E28: =D28*(1+$D$16) -> 8800 | F28: =E28*(1+$D$16) -> 9680
C29: Construction (R$ thousand) | D29: =D25*D28/1000 -> 139664 | E29: =E25*E28/1000 -> 153630.4 | F29: =F25*F28/1000 -> 167028.4 | G29: =SUM(D29:F29) -> 460322.8
C30: Common areas / landscaping / phase infrastructure (R$ thousand) | D30: 5000 | E30: =D30*(1+$D$16) -> 5500 | F30: =E30*(1+$D$16) -> 6050 | G30: =SUM(D30:F30) -> 16550
C31: Construction period (months) | D31: 36 | E31: =D31 -> 36 | F31: =E31 -> 36
C32: Launch / start of sales | D32: 46753 | E32: =EDATE(D32,$D$13) -> 47484 | F32: =EDATE(E32,$D$13) -> 48214
C33: Construction start (months after launch) | D33: 6 | E33: =D33 -> 6 | F33: =E33 -> 6
C34: Construction start | D34: =EDATE(D32,D33) -> 46935 | E34: =EDATE(E32,E33) -> 47665 | F34: =EDATE(F32,F33) -> 48396
C35: Keys / delivery | D35: =EDATE(D34,D31) -> 48030 | E35: =EDATE(E34,E31) -> 48761 | F35: =EDATE(F34,F31) -> 49491
B37: SALES PACE
C38: % of VGV sold at launch | D38: 0.3 | E38: =D38 -> 0.3 | F38: =E38 -> 0.3
C39: Launch months | D39: 6 | E39: =D39 -> 6 | F39: =E39 -> 6
C40: % of VGV sold after keys (inventory) | D40: 0.1 | E40: =D40 -> 0.1 | F40: =E40 -> 0.1
C41: Months of sales after keys | D41: 12 | E41: =D41 -> 12 | F41: =E41 -> 12
C42: % sold during construction (remainder) | D42: =1-D38-D40 -> 0.6 | E42: =1-E38-E40 -> 0.6 | F42: =1-F38-F40 -> 0.6
C43: Start of sales during construction | D43: =MAX(EDATE(D32,D39),D34) -> 46935 | E43: =MAX(EDATE(E32,E39),E34) -> 47665 | F43: =MAX(EDATE(F32,F39),F34) -> 48396
C44: Months of sales during construction | D44: =MAX(1,DATEDIF(D43,D35,"m")) -> 36 | E44: =MAX(1,DATEDIF(E43,E35,"m")) -> 36 | F44: =MAX(1,DATEDIF(F43,F35,"m")) -> 36
C45: Start of sales after keys | D45: =EDATE(D35,1) -> 48061 | E45: =EDATE(E35,1) -> 48792 | F45: =EDATE(F35,1) -> 49522
C46: Bank transfer / settlement | D46: =IF(D41>0,EDATE(D45,D41),EDATE(D35,1)) -> 48427 | E46: =IF(E41>0,EDATE(E45,E41),EDATE(E35,1)) -> 49157 | F46: =IF(F41>0,EDATE(F45,F41),EDATE(F35,1)) -> 49888
B48: PAYMENT PLAN (% of price)
C49: Down payment (in the month of sale) | D49: 0.1 | E49: =D49 -> 0.1 | F49: =E49 -> 0.1 | G49: Sales after keys pay down payment + monthly installments + keys upfront and the bank transfer on the transfer date.
C50: Monthly installments until keys (includes semi-annual) | D50: 0.3 | E50: =D50 -> 0.3 | F50: =E50 -> 0.3
C51: Keys | D51: 0.1 | E51: =D51 -> 0.1 | F51: =E51 -> 0.1
C52: Bank transfer / buyer's mortgage | D52: 0.5 | E52: =D52 -> 0.5 | F52: =E52 -> 0.5
C53: Total | D53: =SUM(D49:D52) -> 1 | E53: =SUM(E49:E52) -> 1 | F53: =SUM(F49:F52) -> 1
B55: COSTS AND EXPENSES
C56: Design and approvals (% of construction) — 12 months before construction | D56: 0.03 | E56: =D56 -> 0.03 | F56: =E56 -> 0.03
C57: Construction management (% of construction) — during construction | D57: 0.01 | E57: =D57 -> 0.01 | F57: =E57 -> 0.01
C58: Contingency (% of construction) — construction curve | D58: 0.03 | E58: =D58 -> 0.03 | F58: =E58 -> 0.03
C59: Developer's administration fee (% of VGV) — during construction | D59: 0 | E59: =D59 -> 0 | F59: =E59 -> 0
C60: Marketing / sales office / decoration (% of VGV) — 18 months starting 3 months before launch | D60: 0.02 | E60: =D60 -> 0.02 | F60: =E60 -> 0.02
C61: Brokerage (% of sales, in the month of sale) | D61: 0.05 | E61: =D61 -> 0.05 | F61: =E61 -> 0.05
C62: Taxes — RET (% of receipts net of brokerage) | D62: 0.04 | E62: =D62 -> 0.04 | F62: =E62 -> 0.04
C63: Star Ópera development fee (% of receipts) | D63: 0.04 | E63: =D63 -> 0.04 | F63: =E63 -> 0.04
C64: LAND — set to zero: parcel paid by the holding (MANAGEMENT row 12); roads only in the Land Lots
C65: Land parcel value (R$ thousand) — same value as the Land Lots | G65: ='LAND LOTS'!$G$65 -> 113000
C66: Surf Village area (m²) — 6 blocks, excluding the Mini Mall lot | G66: 34180
C67: Masterplan total reference area (m²) | G67: ='LAND LOTS'!$G$66 -> 637620
C68: Phase land (R$ thousand) — set to zero (previous allocation: G65 × G66/G67 × phase private area) | D68: 0 | E68: 0 | F68: 0 | G68: =SUM(D68:F68) -> 0
C69: ITBI transfer tax on land (%) | D69: ='LAND LOTS'!$D$67 -> 0.03 | E69: =D69 -> 0.03 | F69: =E69 -> 0.03
C70: Payment to the landowner: no. of monthly installments from launch | D70: ='LAND LOTS'!$D$70 -> 12 | E70: =D70 -> 12 | F70: =E70 -> 12
C71: Total land + ITBI of the phase (R$ thousand) | D71: =D68*(1+D69) -> 0 | E71: =E68*(1+E69) -> 0 | F71: =F68*(1+F69) -> 0 | G71: =SUM(D71:F71) -> 0
B73: CONSTRUCTION FINANCING (DEVELOPER LOAN)
C74: Financing (% of construction) — the SPV pays the initial portion, the bank releases the rest | D74: 0.6 | E74: =D74 -> 0.6 | F74: =E74 -> 0.6
C75: Interest (% p.a.) — paid monthly | D75: 0.12 | E75: =D75 -> 0.12 | F75: =E75 -> 0.12
C76: Debt settlement (month) | D76: =D46 -> 48427 | E76: =E46 -> 49157 | F76: =F46 -> 49888
B78: PRODUCT DETAIL
C79: Unit type | D79: Phase 1 (units) | E79: Phase 2 (units) | F79: Phase 3 (units) | G79: Total (units) | I79: Typical private area (m²) | J79: Share of the mix | K79: Average ticket (R$ thousand)
C80: 1 suite (75–90 m²) | D80: =ROUND(D$19*$J80,0) -> 30 | E80: =ROUND(E$19*$J80,0) -> 30 | F80: =ROUND(F$19*$J80,0) -> 30 | G80: =SUM(D80:F80) -> 90 | I80: 82.5 | J80: 0.35 | K80: =I80*$D$22/1000 -> 1897.5
C81: 2 suites (120–140 m²) | D81: =ROUND(D$19*$J81,0) -> 34 | E81: =ROUND(E$19*$J81,0) -> 34 | F81: =ROUND(F$19*$J81,0) -> 34 | G81: =SUM(D81:F81) -> 102 | I81: 130 | J81: 0.4 | K81: =I81*$D$22/1000 -> 2990
C82: 3 suites (170–200 m²) | D82: =ROUND(D$19*$J82,0) -> 17 | E82: =ROUND(E$19*$J82,0) -> 17 | F82: =ROUND(F$19*$J82,0) -> 17 | G82: =SUM(D82:F82) -> 51 | I82: 185 | J82: 0.2 | K82: =I82*$D$22/1000 -> 4255
C83: Penthouses / garden units (260 m²+) | D83: =ROUND(D$19*$J83,0) -> 4 | E83: =ROUND(E$19*$J83,0) -> 4 | F83: =ROUND(F$19*$J83,0) -> 4 | G83: =SUM(D83:F83) -> 12 | I83: 260 | J83: 0.05 | K83: =I83*$D$22/1000 -> 5980
C84: Total | D84: =SUM(D80:D83) -> 85 | E84: =SUM(E80:E83) -> 85 | F84: =SUM(F80:F83) -> 85 | G84: =SUM(G80:G83) -> 255 | I84: =SUMPRODUCT(I80:I83,J80:J83) -> 130.875 | J84: =SUM(J80:J83) -> 1
C86: Indicative mix (site share applied to the units of each phase). The VGV uses the masterplan's 140 m² average area (I74 shows the mix average by area band). Options for the investor outside the model: V-shaped wave pool (~6,000 m² of water + beaches) and Surf Lodge (60-key hotel, ~6,000 m² countable area).
B100: MONTHLY CASH FLOW BY PHASE
B101: PHASE 1 | C101: ="Launch "&TEXT($D$32,"mmm/yy")&" · construction "&TEXT($D$34,"mmm/yy")&"–"&TEXT(EDATE($D$35,-1),"mmm/yy")&" · keys "&TEXT($D$35,"mmm/yy") -> Lançamento jan/28 · obra jul/28–jun/31 · chaves jul/31
C102: % of VGV sold in the month | H102: =SUM(I102:FH102) -> 1 | I102: =IFERROR(IF(AND(I$6>=$D$32,I$6<EDATE($D$32,$D$39)),$D$38/$D$39,IF(AND(I$6>=$D$43,I$6<$D$35),$D$42/$D$44,IF(AND(I$6>=$D$45,I$6<$D$46),$D$40/$D$41,0))),0) -> 0 | J102: =IFERROR(IF(AND(J$6>=$D$32,J$6<EDATE($D$32,$D$39)),$D$38/$D$39,IF(AND(J$6>=$D$43,J$6<$D$35),$D$42/$D$44,IF(AND(J$6>=$D$45,J$6<$D$46),$D$40/$D$41,0))),0) -> 0 | K102: =IFERROR(IF(AND(K$6>=$D$32,K$6<EDATE($D$32,$D$39)),$D$38/$D$39,IF(AND(K$6>=$D$43,K$6<$D$35),$D$42/$D$44,IF(AND(K$6>=$D$45,K$6<$D$46),$D$40/$D$41,0))),0) -> 0 | L102: =IFERROR(IF(AND(L$6>=$D$32,L$6<EDATE($D$32,$D$39)),$D$38/$D$39,IF(AND(L$6>=$D$43,L$6<$D$35),$D$42/$D$44,IF(AND(L$6>=$D$45,L$6<$D$46),$D$40/$D$41,0))),0) -> 0 | M102: =IFERROR(IF(AND(M$6>=$D$32,M$6<EDATE($D$32,$D$39)),$D$38/$D$39,IF(AND(M$6>=$D$43,M$6<$D$35),$D$42/$D$44,IF(AND(M$6>=$D$45,M$6<$D$46),$D$40/$D$41,0))),0) -> 0 | N102: =IFERROR(IF(AND(N$6>=$D$32,N$6<EDATE($D$32,$D$39)),$D$38/$D$39,IF(AND(N$6>=$D$43,N$6<$D$35),$D$42/$D$44,IF(AND(N$6>=$D$45,N$6<$D$46),$D$40/$D$41,0))),0) -> 0 | O102: =IFERROR(IF(AND(O$6>=$D$32,O$6<EDATE($D$32,$D$39)),$D$38/$D$39,IF(AND(O$6>=$D$43,O$6<$D$35),$D$42/$D$44,IF(AND(O$6>=$D$45,O$6<$D$46),$D$40/$D$41,0))),0) -> 0 | P102: =IFERROR(IF(AND(P$6>=$D$32,P$6<EDATE($D$32,$D$39)),$D$38/$D$39,IF(AND(P$6>=$D$43,P$6<$D$35),$D$42/$D$44,IF(AND(P$6>=$D$45,P$6<$D$46),$D$40/$D$41,0))),0) -> 0 | ... FH102: =IFERROR(IF(AND(FH$6>=$D$32,FH$6<EDATE($D$32,$D$39)),$D$38/$D$39,IF(AND(FH$6>=$D$43,FH$6<$D$35),$D$42/$D$44,IF(AND(FH$6>=$D$45,FH$6<$D$46),$D$40/$D$41,0))),0) -> 0
C103: Contracted sales | H103: =SUM(I103:FH103) -> 276920 | I103: =I102*$D$23*(1+$D$11)^(MAX(0,DATEDIF($D$10,I$6,"m"))/12) -> 0 | J103: =J102*$D$23*(1+$D$11)^(MAX(0,DATEDIF($D$10,J$6,"m"))/12) -> 0 | K103: =K102*$D$23*(1+$D$11)^(MAX(0,DATEDIF($D$10,K$6,"m"))/12) -> 0 | L103: =L102*$D$23*(1+$D$11)^(MAX(0,DATEDIF($D$10,L$6,"m"))/12) -> 0 | M103: =M102*$D$23*(1+$D$11)^(MAX(0,DATEDIF($D$10,M$6,"m"))/12) -> 0 | N103: =N102*$D$23*(1+$D$11)^(MAX(0,DATEDIF($D$10,N$6,"m"))/12) -> 0 | O103: =O102*$D$23*(1+$D$11)^(MAX(0,DATEDIF($D$10,O$6,"m"))/12) -> 0 | P103: =P102*$D$23*(1+$D$11)^(MAX(0,DATEDIF($D$10,P$6,"m"))/12) -> 0 | ... FH103: =FH102*$D$23*(1+$D$11)^(MAX(0,DATEDIF($D$10,FH$6,"m"))/12) -> 0
C104: Aux.: monthly installment generated by the month's sales | I104: =IF(I$6<$D$35,I103*$D$50/DATEDIF(I$6,$D$35,"m"),0) -> 0 | J104: =IF(J$6<$D$35,J103*$D$50/DATEDIF(J$6,$D$35,"m"),0) -> 0 | K104: =IF(K$6<$D$35,K103*$D$50/DATEDIF(K$6,$D$35,"m"),0) -> 0 | L104: =IF(L$6<$D$35,L103*$D$50/DATEDIF(L$6,$D$35,"m"),0) -> 0 | M104: =IF(M$6<$D$35,M103*$D$50/DATEDIF(M$6,$D$35,"m"),0) -> 0 | N104: =IF(N$6<$D$35,N103*$D$50/DATEDIF(N$6,$D$35,"m"),0) -> 0 | O104: =IF(O$6<$D$35,O103*$D$50/DATEDIF(O$6,$D$35,"m"),0) -> 0 | P104: =IF(P$6<$D$35,P103*$D$50/DATEDIF(P$6,$D$35,"m"),0) -> 0 | ... FH104: =IF(FH$6<$D$35,FH103*$D$50/DATEDIF(FH$6,$D$35,"m"),0) -> 0
C105: Down payment / at signing | H105: =SUM(I105:FH105) -> 38768.8 | I105: =I103*$D$49+IF(I$6>=$D$35,I103*($D$50+$D$51),0) -> 0 | J105: =J103*$D$49+IF(J$6>=$D$35,J103*($D$50+$D$51),0) -> 0 | K105: =K103*$D$49+IF(K$6>=$D$35,K103*($D$50+$D$51),0) -> 0 | L105: =L103*$D$49+IF(L$6>=$D$35,L103*($D$50+$D$51),0) -> 0 | M105: =M103*$D$49+IF(M$6>=$D$35,M103*($D$50+$D$51),0) -> 0 | N105: =N103*$D$49+IF(N$6>=$D$35,N103*($D$50+$D$51),0) -> 0 | O105: =O103*$D$49+IF(O$6>=$D$35,O103*($D$50+$D$51),0) -> 0 | P105: =P103*$D$49+IF(P$6>=$D$35,P103*($D$50+$D$51),0) -> 0 | ... FH105: =FH103*$D$49+IF(FH$6>=$D$35,FH103*($D$50+$D$51),0) -> 0
C106: Monthly installments | H106: =SUM(I106:FH106) -> 74768.4 | I106: =IF(I$6<$D$35,SUM($I104:I104),0) -> 0 | J106: =IF(J$6<$D$35,SUM($I104:J104),0) -> 0 | K106: =IF(K$6<$D$35,SUM($I104:K104),0) -> 0 | L106: =IF(L$6<$D$35,SUM($I104:L104),0) -> 0 | M106: =IF(M$6<$D$35,SUM($I104:M104),0) -> 0 | N106: =IF(N$6<$D$35,SUM($I104:N104),0) -> 0 | O106: =IF(O$6<$D$35,SUM($I104:O104),0) -> 0 | P106: =IF(P$6<$D$35,SUM($I104:P104),0) -> 0 | ... FH106: =IF(FH$6<$D$35,SUM($I104:FH104),0) -> 0
C107: Keys | H107: =SUM(I107:FH107) -> 24922.8 | I107: =IF(I$6=$D$35,SUMIF($I$6:$FH$6,"<"&$D$35,$I$103:$FH$103)*$D$51,0) -> 0 | J107: =IF(J$6=$D$35,SUMIF($I$6:$FH$6,"<"&$D$35,$I$103:$FH$103)*$D$51,0) -> 0 | K107: =IF(K$6=$D$35,SUMIF($I$6:$FH$6,"<"&$D$35,$I$103:$FH$103)*$D$51,0) -> 0 | L107: =IF(L$6=$D$35,SUMIF($I$6:$FH$6,"<"&$D$35,$I$103:$FH$103)*$D$51,0) -> 0 | M107: =IF(M$6=$D$35,SUMIF($I$6:$FH$6,"<"&$D$35,$I$103:$FH$103)*$D$51,0) -> 0 | N107: =IF(N$6=$D$35,SUMIF($I$6:$FH$6,"<"&$D$35,$I$103:$FH$103)*$D$51,0) -> 0 | O107: =IF(O$6=$D$35,SUMIF($I$6:$FH$6,"<"&$D$35,$I$103:$FH$103)*$D$51,0) -> 0 | P107: =IF(P$6=$D$35,SUMIF($I$6:$FH$6,"<"&$D$35,$I$103:$FH$103)*$D$51,0) -> 0 | ... FH107: =IF(FH$6=$D$35,SUMIF($I$6:$FH$6,"<"&$D$35,$I$103:$FH$103)*$D$51,0) -> 0
C108: Bank transfer / buyer's mortgage | H108: =SUM(I108:FH108) -> 138460 | I108: =IF(I$6=$D$46,SUMIF($I$6:$FH$6,"<"&$D$46,$I$103:$FH$103)*$D$52,0) -> 0 | J108: =IF(J$6=$D$46,SUMIF($I$6:$FH$6,"<"&$D$46,$I$103:$FH$103)*$D$52,0) -> 0 | K108: =IF(K$6=$D$46,SUMIF($I$6:$FH$6,"<"&$D$46,$I$103:$FH$103)*$D$52,0) -> 0 | L108: =IF(L$6=$D$46,SUMIF($I$6:$FH$6,"<"&$D$46,$I$103:$FH$103)*$D$52,0) -> 0 | M108: =IF(M$6=$D$46,SUMIF($I$6:$FH$6,"<"&$D$46,$I$103:$FH$103)*$D$52,0) -> 0 | N108: =IF(N$6=$D$46,SUMIF($I$6:$FH$6,"<"&$D$46,$I$103:$FH$103)*$D$52,0) -> 0 | O108: =IF(O$6=$D$46,SUMIF($I$6:$FH$6,"<"&$D$46,$I$103:$FH$103)*$D$52,0) -> 0 | P108: =IF(P$6=$D$46,SUMIF($I$6:$FH$6,"<"&$D$46,$I$103:$FH$103)*$D$52,0) -> 0 | ... FH108: =IF(FH$6=$D$46,SUMIF($I$6:$FH$6,"<"&$D$46,$I$103:$FH$103)*$D$52,0) -> 0
C109: RECEIPTS | H109: =SUM(I109:FH109) -> 276920 | I109: =SUM(I105:I108) -> 0 | J109: =SUM(J105:J108) -> 0 | K109: =SUM(K105:K108) -> 0 | L109: =SUM(L105:L108) -> 0 | M109: =SUM(M105:M108) -> 0 | N109: =SUM(N105:N108) -> 0 | O109: =SUM(O105:O108) -> 0 | P109: =SUM(P105:P108) -> 0 | ... FH109: =SUM(FH105:FH108) -> 0
C110: (-) Brokerage | H110: =SUM(I110:FH110) -> -13846 | I110: =-I103*$D$61 -> 0 | J110: =-J103*$D$61 -> 0 | K110: =-K103*$D$61 -> 0 | L110: =-L103*$D$61 -> 0 | M110: =-M103*$D$61 -> 0 | N110: =-N103*$D$61 -> 0 | O110: =-O103*$D$61 -> 0 | P110: =-P103*$D$61 -> 0 | ... FH110: =-FH103*$D$61 -> 0
C111: (-) RET | H111: =SUM(I111:FH111) -> -10522.96 | I111: =-(I109+I110)*$D$62 -> 0 | J111: =-(J109+J110)*$D$62 -> 0 | K111: =-(K109+K110)*$D$62 -> 0 | L111: =-(L109+L110)*$D$62 -> 0 | M111: =-(M109+M110)*$D$62 -> 0 | N111: =-(N109+N110)*$D$62 -> 0 | O111: =-(O109+O110)*$D$62 -> 0 | P111: =-(P109+P110)*$D$62 -> 0 | ... FH111: =-(FH109+FH110)*$D$62 -> 0
C112: (-) Star Ópera development fee | H112: =SUM(I112:FH112) -> -11076.8 | I112: =-I109*$D$63 -> 0 | J112: =-J109*$D$63 -> 0 | K112: =-K109*$D$63 -> 0 | L112: =-L109*$D$63 -> 0 | M112: =-M109*$D$63 -> 0 | N112: =-N109*$D$63 -> 0 | O112: =-O109*$D$63 -> 0 | P112: =-P109*$D$63 -> 0 | ... FH112: =-FH109*$D$63 -> 0
C113: NET REVENUE | H113: =SUM(I113:FH113) -> 241474.24 | I113: =SUM(I109:I112) -> 0 | J113: =SUM(J109:J112) -> 0 | K113: =SUM(K109:K112) -> 0 | L113: =SUM(L109:L112) -> 0 | M113: =SUM(M109:M112) -> 0 | N113: =SUM(N109:N112) -> 0 | O113: =SUM(O109:O112) -> 0 | P113: =SUM(P109:P112) -> 0 | ... FH113: =SUM(FH109:FH112) -> 0
C114: Aux.: construction month | I114: =((YEAR(I$6)-YEAR($D$34))*12+MONTH(I$6)-MONTH($D$34)+1) -> -17 | J114: =((YEAR(J$6)-YEAR($D$34))*12+MONTH(J$6)-MONTH($D$34)+1) -> -16 | K114: =((YEAR(K$6)-YEAR($D$34))*12+MONTH(K$6)-MONTH($D$34)+1) -> -15 | L114: =((YEAR(L$6)-YEAR($D$34))*12+MONTH(L$6)-MONTH($D$34)+1) -> -14 | M114: =((YEAR(M$6)-YEAR($D$34))*12+MONTH(M$6)-MONTH($D$34)+1) -> -13 | N114: =((YEAR(N$6)-YEAR($D$34))*12+MONTH(N$6)-MONTH($D$34)+1) -> -12 | O114: =((YEAR(O$6)-YEAR($D$34))*12+MONTH(O$6)-MONTH($D$34)+1) -> -11 | P114: =((YEAR(P$6)-YEAR($D$34))*12+MONTH(P$6)-MONTH($D$34)+1) -> -10 | ... FH114: =((YEAR(FH$6)-YEAR($D$34))*12+MONTH(FH$6)-MONTH($D$34)+1) -> 138
